Workbook
Name arrow1: IF(Pipeline!$D$9="",Calc!$BM$8,Calc!$BL$8)
Name arrow10: IF(Pipeline!$V$9="",Calc!$BM$8,Calc!$BL$8)
Name arrow11: IF(Pipeline!$X$9="",Calc!$BM$8,Calc!$BL$8)
Name arrow12: IF(Pipeline!$Z$9="",Calc!$BM$8,Calc!$BL$8)
Name arrow13: IF(Pipeline!$AB$9="",Calc!$BM$8,Calc!$BL$8)
Name arrow14: IF(Pipeline!$AD$9="",Calc!$BM$8,Calc!$BL$8)
Name arrow15: IF(Pipeline!$AF$9="",Calc!$BM$8,Calc!$BL$8)
Name arrow2: IF(Pipeline!$F$9="",Calc!$BM$8,Calc!$BL$8)
Name arrow3: IF(Pipeline!$H$9="",Calc!$BM$8,Calc!$BL$8)
Name arrow4: IF(Pipeline!$J$9="",Calc!$BM$8,Calc!$BL$8)
Name arrow5: IF(Pipeline!$L$9="",Calc!$BM$8,Calc!$BL$8)
Name arrow6: IF(Pipeline!$N$9="",Calc!$BM$8,Calc!$BL$8)
Name arrow7: IF(Pipeline!$P$9="",Calc!$BM$8,Calc!$BL$8)
Name arrow8: IF(Pipeline!$R$9="",Calc!$BM$8,Calc!$BL$8)
Name arrow9: IF(Pipeline!$T$9="",Calc!$BM$8,Calc!$BL$8)
Name connector: Calc!$AX$24
Name countItems: Calc!$AT$3
Name currency: Settings!$D$15
Name FunnelA: OFFSET(Calc!$AX$6,1,0,Calc!$AX$5,1)
Name FunnelB: OFFSET(Calc!$AX$6,1,2,Calc!$AX$5,1)
Name FunnelY: OFFSET(Calc!$AX$6,1,-1,Calc!$AX$5,1)
Name Salesman: OFFSET(Calc!$BB$24,0,0,Calc!$BB$22,1)
Name status1: OFFSET(Calc!$BB$24,0,1,Calc!$BB$22,1)
Name status2: OFFSET(Calc!$BB$24,0,2,Calc!$BB$22,1)
Name status3: OFFSET(Calc!$BB$24,0,3,Calc!$BB$22,1)
Name status4: OFFSET(Calc!$BB$24,0,4,Calc!$BB$22,1)
Name status5: OFFSET(Calc!$BB$24,0,5,Calc!$BB$22,1)

Sheet Dashboard
B2: SALES PIPELINE TEMPLATE
B3: DASHBOARD
C6: SALES PERSON | F6: =Settings!I13 & " FROM" -> OPEN DATE FROM | I6: VALUE MIN
C7: STATUS | F7: =Settings!I13 & " TILL" -> OPEN DATE TILL | I7: VALUE MAX

Sheet Input
B2: SALES PIPELINE TEMPLATE
B3: SALES INPUT
B5: SALE TITLE | C5: CONTACT NAME | D5: COMPANY | E5: CONTACT INFORMATION | F5: SALES REPRESENTATIVE | G5: CURRENT STAGE | H5: STATUS | I5: OPEN DATE | J5: CLOSE DATE | K5: DEAL VALUE | L5: PROBABILITY OF WINNING % | M5: NOTES | N5: AVG. EARNING FORECAST | O5: ACTUAL INCOME
B6: SALE TITLE1 | C6: Jemima Begum | D6: Monahan Ltd | E6: jemima@mail.com | F6: Sales Kate | G6: Lead | I6: 44197 | J6: 44201 | K6: 820 | L6: 0.8 | M6: notes1 | N6: =IF(OR(B6="",K6="",L6=""),"",TEXT(K6*L6,"#.#0,00") & " " &currency) -> 656,00 $ | O6: =IF(H6=Settings!$D$6,TEXT(K6,"#.#0,00") & " " &currency,"")
B7: SALE TITLE2 | C7: Mercedes Banks | D7: Farrell and Sons | E7: mercedes@mail.com | F7: Sales John | G7: Initial Contact | I7: 44200 | J7: 44210 | K7: 696 | L7: 0.6 | M7: notes2 | N7: =IF(OR(B7="",K7="",L7=""),"",TEXT(K7*L7,"#.#0,00") & " " &currency) -> 417,60 $ | O7: =IF(H7=Settings!$D$6,TEXT(K7,"#.#0,00") & " " &currency,"")
B8: SALE TITLE3 | C8: Macauley Peck | D8: Nikolaus Ltd | E8: macauley@mail.com | F8: Sales Mia | G8: Qualified Lead | H8: Won | I8: 44203 | J8: 44219 | K8: 1272 | L8: 0.7 | M8: notes3 | N8: =IF(OR(B8="",K8="",L8=""),"",TEXT(K8*L8,"#.#0,00") & " " &currency) -> 890,40 $ | O8: =IF(H8=Settings!$D$6,TEXT(K8,"#.#0,00") & " " &currency,"") -> 1.272,00 $
B9: SALE TITLE4 | C9: Hannah Shaw | D9: Walker-Johnson | E9: hannah@mail.com | F9: Sales Carl | G9: Opportunity | H9: Won | I9: 44206 | J9: 44228 | K9: 1468 | L9: 0.8 | M9: notes4 | N9: =IF(OR(B9="",K9="",L9=""),"",TEXT(K9*L9,"#.#0,00") & " " &currency) -> 1.174,40 $ | O9: =IF(H9=Settings!$D$6,TEXT(K9,"#.#0,00") & " " &currency,"") -> 1.468,00 $
B10: SALE TITLE5 | C10: Carmel Beltran | D10: Dach Ltd | E10: carmel@mail.com | F10: Sales Paul | G10: Solution | H10: Lost | I10: 44209 | J10: 44237 | K10: 823 | L10: 0.8 | M10: notes5 | N10: =IF(OR(B10="",K10="",L10=""),"",TEXT(K10*L10,"#.#0,00") & " " &currency) -> 658,40 $ | O10: =IF(H10=Settings!$D$6,TEXT(K10,"#.#0,00") & " " &currency,"")
B11: SALE TITLE6 | C11: Sarah-Jayne Morrison | D11: Hahn-Wuckert | E11: sarah-jayne@mail.com | F11: Sales Arnie | G11: Proposal Discussed | H11: Won | I11: 44212 | J11: 44246 | K11: 574 | L11: 0.8 | M11: notes6 | N11: =IF(OR(B11="",K11="",L11=""),"",TEXT(K11*L11,"#.#0,00") & " " &currency) -> 459,20 $ | O11: =IF(H11=Settings!$D$6,TEXT(K11,"#.#0,00") & " " &currency,"") -> 574,00 $
B12: SALE TITLE7 | C12: Alyce Milner | D12: Mitchell PLC | E12: alyce@mail.com | F12: Sales Ann | G12: Written Proposal | H12: Won | I12: 44215 | J12: 44255 | K12: 468 | L12: 0.8 | M12: notes7 | N12: =IF(OR(B12="",K12="",L12=""),"",TEXT(K12*L12,"#.#0,00") & " " &currency) -> 374,40 $ | O12: =IF(H12=Settings!$D$6,TEXT(K12,"#.#0,00") & " " &currency,"") -> 468,00 $
N13: =IF(OR(B13="",K13="",L13=""),"",TEXT(K13*L13,"#.#0,00") & " " &currency) | O13: =IF(H13=Settings!$D$6,TEXT(K13,"#.#0,00") & " " &currency,"")
N14: =IF(OR(B14="",K14="",L14=""),"",TEXT(K14*L14,"#.#0,00") & " " &currency) | O14: =IF(H14=Settings!$D$6,TEXT(K14,"#.#0,00") & " " &currency,"")
N15: =IF(OR(B15="",K15="",L15=""),"",TEXT(K15*L15,"#.#0,00") & " " &currency) | O15: =IF(H15=Settings!$D$6,TEXT(K15,"#.#0,00") & " " &currency,"")

Sheet Pipeline
D2: SALES PIPELINE TEMPLATE
D3: PIPELINE
D5: SALES PERSON | H5: =Settings!I13 & " FROM" -> OPEN DATE FROM | L5: VALUE MIN
D6: STATUS | H6: =Settings!I13 & " TILL" -> OPEN DATE TILL | L6: VALUE MAX
D9: Lead | F9: Initial Contact | H9: Qualified Lead | J9: Opportunity | L9: Solution | N9: Proposal Discussed | P9: Written Proposal
D10: {=IFERROR(IF(D$9="","",INDEX(INDEX(Calc!$D$6:$X$1005,,MATCH(INDEX(Calc!$AT$7:$AT$20,COUNTIF(Calc!$BO$6:$BO6,Calc!$BO6),1),Calc!$D$4:$W$4,0)),MATCH(Calc!$BO6&D$9,Calc!$C$6:$C$1005&Calc!$I$6:$I$1005,0),1)),"")} -> SALE TITLE1 | F10: {=IFERROR(IF(F$9="","",INDEX(INDEX(Calc!$D$6:$X$1005,,MATCH(INDEX(Calc!$AT$7:$AT$20,COUNTIF(Calc!$BO$6:$BO6,Calc!$BO6),1),Calc!$D$4:$W$4,0)),MATCH(Calc!$BO6&F$9,Calc!$C$6:$C$1005&Calc!$I$6:$I$1005,0),1)),"")} -> SALE TITLE2 | H10: {=IFERROR(IF(H$9="","",INDEX(INDEX(Calc!$D$6:$X$1005,,MATCH(INDEX(Calc!$AT$7:$AT$20,COUNTIF(Calc!$BO$6:$BO6,Calc!$BO6),1),Calc!$D$4:$W$4,0)),MATCH(Calc!$BO6&H$9,Calc!$C$6:$C$1005&Calc!$I$6:$I$1005,0),1)),"")} -> SALE TITLE3 | J10: {=IFERROR(IF(J$9="","",INDEX(INDEX(Calc!$D$6:$X$1005,,MATCH(INDEX(Calc!$AT$7:$AT$20,COUNTIF(Calc!$BO$6:$BO6,Calc!$BO6),1),Calc!$D$4:$W$4,0)),MATCH(Calc!$BO6&J$9,Calc!$C$6:$C$1005&Calc!$I$6:$I$1005,0),1)),"")} -> SALE TITLE4 | L10: {=IFERROR(IF(L$9="","",INDEX(INDEX(Calc!$D$6:$X$1005,,MATCH(INDEX(Calc!$AT$7:$AT$20,COUNTIF(Calc!$BO$6:$BO6,Calc!$BO6),1),Calc!$D$4:$W$4,0)),MATCH(Calc!$BO6&L$9,Calc!$C$6:$C$1005&Calc!$I$6:$I$1005,0),1)),"")} -> SALE TITLE5 | N10: {=IFERROR(IF(N$9="","",INDEX(INDEX(Calc!$D$6:$X$1005,,MATCH(INDEX(Calc!$AT$7:$AT$20,COUNTIF(Calc!$BO$6:$BO6,Calc!$BO6),1),Calc!$D$4:$W$4,0)),MATCH(Calc!$BO6&N$9,Calc!$C$6:$C$1005&Calc!$I$6:$I$1005,0),1)),"")} -> SALE TITLE6 | P10: {=IFERROR(IF(P$9="","",INDEX(INDEX(Calc!$D$6:$X$1005,,MATCH(INDEX(Calc!$AT$7:$AT$20,COUNTIF(Calc!$BO$6:$BO6,Calc!$BO6),1),Calc!$D$4:$W$4,0)),MATCH(Calc!$BO6&P$9,Calc!$C$6:$C$1005&Calc!$I$6:$I$1005,0),1)),"")} -> SALE TITLE7 | R10: {=IFERROR(IF(R$9="","",INDEX(INDEX(Calc!$D$6:$X$1005,,MATCH(INDEX(Calc!$AT$7:$AT$20,COUNTIF(Calc!$BO$6:$BO6,Calc!$BO6),1),Calc!$D$4:$W$4,0)),MATCH(Calc!$BO6&R$9,Calc!$C$6:$C$1005&Calc!$I$6:$I$1005,0),1)),"")} | T10: {=IFERROR(IF(T$9="","",INDEX(INDEX(Calc!$D$6:$X$1005,,MATCH(INDEX(Calc!$AT$7:$AT$20,COUNTIF(Calc!$BO$6:$BO6,Calc!$BO6),1),Calc!$D$4:$W$4,0)),MATCH(Calc!$BO6&T$9,Calc!$C$6:$C$1005&Calc!$I$6:$I$1005,0),1)),"")} | V10: {=IFERROR(IF(V$9="","",INDEX(INDEX(Calc!$D$6:$X$1005,,MATCH(INDEX(Calc!$AT$7:$AT$20,COUNTIF(Calc!$BO$6:$BO6,Calc!$BO6),1),Calc!$D$4:$W$4,0)),MATCH(Calc!$BO6&V$9,Calc!$C$6:$C$1005&Calc!$I$6:$I$1005,0),1)),"")} | X10: {=IFERROR(IF(X$9="","",INDEX(INDEX(Calc!$D$6:$X$1005,,MATCH(INDEX(Calc!$AT$7:$AT$20,COUNTIF(Calc!$BO$6:$BO6,Calc!$BO6),1),Calc!$D$4:$W$4,0)),MATCH(Calc!$BO6&X$9,Calc!$C$6:$C$1005&Calc!$I$6:$I$1005,0),1)),"")} | Z10: {=IFERROR(IF(Z$9="","",INDEX(INDEX(Calc!$D$6:$X$1005,,MATCH(INDEX(Calc!$AT$7:$AT$20,COUNTIF(Calc!$BO$6:$BO6,Calc!$BO6),1),Calc!$D$4:$W$4,0)),MATCH(Calc!$BO6&Z$9,Calc!$C$6:$C$1005&Calc!$I$6:$I$1005,0),1)),"")} | AB10: {=IFERROR(IF(AB$9="","",INDEX(INDEX(Calc!$D$6:$X$1005,,MATCH(INDEX(Calc!$AT$7:$AT$20,COUNTIF(Calc!$BO$6:$BO6,Calc!$BO6),1),Calc!$D$4:$W$4,0)),MATCH(Calc!$BO6&AB$9,Calc!$C$6:$C$1005&Calc!$I$6:$I$1005,0),1)),"")} | AD10: {=IFERROR(IF(AD$9="","",INDEX(INDEX(Calc!$D$6:$X$1005,,MATCH(INDEX(Calc!$AT$7:$AT$20,COUNTIF(Calc!$BO$6:$BO6,Calc!$BO6),1),Calc!$D$4:$W$4,0)),MATCH(Calc!$BO6&AD$9,Calc!$C$6:$C$1005&Calc!$I$6:$I$1005,0),1)),"")} | AF10: {=IFERROR(IF(AF$9="","",INDEX(INDEX(Calc!$D$6:$X$1005,,MATCH(INDEX(Calc!$AT$7:$AT$20,COUNTIF(Calc!$BO$6:$BO6,Calc!$BO6),1),Calc!$D$4:$W$4,0)),MATCH(Calc!$BO6&AF$9,Calc!$C$6:$C$1005&Calc!$I$6:$I$1005,0),1)),"")}
D11: {=IFERROR(IF(D$9="","",INDEX(INDEX(Calc!$D$6:$X$1005,,MATCH(INDEX(Calc!$AT$7:$AT$20,COUNTIF(Calc!$BO$6:$BO7,Calc!$BO7),1),Calc!$D$4:$W$4,0)),MATCH(Calc!$BO7&D$9,Calc!$C$6:$C$1005&Calc!$I$6:$I$1005,0),1)),"")} -> Jemima Begum | F11: {=IFERROR(IF(F$9="","",INDEX(INDEX(Calc!$D$6:$X$1005,,MATCH(INDEX(Calc!$AT$7:$AT$20,COUNTIF(Calc!$BO$6:$BO7,Calc!$BO7),1),Calc!$D$4:$W$4,0)),MATCH(Calc!$BO7&F$9,Calc!$C$6:$C$1005&Calc!$I$6:$I$1005,0),1)),"")} -> Mercedes Banks | H11: {=IFERROR(IF(H$9="","",INDEX(INDEX(Calc!$D$6:$X$1005,,MATCH(INDEX(Calc!$AT$7:$AT$20,COUNTIF(Calc!$BO$6:$BO7,Calc!$BO7),1),Calc!$D$4:$W$4,0)),MATCH(Calc!$BO7&H$9,Calc!$C$6:$C$1005&Calc!$I$6:$I$1005,0),1)),"")} -> Macauley Peck | J11: {=IFERROR(IF(J$9="","",INDEX(INDEX(Calc!$D$6:$X$1005,,MATCH(INDEX(Calc!$AT$7:$AT$20,COUNTIF(Calc!$BO$6:$BO7,Calc!$BO7),1),Calc!$D$4:$W$4,0)),MATCH(Calc!$BO7&J$9,Calc!$C$6:$C$1005&Calc!$I$6:$I$1005,0),1)),"")} -> Hannah Shaw | L11: {=IFERROR(IF(L$9="","",INDEX(INDEX(Calc!$D$6:$X$1005,,MATCH(INDEX(Calc!$AT$7:$AT$20,COUNTIF(Calc!$BO$6:$BO7,Calc!$BO7),1),Calc!$D$4:$W$4,0)),MATCH(Calc!$BO7&L$9,Calc!$C$6:$C$1005&Calc!$I$6:$I$1005,0),1)),"")} -> Carmel Beltran | N11: {=IFERROR(IF(N$9="","",INDEX(INDEX(Calc!$D$6:$X$1005,,MATCH(INDEX(Calc!$AT$7:$AT$20,COUNTIF(Calc!$BO$6:$BO7,Calc!$BO7),1),Calc!$D$4:$W$4,0)),MATCH(Calc!$BO7&N$9,Calc!$C$6:$C$1005&Calc!$I$6:$I$1005,0),1)),"")} -> Sarah-Jayne Morrison | P11: {=IFERROR(IF(P$9="","",INDEX(INDEX(Calc!$D$6:$X$1005,,MATCH(INDEX(Calc!$AT$7:$AT$20,COUNTIF(Calc!$BO$6:$BO7,Calc!$BO7),1),Calc!$D$4:$W$4,0)),MATCH(Calc!$BO7&P$9,Calc!$C$6:$C$1005&Calc!$I$6:$I$1005,0),1)),"")} -> Alyce Milner | R11: {=IFERROR(IF(R$9="","",INDEX(INDEX(Calc!$D$6:$X$1005,,MATCH(INDEX(Calc!$AT$7:$AT$20,COUNTIF(Calc!$BO$6:$BO7,Calc!$BO7),1),Calc!$D$4:$W$4,0)),MATCH(Calc!$BO7&R$9,Calc!$C$6:$C$1005&Calc!$I$6:$I$1005,0),1)),"")} | T11: {=IFERROR(IF(T$9="","",INDEX(INDEX(Calc!$D$6:$X$1005,,MATCH(INDEX(Calc!$AT$7:$AT$20,COUNTIF(Calc!$BO$6:$BO7,Calc!$BO7),1),Calc!$D$4:$W$4,0)),MATCH(Calc!$BO7&T$9,Calc!$C$6:$C$1005&Calc!$I$6:$I$1005,0),1)),"")} | V11: {=IFERROR(IF(V$9="","",INDEX(INDEX(Calc!$D$6:$X$1005,,MATCH(INDEX(Calc!$AT$7:$AT$20,COUNTIF(Calc!$BO$6:$BO7,Calc!$BO7),1),Calc!$D$4:$W$4,0)),MATCH(Calc!$BO7&V$9,Calc!$C$6:$C$1005&Calc!$I$6:$I$1005,0),1)),"")} | X11: {=IFERROR(IF(X$9="","",INDEX(INDEX(Calc!$D$6:$X$1005,,MATCH(INDEX(Calc!$AT$7:$AT$20,COUNTIF(Calc!$BO$6:$BO7,Calc!$BO7),1),Calc!$D$4:$W$4,0)),MATCH(Calc!$BO7&X$9,Calc!$C$6:$C$1005&Calc!$I$6:$I$1005,0),1)),"")} | Z11: {=IFERROR(IF(Z$9="","",INDEX(INDEX(Calc!$D$6:$X$1005,,MATCH(INDEX(Calc!$AT$7:$AT$20,COUNTIF(Calc!$BO$6:$BO7,Calc!$BO7),1),Calc!$D$4:$W$4,0)),MATCH(Calc!$BO7&Z$9,Calc!$C$6:$C$1005&Calc!$I$6:$I$1005,0),1)),"")} | AB11: {=IFERROR(IF(AB$9="","",INDEX(INDEX(Calc!$D$6:$X$1005,,MATCH(INDEX(Calc!$AT$7:$AT$20,COUNTIF(Calc!$BO$6:$BO7,Calc!$BO7),1),Calc!$D$4:$W$4,0)),MATCH(Calc!$BO7&AB$9,Calc!$C$6:$C$1005&Calc!$I$6:$I$1005,0),1)),"")} | AD11: {=IFERROR(IF(AD$9="","",INDEX(INDEX(Calc!$D$6:$X$1005,,MATCH(INDEX(Calc!$AT$7:$AT$20,COUNTIF(Calc!$BO$6:$BO7,Calc!$BO7),1),Calc!$D$4:$W$4,0)),MATCH(Calc!$BO7&AD$9,Calc!$C$6:$C$1005&Calc!$I$6:$I$1005,0),1)),"")} | AF11: {=IFERROR(IF(AF$9="","",INDEX(INDEX(Calc!$D$6:$X$1005,,MATCH(INDEX(Calc!$AT$7:$AT$20,COUNTIF(Calc!$BO$6:$BO7,Calc!$BO7),1),Calc!$D$4:$W$4,0)),MATCH(Calc!$BO7&AF$9,Calc!$C$6:$C$1005&Calc!$I$6:$I$1005,0),1)),"")}
D12: {=IFERROR(IF(D$9="","",INDEX(INDEX(Calc!$D$6:$X$1005,,MATCH(INDEX(Calc!$AT$7:$AT$20,COUNTIF(Calc!$BO$6:$BO8,Calc!$BO8),1),Calc!$D$4:$W$4,0)),MATCH(Calc!$BO8&D$9,Calc!$C$6:$C$1005&Calc!$I$6:$I$1005,0),1)),"")} -> 5 Jan 2021 | F12: {=IFERROR(IF(F$9="","",INDEX(INDEX(Calc!$D$6:$X$1005,,MATCH(INDEX(Calc!$AT$7:$AT$20,COUNTIF(Calc!$BO$6:$BO8,Calc!$BO8),1),Calc!$D$4:$W$4,0)),MATCH(Calc!$BO8&F$9,Calc!$C$6:$C$1005&Calc!$I$6:$I$1005,0),1)),"")} -> 14 Jan 2021 | H12: {=IFERROR(IF(H$9="","",INDEX(INDEX(Calc!$D$6:$X$1005,,MATCH(INDEX(Calc!$AT$7:$AT$20,COUNTIF(Calc!$BO$6:$BO8,Calc!$BO8),1),Calc!$D$4:$W$4,0)),MATCH(Calc!$BO8&H$9,Calc!$C$6:$C$1005&Calc!$I$6:$I$1005,0),1)),"")} -> 23 Jan 2021 | J12: {=IFERROR(IF(J$9="","",INDEX(INDEX(Calc!$D$6:$X$1005,,MATCH(INDEX(Calc!$AT$7:$AT$20,COUNTIF(Calc!$BO$6:$BO8,Calc!$BO8),1),Calc!$D$4:$W$4,0)),MATCH(Calc!$BO8&J$9,Calc!$C$6:$C$1005&Calc!$I$6:$I$1005,0),1)),"")} -> 1 Feb 2021 | L12: {=IFERROR(IF(L$9="","",INDEX(INDEX(Calc!$D$6:$X$1005,,MATCH(INDEX(Calc!$AT$7:$AT$20,COUNTIF(Calc!$BO$6:$BO8,Calc!$BO8),1),Calc!$D$4:$W$4,0)),MATCH(Calc!$BO8&L$9,Calc!$C$6:$C$1005&Calc!$I$6:$I$1005,0),1)),"")} -> 10 Feb 2021 | N12: {=IFERROR(IF(N$9="","",INDEX(INDEX(Calc!$D$6:$X$1005,,MATCH(INDEX(Calc!$AT$7:$AT$20,COUNTIF(Calc!$BO$6:$BO8,Calc!$BO8),1),Calc!$D$4:$W$4,0)),MATCH(Calc!$BO8&N$9,Calc!$C$6:$C$1005&Calc!$I$6:$I$1005,0),1)),"")} -> 19 Feb 2021 | P12: {=IFERROR(IF(P$9="","",INDEX(INDEX(Calc!$D$6:$X$1005,,MATCH(INDEX(Calc!$AT$7:$AT$20,COUNTIF(Calc!$BO$6:$BO8,Calc!$BO8),1),Calc!$D$4:$W$4,0)),MATCH(Calc!$BO8&P$9,Calc!$C$6:$C$1005&Calc!$I$6:$I$1005,0),1)),"")} -> 28 Feb 2021 | R12: {=IFERROR(IF(R$9="","",INDEX(INDEX(Calc!$D$6:$X$1005,,MATCH(INDEX(Calc!$AT$7:$AT$20,COUNTIF(Calc!$BO$6:$BO8,Calc!$BO8),1),Calc!$D$4:$W$4,0)),MATCH(Calc!$BO8&R$9,Calc!$C$6:$C$1005&Calc!$I$6:$I$1005,0),1)),"")} | T12: {=IFERROR(IF(T$9="","",INDEX(INDEX(Calc!$D$6:$X$1005,,MATCH(INDEX(Calc!$AT$7:$AT$20,COUNTIF(Calc!$BO$6:$BO8,Calc!$BO8),1),Calc!$D$4:$W$4,0)),MATCH(Calc!$BO8&T$9,Calc!$C$6:$C$1005&Calc!$I$6:$I$1005,0),1)),"")} | V12: {=IFERROR(IF(V$9="","",INDEX(INDEX(Calc!$D$6:$X$1005,,MATCH(INDEX(Calc!$AT$7:$AT$20,COUNTIF(Calc!$BO$6:$BO8,Calc!$BO8),1),Calc!$D$4:$W$4,0)),MATCH(Calc!$BO8&V$9,Calc!$C$6:$C$1005&Calc!$I$6:$I$1005,0),1)),"")} | X12: {=IFERROR(IF(X$9="","",INDEX(INDEX(Calc!$D$6:$X$1005,,MATCH(INDEX(Calc!$AT$7:$AT$20,COUNTIF(Calc!$BO$6:$BO8,Calc!$BO8),1),Calc!$D$4:$W$4,0)),MATCH(Calc!$BO8&X$9,Calc!$C$6:$C$1005&Calc!$I$6:$I$1005,0),1)),"")} | Z12: {=IFERROR(IF(Z$9="","",INDEX(INDEX(Calc!$D$6:$X$1005,,MATCH(INDEX(Calc!$AT$7:$AT$20,COUNTIF(Calc!$BO$6:$BO8,Calc!$BO8),1),Calc!$D$4:$W$4,0)),MATCH(Calc!$BO8&Z$9,Calc!$C$6:$C$1005&Calc!$I$6:$I$1005,0),1)),"")} | AB12: {=IFERROR(IF(AB$9="","",INDEX(INDEX(Calc!$D$6:$X$1005,,MATCH(INDEX(Calc!$AT$7:$AT$20,COUNTIF(Calc!$BO$6:$BO8,Calc!$BO8),1),Calc!$D$4:$W$4,0)),MATCH(Calc!$BO8&AB$9,Calc!$C$6:$C$1005&Calc!$I$6:$I$1005,0),1)),"")} | AD12: {=IFERROR(IF(AD$9="","",INDEX(INDEX(Calc!$D$6:$X$1005,,MATCH(INDEX(Calc!$AT$7:$AT$20,COUNTIF(Calc!$BO$6:$BO8,Calc!$BO8),1),Calc!$D$4:$W$4,0)),MATCH(Calc!$BO8&AD$9,Calc!$C$6:$C$1005&Calc!$I$6:$I$1005,0),1)),"")} | AF12: {=IFERROR(IF(AF$9="","",INDEX(INDEX(Calc!$D$6:$X$1005,,MATCH(INDEX(Calc!$AT$7:$AT$20,COUNTIF(Calc!$BO$6:$BO8,Calc!$BO8),1),Calc!$D$4:$W$4,0)),MATCH(Calc!$BO8&AF$9,Calc!$C$6:$C$1005&Calc!$I$6:$I$1005,0),1)),"")}
D13: {=IFERROR(IF(D$9="","",INDEX(INDEX(Calc!$D$6:$X$1005,,MATCH(INDEX(Calc!$AT$7:$AT$20,COUNTIF(Calc!$BO$6:$BO9,Calc!$BO9),1),Calc!$D$4:$W$4,0)),MATCH(Calc!$BO9&D$9,Calc!$C$6:$C$1005&Calc!$I$6:$I$1005,0),1)),"")} -> Forecast: 656 $ | F13: {=IFERROR(IF(F$9="","",INDEX(INDEX(Calc!$D$6:$X$1005,,MATCH(INDEX(Calc!$AT$7:$AT$20,COUNTIF(Calc!$BO$6:$BO9,Calc!$BO9),1),Calc!$D$4:$W$4,0)),MATCH(Calc!$BO9&F$9,Calc!$C$6:$C$1005&Calc!$I$6:$I$1005,0),1)),"")} -> Forecast: 417,6 $ | H13: {=IFERROR(IF(H$9="","",INDEX(INDEX(Calc!$D$6:$X$1005,,MATCH(INDEX(Calc!$AT$7:$AT$20,COUNTIF(Calc!$BO$6:$BO9,Calc!$BO9),1),Calc!$D$4:$W$4,0)),MATCH(Calc!$BO9&H$9,Calc!$C$6:$C$1005&Calc!$I$6:$I$1005,0),1)),"")} -> Forecast: 890,4 $ | J13: {=IFERROR(IF(J$9="","",INDEX(INDEX(Calc!$D$6:$X$1005,,MATCH(INDEX(Calc!$AT$7:$AT$20,COUNTIF(Calc!$BO$6:$BO9,Calc!$BO9),1),Calc!$D$4:$W$4,0)),MATCH(Calc!$BO9&J$9,Calc!$C$6:$C$1005&Calc!$I$6:$I$1005,0),1)),"")} -> Forecast: 1174,4 $ | L13: {=IFERROR(IF(L$9="","",INDEX(INDEX(Calc!$D$6:$X$1005,,MATCH(INDEX(Calc!$AT$7:$AT$20,COUNTIF(Calc!$BO$6:$BO9,Calc!$BO9),1),Calc!$D$4:$W$4,0)),MATCH(Calc!$BO9&L$9,Calc!$C$6:$C$1005&Calc!$I$6:$I$1005,0),1)),"")} -> Forecast: 658,4 $ | N13: {=IFERROR(IF(N$9="","",INDEX(INDEX(Calc!$D$6:$X$1005,,MATCH(INDEX(Calc!$AT$7:$AT$20,COUNTIF(Calc!$BO$6:$BO9,Calc!$BO9),1),Calc!$D$4:$W$4,0)),MATCH(Calc!$BO9&N$9,Calc!$C$6:$C$1005&Calc!$I$6:$I$1005,0),1)),"")} -> Forecast: 459,2 $ | P13: {=IFERROR(IF(P$9="","",INDEX(INDEX(Calc!$D$6:$X$1005,,MATCH(INDEX(Calc!$AT$7:$AT$20,COUNTIF(Calc!$BO$6:$BO9,Calc!$BO9),1),Calc!$D$4:$W$4,0)),MATCH(Calc!$BO9&P$9,Calc!$C$6:$C$1005&Calc!$I$6:$I$1005,0),1)),"")} -> Forecast: 374,4 $ | R13: {=IFERROR(IF(R$9="","",INDEX(INDEX(Calc!$D$6:$X$1005,,MATCH(INDEX(Calc!$AT$7:$AT$20,COUNTIF(Calc!$BO$6:$BO9,Calc!$BO9),1),Calc!$D$4:$W$4,0)),MATCH(Calc!$BO9&R$9,Calc!$C$6:$C$1005&Calc!$I$6:$I$1005,0),1)),"")} | T13: {=IFERROR(IF(T$9="","",INDEX(INDEX(Calc!$D$6:$X$1005,,MATCH(INDEX(Calc!$AT$7:$AT$20,COUNTIF(Calc!$BO$6:$BO9,Calc!$BO9),1),Calc!$D$4:$W$4,0)),MATCH(Calc!$BO9&T$9,Calc!$C$6:$C$1005&Calc!$I$6:$I$1005,0),1)),"")} | V13: {=IFERROR(IF(V$9="","",INDEX(INDEX(Calc!$D$6:$X$1005,,MATCH(INDEX(Calc!$AT$7:$AT$20,COUNTIF(Calc!$BO$6:$BO9,Calc!$BO9),1),Calc!$D$4:$W$4,0)),MATCH(Calc!$BO9&V$9,Calc!$C$6:$C$1005&Calc!$I$6:$I$1005,0),1)),"")} | X13: {=IFERROR(IF(X$9="","",INDEX(INDEX(Calc!$D$6:$X$1005,,MATCH(INDEX(Calc!$AT$7:$AT$20,COUNTIF(Calc!$BO$6:$BO9,Calc!$BO9),1),Calc!$D$4:$W$4,0)),MATCH(Calc!$BO9&X$9,Calc!$C$6:$C$1005&Calc!$I$6:$I$1005,0),1)),"")} | Z13: {=IFERROR(IF(Z$9="","",INDEX(INDEX(Calc!$D$6:$X$1005,,MATCH(INDEX(Calc!$AT$7:$AT$20,COUNTIF(Calc!$BO$6:$BO9,Calc!$BO9),1),Calc!$D$4:$W$4,0)),MATCH(Calc!$BO9&Z$9,Calc!$C$6:$C$1005&Calc!$I$6:$I$1005,0),1)),"")} | AB13: {=IFERROR(IF(AB$9="","",INDEX(INDEX(Calc!$D$6:$X$1005,,MATCH(INDEX(Calc!$AT$7:$AT$20,COUNTIF(Calc!$BO$6:$BO9,Calc!$BO9),1),Calc!$D$4:$W$4,0)),MATCH(Calc!$BO9&AB$9,Calc!$C$6:$C$1005&Calc!$I$6:$I$1005,0),1)),"")} | AD13: {=IFERROR(IF(AD$9="","",INDEX(INDEX(Calc!$D$6:$X$1005,,MATCH(INDEX(Calc!$AT$7:$AT$20,COUNTIF(Calc!$BO$6:$BO9,Calc!$BO9),1),Calc!$D$4:$W$4,0)),MATCH(Calc!$BO9&AD$9,Calc!$C$6:$C$1005&Calc!$I$6:$I$1005,0),1)),"")} | AF13: {=IFERROR(IF(AF$9="","",INDEX(INDEX(Calc!$D$6:$X$1005,,MATCH(INDEX(Calc!$AT$7:$AT$20,COUNTIF(Calc!$BO$6:$BO9,Calc!$BO9),1),Calc!$D$4:$W$4,0)),MATCH(Calc!$BO9&AF$9,Calc!$C$6:$C$1005&Calc!$I$6:$I$1005,0),1)),"")}
D14: {=IFERROR(IF(D$9="","",INDEX(INDEX(Calc!$D$6:$X$1005,,MATCH(INDEX(Calc!$AT$7:$AT$20,COUNTIF(Calc!$BO$6:$BO10,Calc!$BO10),1),Calc!$D$4:$W$4,0)),MATCH(Calc!$BO10&D$9,Calc!$C$6:$C$1005&Calc!$I$6:$I$1005,0),1)),"")} | F14: {=IFERROR(IF(F$9="","",INDEX(INDEX(Calc!$D$6:$X$1005,,MATCH(INDEX(Calc!$AT$7:$AT$20,COUNTIF(Calc!$BO$6:$BO10,Calc!$BO10),1),Calc!$D$4:$W$4,0)),MATCH(Calc!$BO10&F$9,Calc!$C$6:$C$1005&Calc!$I$6:$I$1005,0),1)),"")} | H14: {=IFERROR(IF(H$9="","",INDEX(INDEX(Calc!$D$6:$X$1005,,MATCH(INDEX(Calc!$AT$7:$AT$20,COUNTIF(Calc!$BO$6:$BO10,Calc!$BO10),1),Calc!$D$4:$W$4,0)),MATCH(Calc!$BO10&H$9,Calc!$C$6:$C$1005&Calc!$I$6:$I$1005,0),1)),"")} | J14: {=IFERROR(IF(J$9="","",INDEX(INDEX(Calc!$D$6:$X$1005,,MATCH(INDEX(Calc!$AT$7:$AT$20,COUNTIF(Calc!$BO$6:$BO10,Calc!$BO10),1),Calc!$D$4:$W$4,0)),MATCH(Calc!$BO10&J$9,Calc!$C$6:$C$1005&Calc!$I$6:$I$1005,0),1)),"")} | L14: {=IFERROR(IF(L$9="","",INDEX(INDEX(Calc!$D$6:$X$1005,,MATCH(INDEX(Calc!$AT$7:$AT$20,COUNTIF(Calc!$BO$6:$BO10,Calc!$BO10),1),Calc!$D$4:$W$4,0)),MATCH(Calc!$BO10&L$9,Calc!$C$6:$C$1005&Calc!$I$6:$I$1005,0),1)),"")} | N14: {=IFERROR(IF(N$9="","",INDEX(INDEX(Calc!$D$6:$X$1005,,MATCH(INDEX(Calc!$AT$7:$AT$20,COUNTIF(Calc!$BO$6:$BO10,Calc!$BO10),1),Calc!$D$4:$W$4,0)),MATCH(Calc!$BO10&N$9,Calc!$C$6:$C$1005&Calc!$I$6:$I$1005,0),1)),"")} | P14: {=IFERROR(IF(P$9="","",INDEX(INDEX(Calc!$D$6:$X$1005,,MATCH(INDEX(Calc!$AT$7:$AT$20,COUNTIF(Calc!$BO$6:$BO10,Calc!$BO10),1),Calc!$D$4:$W$4,0)),MATCH(Calc!$BO10&P$9,Calc!$C$6:$C$1005&Calc!$I$6:$I$1005,0),1)),"")} | R14: {=IFERROR(IF(R$9="","",INDEX(INDEX(Calc!$D$6:$X$1005,,MATCH(INDEX(Calc!$AT$7:$AT$20,COUNTIF(Calc!$BO$6:$BO10,Calc!$BO10),1),Calc!$D$4:$W$4,0)),MATCH(Calc!$BO10&R$9,Calc!$C$6:$C$1005&Calc!$I$6:$I$1005,0),1)),"")} | T14: {=IFERROR(IF(T$9="","",INDEX(INDEX(Calc!$D$6:$X$1005,,MATCH(INDEX(Calc!$AT$7:$AT$20,COUNTIF(Calc!$BO$6:$BO10,Calc!$BO10),1),Calc!$D$4:$W$4,0)),MATCH(Calc!$BO10&T$9,Calc!$C$6:$C$1005&Calc!$I$6:$I$1005,0),1)),"")} | V14: {=IFERROR(IF(V$9="","",INDEX(INDEX(Calc!$D$6:$X$1005,,MATCH(INDEX(Calc!$AT$7:$AT$20,COUNTIF(Calc!$BO$6:$BO10,Calc!$BO10),1),Calc!$D$4:$W$4,0)),MATCH(Calc!$BO10&V$9,Calc!$C$6:$C$1005&Calc!$I$6:$I$1005,0),1)),"")} | X14: {=IFERROR(IF(X$9="","",INDEX(INDEX(Calc!$D$6:$X$1005,,MATCH(INDEX(Calc!$AT$7:$AT$20,COUNTIF(Calc!$BO$6:$BO10,Calc!$BO10),1),Calc!$D$4:$W$4,0)),MATCH(Calc!$BO10&X$9,Calc!$C$6:$C$1005&Calc!$I$6:$I$1005,0),1)),"")} | Z14: {=IFERROR(IF(Z$9="","",INDEX(INDEX(Calc!$D$6:$X$1005,,MATCH(INDEX(Calc!$AT$7:$AT$20,COUNTIF(Calc!$BO$6:$BO10,Calc!$BO10),1),Calc!$D$4:$W$4,0)),MATCH(Calc!$BO10&Z$9,Calc!$C$6:$C$1005&Calc!$I$6:$I$1005,0),1)),"")} | AB14: {=IFERROR(IF(AB$9="","",INDEX(INDEX(Calc!$D$6:$X$1005,,MATCH(INDEX(Calc!$AT$7:$AT$20,COUNTIF(Calc!$BO$6:$BO10,Calc!$BO10),1),Calc!$D$4:$W$4,0)),MATCH(Calc!$BO10&AB$9,Calc!$C$6:$C$1005&Calc!$I$6:$I$1005,0),1)),"")} | AD14: {=IFERROR(IF(AD$9="","",INDEX(INDEX(Calc!$D$6:$X$1005,,MATCH(INDEX(Calc!$AT$7:$AT$20,COUNTIF(Calc!$BO$6:$BO10,Calc!$BO10),1),Calc!$D$4:$W$4,0)),MATCH(Calc!$BO10&AD$9,Calc!$C$6:$C$1005&Calc!$I$6:$I$1005,0),1)),"")} | AF14: {=IFERROR(IF(AF$9="","",INDEX(INDEX(Calc!$D$6:$X$1005,,MATCH(INDEX(Calc!$AT$7:$AT$20,COUNTIF(Calc!$BO$6:$BO10,Calc!$BO10),1),Calc!$D$4:$W$4,0)),MATCH(Calc!$BO10&AF$9,Calc!$C$6:$C$1005&Calc!$I$6:$I$1005,0),1)),"")}
D15: {=IFERROR(IF(D$9="","",INDEX(INDEX(Calc!$D$6:$X$1005,,MATCH(INDEX(Calc!$AT$7:$AT$20,COUNTIF(Calc!$BO$6:$BO11,Calc!$BO11),1),Calc!$D$4:$W$4,0)),MATCH(Calc!$BO11&D$9,Calc!$C$6:$C$1005&Calc!$I$6:$I$1005,0),1)),"")} | F15: {=IFERROR(IF(F$9="","",INDEX(INDEX(Calc!$D$6:$X$1005,,MATCH(INDEX(Calc!$AT$7:$AT$20,COUNTIF(Calc!$BO$6:$BO11,Calc!$BO11),1),Calc!$D$4:$W$4,0)),MATCH(Calc!$BO11&F$9,Calc!$C$6:$C$1005&Calc!$I$6:$I$1005,0),1)),"")} | H15: {=IFERROR(IF(H$9="","",INDEX(INDEX(Calc!$D$6:$X$1005,,MATCH(INDEX(Calc!$AT$7:$AT$20,COUNTIF(Calc!$BO$6:$BO11,Calc!$BO11),1),Calc!$D$4:$W$4,0)),MATCH(Calc!$BO11&H$9,Calc!$C$6:$C$1005&Calc!$I$6:$I$1005,0),1)),"")} | J15: {=IFERROR(IF(J$9="","",INDEX(INDEX(Calc!$D$6:$X$1005,,MATCH(INDEX(Calc!$AT$7:$AT$20,COUNTIF(Calc!$BO$6:$BO11,Calc!$BO11),1),Calc!$D$4:$W$4,0)),MATCH(Calc!$BO11&J$9,Calc!$C$6:$C$1005&Calc!$I$6:$I$1005,0),1)),"")} | L15: {=IFERROR(IF(L$9="","",INDEX(INDEX(Calc!$D$6:$X$1005,,MATCH(INDEX(Calc!$AT$7:$AT$20,COUNTIF(Calc!$BO$6:$BO11,Calc!$BO11),1),Calc!$D$4:$W$4,0)),MATCH(Calc!$BO11&L$9,Calc!$C$6:$C$1005&Calc!$I$6:$I$1005,0),1)),"")} | N15: {=IFERROR(IF(N$9="","",INDEX(INDEX(Calc!$D$6:$X$1005,,MATCH(INDEX(Calc!$AT$7:$AT$20,COUNTIF(Calc!$BO$6:$BO11,Calc!$BO11),1),Calc!$D$4:$W$4,0)),MATCH(Calc!$BO11&N$9,Calc!$C$6:$C$1005&Calc!$I$6:$I$1005,0),1)),"")} | P15: {=IFERROR(IF(P$9="","",INDEX(INDEX(Calc!$D$6:$X$1005,,MATCH(INDEX(Calc!$AT$7:$AT$20,COUNTIF(Calc!$BO$6:$BO11,Calc!$BO11),1),Calc!$D$4:$W$4,0)),MATCH(Calc!$BO11&P$9,Calc!$C$6:$C$1005&Calc!$I$6:$I$1005,0),1)),"")} | R15: {=IFERROR(IF(R$9="","",INDEX(INDEX(Calc!$D$6:$X$1005,,MATCH(INDEX(Calc!$AT$7:$AT$20,COUNTIF(Calc!$BO$6:$BO11,Calc!$BO11),1),Calc!$D$4:$W$4,0)),MATCH(Calc!$BO11&R$9,Calc!$C$6:$C$1005&Calc!$I$6:$I$1005,0),1)),"")} | T15: {=IFERROR(IF(T$9="","",INDEX(INDEX(Calc!$D$6:$X$1005,,MATCH(INDEX(Calc!$AT$7:$AT$20,COUNTIF(Calc!$BO$6:$BO11,Calc!$BO11),1),Calc!$D$4:$W$4,0)),MATCH(Calc!$BO11&T$9,Calc!$C$6:$C$1005&Calc!$I$6:$I$1005,0),1)),"")} | V15: {=IFERROR(IF(V$9="","",INDEX(INDEX(Calc!$D$6:$X$1005,,MATCH(INDEX(Calc!$AT$7:$AT$20,COUNTIF(Calc!$BO$6:$BO11,Calc!$BO11),1),Calc!$D$4:$W$4,0)),MATCH(Calc!$BO11&V$9,Calc!$C$6:$C$1005&Calc!$I$6:$I$1005,0),1)),"")} | X15: {=IFERROR(IF(X$9="","",INDEX(INDEX(Calc!$D$6:$X$1005,,MATCH(INDEX(Calc!$AT$7:$AT$20,COUNTIF(Calc!$BO$6:$BO11,Calc!$BO11),1),Calc!$D$4:$W$4,0)),MATCH(Calc!$BO11&X$9,Calc!$C$6:$C$1005&Calc!$I$6:$I$1005,0),1)),"")} | Z15: {=IFERROR(IF(Z$9="","",INDEX(INDEX(Calc!$D$6:$X$1005,,MATCH(INDEX(Calc!$AT$7:$AT$20,COUNTIF(Calc!$BO$6:$BO11,Calc!$BO11),1),Calc!$D$4:$W$4,0)),MATCH(Calc!$BO11&Z$9,Calc!$C$6:$C$1005&Calc!$I$6:$I$1005,0),1)),"")} | AB15: {=IFERROR(IF(AB$9="","",INDEX(INDEX(Calc!$D$6:$X$1005,,MATCH(INDEX(Calc!$AT$7:$AT$20,COUNTIF(Calc!$BO$6:$BO11,Calc!$BO11),1),Calc!$D$4:$W$4,0)),MATCH(Calc!$BO11&AB$9,Calc!$C$6:$C$1005&Calc!$I$6:$I$1005,0),1)),"")} | AD15: {=IFERROR(IF(AD$9="","",INDEX(INDEX(Calc!$D$6:$X$1005,,MATCH(INDEX(Calc!$AT$7:$AT$20,COUNTIF(Calc!$BO$6:$BO11,Calc!$BO11),1),Calc!$D$4:$W$4,0)),MATCH(Calc!$BO11&AD$9,Calc!$C$6:$C$1005&Calc!$I$6:$I$1005,0),1)),"")} | AF15: {=IFERROR(IF(AF$9="","",INDEX(INDEX(Calc!$D$6:$X$1005,,MATCH(INDEX(Calc!$AT$7:$AT$20,COUNTIF(Calc!$BO$6:$BO11,Calc!$BO11),1),Calc!$D$4:$W$4,0)),MATCH(Calc!$BO11&AF$9,Calc!$C$6:$C$1005&Calc!$I$6:$I$1005,0),1)),"")}
D16: {=IFERROR(IF(D$9="","",INDEX(INDEX(Calc!$D$6:$X$1005,,MATCH(INDEX(Calc!$AT$7:$AT$20,COUNTIF(Calc!$BO$6:$BO12,Calc!$BO12),1),Calc!$D$4:$W$4,0)),MATCH(Calc!$BO12&D$9,Calc!$C$6:$C$1005&Calc!$I$6:$I$1005,0),1)),"")} | F16: {=IFERROR(IF(F$9="","",INDEX(INDEX(Calc!$D$6:$X$1005,,MATCH(INDEX(Calc!$AT$7:$AT$20,COUNTIF(Calc!$BO$6:$BO12,Calc!$BO12),1),Calc!$D$4:$W$4,0)),MATCH(Calc!$BO12&F$9,Calc!$C$6:$C$1005&Calc!$I$6:$I$1005,0),1)),"")} | H16: {=IFERROR(IF(H$9="","",INDEX(INDEX(Calc!$D$6:$X$1005,,MATCH(INDEX(Calc!$AT$7:$AT$20,COUNTIF(Calc!$BO$6:$BO12,Calc!$BO12),1),Calc!$D$4:$W$4,0)),MATCH(Calc!$BO12&H$9,Calc!$C$6:$C$1005&Calc!$I$6:$I$1005,0),1)),"")} | J16: {=IFERROR(IF(J$9="","",INDEX(INDEX(Calc!$D$6:$X$1005,,MATCH(INDEX(Calc!$AT$7:$AT$20,COUNTIF(Calc!$BO$6:$BO12,Calc!$BO12),1),Calc!$D$4:$W$4,0)),MATCH(Calc!$BO12&J$9,Calc!$C$6:$C$1005&Calc!$I$6:$I$1005,0),1)),"")} | L16: {=IFERROR(IF(L$9="","",INDEX(INDEX(Calc!$D$6:$X$1005,,MATCH(INDEX(Calc!$AT$7:$AT$20,COUNTIF(Calc!$BO$6:$BO12,Calc!$BO12),1),Calc!$D$4:$W$4,0)),MATCH(Calc!$BO12&L$9,Calc!$C$6:$C$1005&Calc!$I$6:$I$1005,0),1)),"")} | N16: {=IFERROR(IF(N$9="","",INDEX(INDEX(Calc!$D$6:$X$1005,,MATCH(INDEX(Calc!$AT$7:$AT$20,COUNTIF(Calc!$BO$6:$BO12,Calc!$BO12),1),Calc!$D$4:$W$4,0)),MATCH(Calc!$BO12&N$9,Calc!$C$6:$C$1005&Calc!$I$6:$I$1005,0),1)),"")} | P16: {=IFERROR(IF(P$9="","",INDEX(INDEX(Calc!$D$6:$X$1005,,MATCH(INDEX(Calc!$AT$7:$AT$20,COUNTIF(Calc!$BO$6:$BO12,Calc!$BO12),1),Calc!$D$4:$W$4,0)),MATCH(Calc!$BO12&P$9,Calc!$C$6:$C$1005&Calc!$I$6:$I$1005,0),1)),"")} | R16: {=IFERROR(IF(R$9="","",INDEX(INDEX(Calc!$D$6:$X$1005,,MATCH(INDEX(Calc!$AT$7:$AT$20,COUNTIF(Calc!$BO$6:$BO12,Calc!$BO12),1),Calc!$D$4:$W$4,0)),MATCH(Calc!$BO12&R$9,Calc!$C$6:$C$1005&Calc!$I$6:$I$1005,0),1)),"")} | T16: {=IFERROR(IF(T$9="","",INDEX(INDEX(Calc!$D$6:$X$1005,,MATCH(INDEX(Calc!$AT$7:$AT$20,COUNTIF(Calc!$BO$6:$BO12,Calc!$BO12),1),Calc!$D$4:$W$4,0)),MATCH(Calc!$BO12&T$9,Calc!$C$6:$C$1005&Calc!$I$6:$I$1005,0),1)),"")} | V16: {=IFERROR(IF(V$9="","",INDEX(INDEX(Calc!$D$6:$X$1005,,MATCH(INDEX(Calc!$AT$7:$AT$20,COUNTIF(Calc!$BO$6:$BO12,Calc!$BO12),1),Calc!$D$4:$W$4,0)),MATCH(Calc!$BO12&V$9,Calc!$C$6:$C$1005&Calc!$I$6:$I$1005,0),1)),"")} | X16: {=IFERROR(IF(X$9="","",INDEX(INDEX(Calc!$D$6:$X$1005,,MATCH(INDEX(Calc!$AT$7:$AT$20,COUNTIF(Calc!$BO$6:$BO12,Calc!$BO12),1),Calc!$D$4:$W$4,0)),MATCH(Calc!$BO12&X$9,Calc!$C$6:$C$1005&Calc!$I$6:$I$1005,0),1)),"")} | Z16: {=IFERROR(IF(Z$9="","",INDEX(INDEX(Calc!$D$6:$X$1005,,MATCH(INDEX(Calc!$AT$7:$AT$20,COUNTIF(Calc!$BO$6:$BO12,Calc!$BO12),1),Calc!$D$4:$W$4,0)),MATCH(Calc!$BO12&Z$9,Calc!$C$6:$C$1005&Calc!$I$6:$I$1005,0),1)),"")} | AB16: {=IFERROR(IF(AB$9="","",INDEX(INDEX(Calc!$D$6:$X$1005,,MATCH(INDEX(Calc!$AT$7:$AT$20,COUNTIF(Calc!$BO$6:$BO12,Calc!$BO12),1),Calc!$D$4:$W$4,0)),MATCH(Calc!$BO12&AB$9,Calc!$C$6:$C$1005&Calc!$I$6:$I$1005,0),1)),"")} | AD16: {=IFERROR(IF(AD$9="","",INDEX(INDEX(Calc!$D$6:$X$1005,,MATCH(INDEX(Calc!$AT$7:$AT$20,COUNTIF(Calc!$BO$6:$BO12,Calc!$BO12),1),Calc!$D$4:$W$4,0)),MATCH(Calc!$BO12&AD$9,Calc!$C$6:$C$1005&Calc!$I$6:$I$1005,0),1)),"")} | AF16: {=IFERROR(IF(AF$9="","",INDEX(INDEX(Calc!$D$6:$X$1005,,MATCH(INDEX(Calc!$AT$7:$AT$20,COUNTIF(Calc!$BO$6:$BO12,Calc!$BO12),1),Calc!$D$4:$W$4,0)),MATCH(Calc!$BO12&AF$9,Calc!$C$6:$C$1005&Calc!$I$6:$I$1005,0),1)),"")}
D17: {=IFERROR(IF(D$9="","",INDEX(INDEX(Calc!$D$6:$X$1005,,MATCH(INDEX(Calc!$AT$7:$AT$20,COUNTIF(Calc!$BO$6:$BO13,Calc!$BO13),1),Calc!$D$4:$W$4,0)),MATCH(Calc!$BO13&D$9,Calc!$C$6:$C$1005&Calc!$I$6:$I$1005,0),1)),"")} | F17: {=IFERROR(IF(F$9="","",INDEX(INDEX(Calc!$D$6:$X$1005,,MATCH(INDEX(Calc!$AT$7:$AT$20,COUNTIF(Calc!$BO$6:$BO13,Calc!$BO13),1),Calc!$D$4:$W$4,0)),MATCH(Calc!$BO13&F$9,Calc!$C$6:$C$1005&Calc!$I$6:$I$1005,0),1)),"")} | H17: {=IFERROR(IF(H$9="","",INDEX(INDEX(Calc!$D$6:$X$1005,,MATCH(INDEX(Calc!$AT$7:$AT$20,COUNTIF(Calc!$BO$6:$BO13,Calc!$BO13),1),Calc!$D$4:$W$4,0)),MATCH(Calc!$BO13&H$9,Calc!$C$6:$C$1005&Calc!$I$6:$I$1005,0),1)),"")} | J17: {=IFERROR(IF(J$9="","",INDEX(INDEX(Calc!$D$6:$X$1005,,MATCH(INDEX(Calc!$AT$7:$AT$20,COUNTIF(Calc!$BO$6:$BO13,Calc!$BO13),1),Calc!$D$4:$W$4,0)),MATCH(Calc!$BO13&J$9,Calc!$C$6:$C$1005&Calc!$I$6:$I$1005,0),1)),"")} | L17: {=IFERROR(IF(L$9="","",INDEX(INDEX(Calc!$D$6:$X$1005,,MATCH(INDEX(Calc!$AT$7:$AT$20,COUNTIF(Calc!$BO$6:$BO13,Calc!$BO13),1),Calc!$D$4:$W$4,0)),MATCH(Calc!$BO13&L$9,Calc!$C$6:$C$1005&Calc!$I$6:$I$1005,0),1)),"")} | N17: {=IFERROR(IF(N$9="","",INDEX(INDEX(Calc!$D$6:$X$1005,,MATCH(INDEX(Calc!$AT$7:$AT$20,COUNTIF(Calc!$BO$6:$BO13,Calc!$BO13),1),Calc!$D$4:$W$4,0)),MATCH(Calc!$BO13&N$9,Calc!$C$6:$C$1005&Calc!$I$6:$I$1005,0),1)),"")} | P17: {=IFERROR(IF(P$9="","",INDEX(INDEX(Calc!$D$6:$X$1005,,MATCH(INDEX(Calc!$AT$7:$AT$20,COUNTIF(Calc!$BO$6:$BO13,Calc!$BO13),1),Calc!$D$4:$W$4,0)),MATCH(Calc!$BO13&P$9,Calc!$C$6:$C$1005&Calc!$I$6:$I$1005,0),1)),"")} | R17: {=IFERROR(IF(R$9="","",INDEX(INDEX(Calc!$D$6:$X$1005,,MATCH(INDEX(Calc!$AT$7:$AT$20,COUNTIF(Calc!$BO$6:$BO13,Calc!$BO13),1),Calc!$D$4:$W$4,0)),MATCH(Calc!$BO13&R$9,Calc!$C$6:$C$1005&Calc!$I$6:$I$1005,0),1)),"")} | T17: {=IFERROR(IF(T$9="","",INDEX(INDEX(Calc!$D$6:$X$1005,,MATCH(INDEX(Calc!$AT$7:$AT$20,COUNTIF(Calc!$BO$6:$BO13,Calc!$BO13),1),Calc!$D$4:$W$4,0)),MATCH(Calc!$BO13&T$9,Calc!$C$6:$C$1005&Calc!$I$6:$I$1005,0),1)),"")} | V17: {=IFERROR(IF(V$9="","",INDEX(INDEX(Calc!$D$6:$X$1005,,MATCH(INDEX(Calc!$AT$7:$AT$20,COUNTIF(Calc!$BO$6:$BO13,Calc!$BO13),1),Calc!$D$4:$W$4,0)),MATCH(Calc!$BO13&V$9,Calc!$C$6:$C$1005&Calc!$I$6:$I$1005,0),1)),"")} | X17: {=IFERROR(IF(X$9="","",INDEX(INDEX(Calc!$D$6:$X$1005,,MATCH(INDEX(Calc!$AT$7:$AT$20,COUNTIF(Calc!$BO$6:$BO13,Calc!$BO13),1),Calc!$D$4:$W$4,0)),MATCH(Calc!$BO13&X$9,Calc!$C$6:$C$1005&Calc!$I$6:$I$1005,0),1)),"")} | Z17: {=IFERROR(IF(Z$9="","",INDEX(INDEX(Calc!$D$6:$X$1005,,MATCH(INDEX(Calc!$AT$7:$AT$20,COUNTIF(Calc!$BO$6:$BO13,Calc!$BO13),1),Calc!$D$4:$W$4,0)),MATCH(Calc!$BO13&Z$9,Calc!$C$6:$C$1005&Calc!$I$6:$I$1005,0),1)),"")} | AB17: {=IFERROR(IF(AB$9="","",INDEX(INDEX(Calc!$D$6:$X$1005,,MATCH(INDEX(Calc!$AT$7:$AT$20,COUNTIF(Calc!$BO$6:$BO13,Calc!$BO13),1),Calc!$D$4:$W$4,0)),MATCH(Calc!$BO13&AB$9,Calc!$C$6:$C$1005&Calc!$I$6:$I$1005,0),1)),"")} | AD17: {=IFERROR(IF(AD$9="","",INDEX(INDEX(Calc!$D$6:$X$1005,,MATCH(INDEX(Calc!$AT$7:$AT$20,COUNTIF(Calc!$BO$6:$BO13,Calc!$BO13),1),Calc!$D$4:$W$4,0)),MATCH(Calc!$BO13&AD$9,Calc!$C$6:$C$1005&Calc!$I$6:$I$1005,0),1)),"")} | AF17: {=IFERROR(IF(AF$9="","",INDEX(INDEX(Calc!$D$6:$X$1005,,MATCH(INDEX(Calc!$AT$7:$AT$20,COUNTIF(Calc!$BO$6:$BO13,Calc!$BO13),1),Calc!$D$4:$W$4,0)),MATCH(Calc!$BO13&AF$9,Calc!$C$6:$C$1005&Calc!$I$6:$I$1005,0),1)),"")}
D18: {=IFERROR(IF(D$9="","",INDEX(INDEX(Calc!$D$6:$X$1005,,MATCH(INDEX(Calc!$AT$7:$AT$20,COUNTIF(Calc!$BO$6:$BO14,Calc!$BO14),1),Calc!$D$4:$W$4,0)),MATCH(Calc!$BO14&D$9,Calc!$C$6:$C$1005&Calc!$I$6:$I$1005,0),1)),"")} | F18: {=IFERROR(IF(F$9="","",INDEX(INDEX(Calc!$D$6:$X$1005,,MATCH(INDEX(Calc!$AT$7:$AT$20,COUNTIF(Calc!$BO$6:$BO14,Calc!$BO14),1),Calc!$D$4:$W$4,0)),MATCH(Calc!$BO14&F$9,Calc!$C$6:$C$1005&Calc!$I$6:$I$1005,0),1)),"")} | H18: {=IFERROR(IF(H$9="","",INDEX(INDEX(Calc!$D$6:$X$1005,,MATCH(INDEX(Calc!$AT$7:$AT$20,COUNTIF(Calc!$BO$6:$BO14,Calc!$BO14),1),Calc!$D$4:$W$4,0)),MATCH(Calc!$BO14&H$9,Calc!$C$6:$C$1005&Calc!$I$6:$I$1005,0),1)),"")} | J18: {=IFERROR(IF(J$9="","",INDEX(INDEX(Calc!$D$6:$X$1005,,MATCH(INDEX(Calc!$AT$7:$AT$20,COUNTIF(Calc!$BO$6:$BO14,Calc!$BO14),1),Calc!$D$4:$W$4,0)),MATCH(Calc!$BO14&J$9,Calc!$C$6:$C$1005&Calc!$I$6:$I$1005,0),1)),"")} | L18: {=IFERROR(IF(L$9="","",INDEX(INDEX(Calc!$D$6:$X$1005,,MATCH(INDEX(Calc!$AT$7:$AT$20,COUNTIF(Calc!$BO$6:$BO14,Calc!$BO14),1),Calc!$D$4:$W$4,0)),MATCH(Calc!$BO14&L$9,Calc!$C$6:$C$1005&Calc!$I$6:$I$1005,0),1)),"")} | N18: {=IFERROR(IF(N$9="","",INDEX(INDEX(Calc!$D$6:$X$1005,,MATCH(INDEX(Calc!$AT$7:$AT$20,COUNTIF(Calc!$BO$6:$BO14,Calc!$BO14),1),Calc!$D$4:$W$4,0)),MATCH(Calc!$BO14&N$9,Calc!$C$6:$C$1005&Calc!$I$6:$I$1005,0),1)),"")} | P18: {=IFERROR(IF(P$9="","",INDEX(INDEX(Calc!$D$6:$X$1005,,MATCH(INDEX(Calc!$AT$7:$AT$20,COUNTIF(Calc!$BO$6:$BO14,Calc!$BO14),1),Calc!$D$4:$W$4,0)),MATCH(Calc!$BO14&P$9,Calc!$C$6:$C$1005&Calc!$I$6:$I$1005,0),1)),"")} | R18: {=IFERROR(IF(R$9="","",INDEX(INDEX(Calc!$D$6:$X$1005,,MATCH(INDEX(Calc!$AT$7:$AT$20,COUNTIF(Calc!$BO$6:$BO14,Calc!$BO14),1),Calc!$D$4:$W$4,0)),MATCH(Calc!$BO14&R$9,Calc!$C$6:$C$1005&Calc!$I$6:$I$1005,0),1)),"")} | T18: {=IFERROR(IF(T$9="","",INDEX(INDEX(Calc!$D$6:$X$1005,,MATCH(INDEX(Calc!$AT$7:$AT$20,COUNTIF(Calc!$BO$6:$BO14,Calc!$BO14),1),Calc!$D$4:$W$4,0)),MATCH(Calc!$BO14&T$9,Calc!$C$6:$C$1005&Calc!$I$6:$I$1005,0),1)),"")} | V18: {=IFERROR(IF(V$9="","",INDEX(INDEX(Calc!$D$6:$X$1005,,MATCH(INDEX(Calc!$AT$7:$AT$20,COUNTIF(Calc!$BO$6:$BO14,Calc!$BO14),1),Calc!$D$4:$W$4,0)),MATCH(Calc!$BO14&V$9,Calc!$C$6:$C$1005&Calc!$I$6:$I$1005,0),1)),"")} | X18: {=IFERROR(IF(X$9="","",INDEX(INDEX(Calc!$D$6:$X$1005,,MATCH(INDEX(Calc!$AT$7:$AT$20,COUNTIF(Calc!$BO$6:$BO14,Calc!$BO14),1),Calc!$D$4:$W$4,0)),MATCH(Calc!$BO14&X$9,Calc!$C$6:$C$1005&Calc!$I$6:$I$1005,0),1)),"")} | Z18: {=IFERROR(IF(Z$9="","",INDEX(INDEX(Calc!$D$6:$X$1005,,MATCH(INDEX(Calc!$AT$7:$AT$20,COUNTIF(Calc!$BO$6:$BO14,Calc!$BO14),1),Calc!$D$4:$W$4,0)),MATCH(Calc!$BO14&Z$9,Calc!$C$6:$C$1005&Calc!$I$6:$I$1005,0),1)),"")} | AB18: {=IFERROR(IF(AB$9="","",INDEX(INDEX(Calc!$D$6:$X$1005,,MATCH(INDEX(Calc!$AT$7:$AT$20,COUNTIF(Calc!$BO$6:$BO14,Calc!$BO14),1),Calc!$D$4:$W$4,0)),MATCH(Calc!$BO14&AB$9,Calc!$C$6:$C$1005&Calc!$I$6:$I$1005,0),1)),"")} | AD18: {=IFERROR(IF(AD$9="","",INDEX(INDEX(Calc!$D$6:$X$1005,,MATCH(INDEX(Calc!$AT$7:$AT$20,COUNTIF(Calc!$BO$6:$BO14,Calc!$BO14),1),Calc!$D$4:$W$4,0)),MATCH(Calc!$BO14&AD$9,Calc!$C$6:$C$1005&Calc!$I$6:$I$1005,0),1)),"")} | AF18: {=IFERROR(IF(AF$9="","",INDEX(INDEX(Calc!$D$6:$X$1005,,MATCH(INDEX(Calc!$AT$7:$AT$20,COUNTIF(Calc!$BO$6:$BO14,Calc!$BO14),1),Calc!$D$4:$W$4,0)),MATCH(Calc!$BO14&AF$9,Calc!$C$6:$C$1005&Calc!$I$6:$I$1005,0),1)),"")}
D19: {=IFERROR(IF(D$9="","",INDEX(INDEX(Calc!$D$6:$X$1005,,MATCH(INDEX(Calc!$AT$7:$AT$20,COUNTIF(Calc!$BO$6:$BO15,Calc!$BO15),1),Calc!$D$4:$W$4,0)),MATCH(Calc!$BO15&D$9,Calc!$C$6:$C$1005&Calc!$I$6:$I$1005,0),1)),"")} | F19: {=IFERROR(IF(F$9="","",INDEX(INDEX(Calc!$D$6:$X$1005,,MATCH(INDEX(Calc!$AT$7:$AT$20,COUNTIF(Calc!$BO$6:$BO15,Calc!$BO15),1),Calc!$D$4:$W$4,0)),MATCH(Calc!$BO15&F$9,Calc!$C$6:$C$1005&Calc!$I$6:$I$1005,0),1)),"")} | H19: {=IFERROR(IF(H$9="","",INDEX(INDEX(Calc!$D$6:$X$1005,,MATCH(INDEX(Calc!$AT$7:$AT$20,COUNTIF(Calc!$BO$6:$BO15,Calc!$BO15),1),Calc!$D$4:$W$4,0)),MATCH(Calc!$BO15&H$9,Calc!$C$6:$C$1005&Calc!$I$6:$I$1005,0),1)),"")} | J19: {=IFERROR(IF(J$9="","",INDEX(INDEX(Calc!$D$6:$X$1005,,MATCH(INDEX(Calc!$AT$7:$AT$20,COUNTIF(Calc!$BO$6:$BO15,Calc!$BO15),1),Calc!$D$4:$W$4,0)),MATCH(Calc!$BO15&J$9,Calc!$C$6:$C$1005&Calc!$I$6:$I$1005,0),1)),"")} | L19: {=IFERROR(IF(L$9="","",INDEX(INDEX(Calc!$D$6:$X$1005,,MATCH(INDEX(Calc!$AT$7:$AT$20,COUNTIF(Calc!$BO$6:$BO15,Calc!$BO15),1),Calc!$D$4:$W$4,0)),MATCH(Calc!$BO15&L$9,Calc!$C$6:$C$1005&Calc!$I$6:$I$1005,0),1)),"")} | N19: {=IFERROR(IF(N$9="","",INDEX(INDEX(Calc!$D$6:$X$1005,,MATCH(INDEX(Calc!$AT$7:$AT$20,COUNTIF(Calc!$BO$6:$BO15,Calc!$BO15),1),Calc!$D$4:$W$4,0)),MATCH(Calc!$BO15&N$9,Calc!$C$6:$C$1005&Calc!$I$6:$I$1005,0),1)),"")} | P19: {=IFERROR(IF(P$9="","",INDEX(INDEX(Calc!$D$6:$X$1005,,MATCH(INDEX(Calc!$AT$7:$AT$20,COUNTIF(Calc!$BO$6:$BO15,Calc!$BO15),1),Calc!$D$4:$W$4,0)),MATCH(Calc!$BO15&P$9,Calc!$C$6:$C$1005&Calc!$I$6:$I$1005,0),1)),"")} | R19: {=IFERROR(IF(R$9="","",INDEX(INDEX(Calc!$D$6:$X$1005,,MATCH(INDEX(Calc!$AT$7:$AT$20,COUNTIF(Calc!$BO$6:$BO15,Calc!$BO15),1),Calc!$D$4:$W$4,0)),MATCH(Calc!$BO15&R$9,Calc!$C$6:$C$1005&Calc!$I$6:$I$1005,0),1)),"")} | T19: {=IFERROR(IF(T$9="","",INDEX(INDEX(Calc!$D$6:$X$1005,,MATCH(INDEX(Calc!$AT$7:$AT$20,COUNTIF(Calc!$BO$6:$BO15,Calc!$BO15),1),Calc!$D$4:$W$4,0)),MATCH(Calc!$BO15&T$9,Calc!$C$6:$C$1005&Calc!$I$6:$I$1005,0),1)),"")} | V19: {=IFERROR(IF(V$9="","",INDEX(INDEX(Calc!$D$6:$X$1005,,MATCH(INDEX(Calc!$AT$7:$AT$20,COUNTIF(Calc!$BO$6:$BO15,Calc!$BO15),1),Calc!$D$4:$W$4,0)),MATCH(Calc!$BO15&V$9,Calc!$C$6:$C$1005&Calc!$I$6:$I$1005,0),1)),"")} | X19: {=IFERROR(IF(X$9="","",INDEX(INDEX(Calc!$D$6:$X$1005,,MATCH(INDEX(Calc!$AT$7:$AT$20,COUNTIF(Calc!$BO$6:$BO15,Calc!$BO15),1),Calc!$D$4:$W$4,0)),MATCH(Calc!$BO15&X$9,Calc!$C$6:$C$1005&Calc!$I$6:$I$1005,0),1)),"")} | Z19: {=IFERROR(IF(Z$9="","",INDEX(INDEX(Calc!$D$6:$X$1005,,MATCH(INDEX(Calc!$AT$7:$AT$20,COUNTIF(Calc!$BO$6:$BO15,Calc!$BO15),1),Calc!$D$4:$W$4,0)),MATCH(Calc!$BO15&Z$9,Calc!$C$6:$C$1005&Calc!$I$6:$I$1005,0),1)),"")} | AB19: {=IFERROR(IF(AB$9="","",INDEX(INDEX(Calc!$D$6:$X$1005,,MATCH(INDEX(Calc!$AT$7:$AT$20,COUNTIF(Calc!$BO$6:$BO15,Calc!$BO15),1),Calc!$D$4:$W$4,0)),MATCH(Calc!$BO15&AB$9,Calc!$C$6:$C$1005&Calc!$I$6:$I$1005,0),1)),"")} | AD19: {=IFERROR(IF(AD$9="","",INDEX(INDEX(Calc!$D$6:$X$1005,,MATCH(INDEX(Calc!$AT$7:$AT$20,COUNTIF(Calc!$BO$6:$BO15,Calc!$BO15),1),Calc!$D$4:$W$4,0)),MATCH(Calc!$BO15&AD$9,Calc!$C$6:$C$1005&Calc!$I$6:$I$1005,0),1)),"")} | AF19: {=IFERROR(IF(AF$9="","",INDEX(INDEX(Calc!$D$6:$X$1005,,MATCH(INDEX(Calc!$AT$7:$AT$20,COUNTIF(Calc!$BO$6:$BO15,Calc!$BO15),1),Calc!$D$4:$W$4,0)),MATCH(Calc!$BO15&AF$9,Calc!$C$6:$C$1005&Calc!$I$6:$I$1005,0),1)),"")}
D20: {=IFERROR(IF(D$9="","",INDEX(INDEX(Calc!$D$6:$X$1005,,MATCH(INDEX(Calc!$AT$7:$AT$20,COUNTIF(Calc!$BO$6:$BO16,Calc!$BO16),1),Calc!$D$4:$W$4,0)),MATCH(Calc!$BO16&D$9,Calc!$C$6:$C$1005&Calc!$I$6:$I$1005,0),1)),"")} | F20: {=IFERROR(IF(F$9="","",INDEX(INDEX(Calc!$D$6:$X$1005,,MATCH(INDEX(Calc!$AT$7:$AT$20,COUNTIF(Calc!$BO$6:$BO16,Calc!$BO16),1),Calc!$D$4:$W$4,0)),MATCH(Calc!$BO16&F$9,Calc!$C$6:$C$1005&Calc!$I$6:$I$1005,0),1)),"")} | H20: {=IFERROR(IF(H$9="","",INDEX(INDEX(Calc!$D$6:$X$1005,,MATCH(INDEX(Calc!$AT$7:$AT$20,COUNTIF(Calc!$BO$6:$BO16,Calc!$BO16),1),Calc!$D$4:$W$4,0)),MATCH(Calc!$BO16&H$9,Calc!$C$6:$C$1005&Calc!$I$6:$I$1005,0),1)),"")} | J20: {=IFERROR(IF(J$9="","",INDEX(INDEX(Calc!$D$6:$X$1005,,MATCH(INDEX(Calc!$AT$7:$AT$20,COUNTIF(Calc!$BO$6:$BO16,Calc!$BO16),1),Calc!$D$4:$W$4,0)),MATCH(Calc!$BO16&J$9,Calc!$C$6:$C$1005&Calc!$I$6:$I$1005,0),1)),"")} | L20: {=IFERROR(IF(L$9="","",INDEX(INDEX(Calc!$D$6:$X$1005,,MATCH(INDEX(Calc!$AT$7:$AT$20,COUNTIF(Calc!$BO$6:$BO16,Calc!$BO16),1),Calc!$D$4:$W$4,0)),MATCH(Calc!$BO16&L$9,Calc!$C$6:$C$1005&Calc!$I$6:$I$1005,0),1)),"")} | N20: {=IFERROR(IF(N$9="","",INDEX(INDEX(Calc!$D$6:$X$1005,,MATCH(INDEX(Calc!$AT$7:$AT$20,COUNTIF(Calc!$BO$6:$BO16,Calc!$BO16),1),Calc!$D$4:$W$4,0)),MATCH(Calc!$BO16&N$9,Calc!$C$6:$C$1005&Calc!$I$6:$I$1005,0),1)),"")} | P20: {=IFERROR(IF(P$9="","",INDEX(INDEX(Calc!$D$6:$X$1005,,MATCH(INDEX(Calc!$AT$7:$AT$20,COUNTIF(Calc!$BO$6:$BO16,Calc!$BO16),1),Calc!$D$4:$W$4,0)),MATCH(Calc!$BO16&P$9,Calc!$C$6:$C$1005&Calc!$I$6:$I$1005,0),1)),"")} | R20: {=IFERROR(IF(R$9="","",INDEX(INDEX(Calc!$D$6:$X$1005,,MATCH(INDEX(Calc!$AT$7:$AT$20,COUNTIF(Calc!$BO$6:$BO16,Calc!$BO16),1),Calc!$D$4:$W$4,0)),MATCH(Calc!$BO16&R$9,Calc!$C$6:$C$1005&Calc!$I$6:$I$1005,0),1)),"")} | T20: {=IFERROR(IF(T$9="","",INDEX(INDEX(Calc!$D$6:$X$1005,,MATCH(INDEX(Calc!$AT$7:$AT$20,COUNTIF(Calc!$BO$6:$BO16,Calc!$BO16),1),Calc!$D$4:$W$4,0)),MATCH(Calc!$BO16&T$9,Calc!$C$6:$C$1005&Calc!$I$6:$I$1005,0),1)),"")} | V20: {=IFERROR(IF(V$9="","",INDEX(INDEX(Calc!$D$6:$X$1005,,MATCH(INDEX(Calc!$AT$7:$AT$20,COUNTIF(Calc!$BO$6:$BO16,Calc!$BO16),1),Calc!$D$4:$W$4,0)),MATCH(Calc!$BO16&V$9,Calc!$C$6:$C$1005&Calc!$I$6:$I$1005,0),1)),"")} | X20: {=IFERROR(IF(X$9="","",INDEX(INDEX(Calc!$D$6:$X$1005,,MATCH(INDEX(Calc!$AT$7:$AT$20,COUNTIF(Calc!$BO$6:$BO16,Calc!$BO16),1),Calc!$D$4:$W$4,0)),MATCH(Calc!$BO16&X$9,Calc!$C$6:$C$1005&Calc!$I$6:$I$1005,0),1)),"")} | Z20: {=IFERROR(IF(Z$9="","",INDEX(INDEX(Calc!$D$6:$X$1005,,MATCH(INDEX(Calc!$AT$7:$AT$20,COUNTIF(Calc!$BO$6:$BO16,Calc!$BO16),1),Calc!$D$4:$W$4,0)),MATCH(Calc!$BO16&Z$9,Calc!$C$6:$C$1005&Calc!$I$6:$I$1005,0),1)),"")} | AB20: {=IFERROR(IF(AB$9="","",INDEX(INDEX(Calc!$D$6:$X$1005,,MATCH(INDEX(Calc!$AT$7:$AT$20,COUNTIF(Calc!$BO$6:$BO16,Calc!$BO16),1),Calc!$D$4:$W$4,0)),MATCH(Calc!$BO16&AB$9,Calc!$C$6:$C$1005&Calc!$I$6:$I$1005,0),1)),"")} | AD20: {=IFERROR(IF(AD$9="","",INDEX(INDEX(Calc!$D$6:$X$1005,,MATCH(INDEX(Calc!$AT$7:$AT$20,COUNTIF(Calc!$BO$6:$BO16,Calc!$BO16),1),Calc!$D$4:$W$4,0)),MATCH(Calc!$BO16&AD$9,Calc!$C$6:$C$1005&Calc!$I$6:$I$1005,0),1)),"")} | AF20: {=IFERROR(IF(AF$9="","",INDEX(INDEX(Calc!$D$6:$X$1005,,MATCH(INDEX(Calc!$AT$7:$AT$20,COUNTIF(Calc!$BO$6:$BO16,Calc!$BO16),1),Calc!$D$4:$W$4,0)),MATCH(Calc!$BO16&AF$9,Calc!$C$6:$C$1005&Calc!$I$6:$I$1005,0),1)),"")}
D21: {=IFERROR(IF(D$9="","",INDEX(INDEX(Calc!$D$6:$X$1005,,MATCH(INDEX(Calc!$AT$7:$AT$20,COUNTIF(Calc!$BO$6:$BO17,Calc!$BO17),1),Calc!$D$4:$W$4,0)),MATCH(Calc!$BO17&D$9,Calc!$C$6:$C$1005&Calc!$I$6:$I$1005,0),1)),"")} | F21: {=IFERROR(IF(F$9="","",INDEX(INDEX(Calc!$D$6:$X$1005,,MATCH(INDEX(Calc!$AT$7:$AT$20,COUNTIF(Calc!$BO$6:$BO17,Calc!$BO17),1),Calc!$D$4:$W$4,0)),MATCH(Calc!$BO17&F$9,Calc!$C$6:$C$1005&Calc!$I$6:$I$1005,0),1)),"")} | H21: {=IFERROR(IF(H$9="","",INDEX(INDEX(Calc!$D$6:$X$1005,,MATCH(INDEX(Calc!$AT$7:$AT$20,COUNTIF(Calc!$BO$6:$BO17,Calc!$BO17),1),Calc!$D$4:$W$4,0)),MATCH(Calc!$BO17&H$9,Calc!$C$6:$C$1005&Calc!$I$6:$I$1005,0),1)),"")} | J21: {=IFERROR(IF(J$9="","",INDEX(INDEX(Calc!$D$6:$X$1005,,MATCH(INDEX(Calc!$AT$7:$AT$20,COUNTIF(Calc!$BO$6:$BO17,Calc!$BO17),1),Calc!$D$4:$W$4,0)),MATCH(Calc!$BO17&J$9,Calc!$C$6:$C$1005&Calc!$I$6:$I$1005,0),1)),"")} | L21: {=IFERROR(IF(L$9="","",INDEX(INDEX(Calc!$D$6:$X$1005,,MATCH(INDEX(Calc!$AT$7:$AT$20,COUNTIF(Calc!$BO$6:$BO17,Calc!$BO17),1),Calc!$D$4:$W$4,0)),MATCH(Calc!$BO17&L$9,Calc!$C$6:$C$1005&Calc!$I$6:$I$1005,0),1)),"")} | N21: {=IFERROR(IF(N$9="","",INDEX(INDEX(Calc!$D$6:$X$1005,,MATCH(INDEX(Calc!$AT$7:$AT$20,COUNTIF(Calc!$BO$6:$BO17,Calc!$BO17),1),Calc!$D$4:$W$4,0)),MATCH(Calc!$BO17&N$9,Calc!$C$6:$C$1005&Calc!$I$6:$I$1005,0),1)),"")} | P21: {=IFERROR(IF(P$9="","",INDEX(INDEX(Calc!$D$6:$X$1005,,MATCH(INDEX(Calc!$AT$7:$AT$20,COUNTIF(Calc!$BO$6:$BO17,Calc!$BO17),1),Calc!$D$4:$W$4,0)),MATCH(Calc!$BO17&P$9,Calc!$C$6:$C$1005&Calc!$I$6:$I$1005,0),1)),"")} | R21: {=IFERROR(IF(R$9="","",INDEX(INDEX(Calc!$D$6:$X$1005,,MATCH(INDEX(Calc!$AT$7:$AT$20,COUNTIF(Calc!$BO$6:$BO17,Calc!$BO17),1),Calc!$D$4:$W$4,0)),MATCH(Calc!$BO17&R$9,Calc!$C$6:$C$1005&Calc!$I$6:$I$1005,0),1)),"")} | T21: {=IFERROR(IF(T$9="","",INDEX(INDEX(Calc!$D$6:$X$1005,,MATCH(INDEX(Calc!$AT$7:$AT$20,COUNTIF(Calc!$BO$6:$BO17,Calc!$BO17),1),Calc!$D$4:$W$4,0)),MATCH(Calc!$BO17&T$9,Calc!$C$6:$C$1005&Calc!$I$6:$I$1005,0),1)),"")} | V21: {=IFERROR(IF(V$9="","",INDEX(INDEX(Calc!$D$6:$X$1005,,MATCH(INDEX(Calc!$AT$7:$AT$20,COUNTIF(Calc!$BO$6:$BO17,Calc!$BO17),1),Calc!$D$4:$W$4,0)),MATCH(Calc!$BO17&V$9,Calc!$C$6:$C$1005&Calc!$I$6:$I$1005,0),1)),"")} | X21: {=IFERROR(IF(X$9="","",INDEX(INDEX(Calc!$D$6:$X$1005,,MATCH(INDEX(Calc!$AT$7:$AT$20,COUNTIF(Calc!$BO$6:$BO17,Calc!$BO17),1),Calc!$D$4:$W$4,0)),MATCH(Calc!$BO17&X$9,Calc!$C$6:$C$1005&Calc!$I$6:$I$1005,0),1)),"")} | Z21: {=IFERROR(IF(Z$9="","",INDEX(INDEX(Calc!$D$6:$X$1005,,MATCH(INDEX(Calc!$AT$7:$AT$20,COUNTIF(Calc!$BO$6:$BO17,Calc!$BO17),1),Calc!$D$4:$W$4,0)),MATCH(Calc!$BO17&Z$9,Calc!$C$6:$C$1005&Calc!$I$6:$I$1005,0),1)),"")} | AB21: {=IFERROR(IF(AB$9="","",INDEX(INDEX(Calc!$D$6:$X$1005,,MATCH(INDEX(Calc!$AT$7:$AT$20,COUNTIF(Calc!$BO$6:$BO17,Calc!$BO17),1),Calc!$D$4:$W$4,0)),MATCH(Calc!$BO17&AB$9,Calc!$C$6:$C$1005&Calc!$I$6:$I$1005,0),1)),"")} | AD21: {=IFERROR(IF(AD$9="","",INDEX(INDEX(Calc!$D$6:$X$1005,,MATCH(INDEX(Calc!$AT$7:$AT$20,COUNTIF(Calc!$BO$6:$BO17,Calc!$BO17),1),Calc!$D$4:$W$4,0)),MATCH(Calc!$BO17&AD$9,Calc!$C$6:$C$1005&Calc!$I$6:$I$1005,0),1)),"")} | AF21: {=IFERROR(IF(AF$9="","",INDEX(INDEX(Calc!$D$6:$X$1005,,MATCH(INDEX(Calc!$AT$7:$AT$20,COUNTIF(Calc!$BO$6:$BO17,Calc!$BO17),1),Calc!$D$4:$W$4,0)),MATCH(Calc!$BO17&AF$9,Calc!$C$6:$C$1005&Calc!$I$6:$I$1005,0),1)),"")}
... D169: {=IFERROR(IF(D$9="","",INDEX(INDEX(Calc!$D$6:$X$1005,,MATCH(INDEX(Calc!$AT$7:$AT$20,COUNTIF(Calc!$BO$6:$BO165,Calc!$BO165),1),Calc!$D$4:$W$4,0)),MATCH(Calc!$BO165&D$9,Calc!$C$6:$C$1005&Calc!$I$6:$I$1005,0),1)),"")} | F169: {=IFERROR(IF(F$9="","",INDEX(INDEX(Calc!$D$6:$X$1005,,MATCH(INDEX(Calc!$AT$7:$AT$20,COUNTIF(Calc!$BO$6:$BO165,Calc!$BO165),1),Calc!$D$4:$W$4,0)),MATCH(Calc!$BO165&F$9,Calc!$C$6:$C$1005&Calc!$I$6:$I$1005,0),1)),"")} | H169: {=IFERROR(IF(H$9="","",INDEX(INDEX(Calc!$D$6:$X$1005,,MATCH(INDEX(Calc!$AT$7:$AT$20,COUNTIF(Calc!$BO$6:$BO165,Calc!$BO165),1),Calc!$D$4:$W$4,0)),MATCH(Calc!$BO165&H$9,Calc!$C$6:$C$1005&Calc!$I$6:$I$1005,0),1)),"")} | J169: {=IFERROR(IF(J$9="","",INDEX(INDEX(Calc!$D$6:$X$1005,,MATCH(INDEX(Calc!$AT$7:$AT$20,COUNTIF(Calc!$BO$6:$BO165,Calc!$BO165),1),Calc!$D$4:$W$4,0)),MATCH(Calc!$BO165&J$9,Calc!$C$6:$C$1005&Calc!$I$6:$I$1005,0),1)),"")} | L169: {=IFERROR(IF(L$9="","",INDEX(INDEX(Calc!$D$6:$X$1005,,MATCH(INDEX(Calc!$AT$7:$AT$20,COUNTIF(Calc!$BO$6:$BO165,Calc!$BO165),1),Calc!$D$4:$W$4,0)),MATCH(Calc!$BO165&L$9,Calc!$C$6:$C$1005&Calc!$I$6:$I$1005,0),1)),"")} | N169: {=IFERROR(IF(N$9="","",INDEX(INDEX(Calc!$D$6:$X$1005,,MATCH(INDEX(Calc!$AT$7:$AT$20,COUNTIF(Calc!$BO$6:$BO165,Calc!$BO165),1),Calc!$D$4:$W$4,0)),MATCH(Calc!$BO165&N$9,Calc!$C$6:$C$1005&Calc!$I$6:$I$1005,0),1)),"")} | P169: {=IFERROR(IF(P$9="","",INDEX(INDEX(Calc!$D$6:$X$1005,,MATCH(INDEX(Calc!$AT$7:$AT$20,COUNTIF(Calc!$BO$6:$BO165,Calc!$BO165),1),Calc!$D$4:$W$4,0)),MATCH(Calc!$BO165&P$9,Calc!$C$6:$C$1005&Calc!$I$6:$I$1005,0),1)),"")} | R169: {=IFERROR(IF(R$9="","",INDEX(INDEX(Calc!$D$6:$X$1005,,MATCH(INDEX(Calc!$AT$7:$AT$20,COUNTIF(Calc!$BO$6:$BO165,Calc!$BO165),1),Calc!$D$4:$W$4,0)),MATCH(Calc!$BO165&R$9,Calc!$C$6:$C$1005&Calc!$I$6:$I$1005,0),1)),"")} | T169: {=IFERROR(IF(T$9="","",INDEX(INDEX(Calc!$D$6:$X$1005,,MATCH(INDEX(Calc!$AT$7:$AT$20,COUNTIF(Calc!$BO$6:$BO165,Calc!$BO165),1),Calc!$D$4:$W$4,0)),MATCH(Calc!$BO165&T$9,Calc!$C$6:$C$1005&Calc!$I$6:$I$1005,0),1)),"")} | V169: {=IFERROR(IF(V$9="","",INDEX(INDEX(Calc!$D$6:$X$1005,,MATCH(INDEX(Calc!$AT$7:$AT$20,COUNTIF(Calc!$BO$6:$BO165,Calc!$BO165),1),Calc!$D$4:$W$4,0)),MATCH(Calc!$BO165&V$9,Calc!$C$6:$C$1005&Calc!$I$6:$I$1005,0),1)),"")} | X169: {=IFERROR(IF(X$9="","",INDEX(INDEX(Calc!$D$6:$X$1005,,MATCH(INDEX(Calc!$AT$7:$AT$20,COUNTIF(Calc!$BO$6:$BO165,Calc!$BO165),1),Calc!$D$4:$W$4,0)),MATCH(Calc!$BO165&X$9,Calc!$C$6:$C$1005&Calc!$I$6:$I$1005,0),1)),"")} | Z169: {=IFERROR(IF(Z$9="","",INDEX(INDEX(Calc!$D$6:$X$1005,,MATCH(INDEX(Calc!$AT$7:$AT$20,COUNTIF(Calc!$BO$6:$BO165,Calc!$BO165),1),Calc!$D$4:$W$4,0)),MATCH(Calc!$BO165&Z$9,Calc!$C$6:$C$1005&Calc!$I$6:$I$1005,0),1)),"")} | AB169: {=IFERROR(IF(AB$9="","",INDEX(INDEX(Calc!$D$6:$X$1005,,MATCH(INDEX(Calc!$AT$7:$AT$20,COUNTIF(Calc!$BO$6:$BO165,Calc!$BO165),1),Calc!$D$4:$W$4,0)),MATCH(Calc!$BO165&AB$9,Calc!$C$6:$C$1005&Calc!$I$6:$I$1005,0),1)),"")} | AD169: {=IFERROR(IF(AD$9="","",INDEX(INDEX(Calc!$D$6:$X$1005,,MATCH(INDEX(Calc!$AT$7:$AT$20,COUNTIF(Calc!$BO$6:$BO165,Calc!$BO165),1),Calc!$D$4:$W$4,0)),MATCH(Calc!$BO165&AD$9,Calc!$C$6:$C$1005&Calc!$I$6:$I$1005,0),1)),"")} | AF169: {=IFERROR(IF(AF$9="","",INDEX(INDEX(Calc!$D$6:$X$1005,,MATCH(INDEX(Calc!$AT$7:$AT$20,COUNTIF(Calc!$BO$6:$BO165,Calc!$BO165),1),Calc!$D$4:$W$4,0)),MATCH(Calc!$BO165&AF$9,Calc!$C$6:$C$1005&Calc!$I$6:$I$1005,0),1)),"")}

Sheet Settings
B2: SALES PIPELINE TEMPLATE
B3: SETTINGS
B5: STAGE | D5: =I12 -> STATUS | F5: =I10 -> SALES REPRESENTATIVE | H5: SHOW ON THE PIPELINE | I5: SALES DATA INPUT
B6: Lead | D6: Won | F6: Sales Kate | H6: X | I6: SALE TITLE
B7: Initial Contact | D7: Lost | F7: Sales John | H7: X | I7: CONTACT NAME
B8: Qualified Lead | D8: Open | F8: Sales Mia | I8: COMPANY
B9: Opportunity | D9: On Hold | F9: Sales Carl | I9: CONTACT INFORMATION
B10: Solution | F10: Sales Paul | I10: SALES REPRESENTATIVE
B11: Proposal Discussed | D11: PIPELINE DATE FORMAT | F11: Sales Arnie | I11: CURRENT STAGE
B12: Written Proposal | D12: 31 Jan 2021 | F12: Sales Ann | I12: STATUS
B13: Contract | F13: Sales Peter | I13: OPEN DATE
B14: Purchase Order | D14: CURRENCY | H14: X | I14: CLOSE DATE
B15: Invoice | D15: $ | I15: DEAL VALUE
B16: Payment | I16: PROBABILITY OF WINNING %
B17: Refund | I17: NOTES
H18: X | I18: AVG. EARNING FORECAST
I19: ACTUAL INCOME

Sheet Calc
AB2: Count Value Cumulative: | AC2: =SUMIF(AC6:AC1005,"x",$O$6:$O$1005)+SUMIF(AC6:AC1005,"c",$O$6:$O$1005) -> 6121 | AD2: =SUMIF(AD6:AD1005,"x",$O$6:$O$1005)+SUMIF(AD6:AD1005,"c",$O$6:$O$1005) -> 5301 | AE2: =SUMIF(AE6:AE1005,"x",$O$6:$O$1005)+SUMIF(AE6:AE1005,"c",$O$6:$O$1005) -> 4605 | AF2: =SUMIF(AF6:AF1005,"x",$O$6:$O$1005)+SUMIF(AF6:AF1005,"c",$O$6:$O$1005) -> 3333 | AG2: =SUMIF(AG6:AG1005,"x",$O$6:$O$1005)+SUMIF(AG6:AG1005,"c",$O$6:$O$1005) -> 1865 | AH2: =SUMIF(AH6:AH1005,"x",$O$6:$O$1005)+SUMIF(AH6:AH1005,"c",$O$6:$O$1005) -> 1042 | AI2: =SUMIF(AI6:AI1005,"x",$O$6:$O$1005)+SUMIF(AI6:AI1005,"c",$O$6:$O$1005) -> 468 | AJ2: =SUMIF(AJ6:AJ1005,"x",$O$6:$O$1005)+SUMIF(AJ6:AJ1005,"c",$O$6:$O$1005) -> 0 | ... AQ2: =SUMIF(AQ6:AQ1005,"x",$O$6:$O$1005)+SUMIF(AQ6:AQ1005,"c",$O$6:$O$1005) -> 0 | AT2: Max Number for Input Section
C3: Match column: | AB3: Value current stage: | AC3: =SUMIF(AC6:AC1005,"c",$O$6:$O$1005) -> 820 | AD3: =SUMIF(AD6:AD1005,"c",$O$6:$O$1005) -> 696 | AE3: =SUMIF(AE6:AE1005,"c",$O$6:$O$1005) -> 1272 | AF3: =SUMIF(AF6:AF1005,"c",$O$6:$O$1005) -> 1468 | AG3: =SUMIF(AG6:AG1005,"c",$O$6:$O$1005) -> 823 | AH3: =SUMIF(AH6:AH1005,"c",$O$6:$O$1005) -> 574 | AI3: =SUMIF(AI6:AI1005,"c",$O$6:$O$1005) -> 468 | AJ3: =SUMIF(AJ6:AJ1005,"c",$O$6:$O$1005) -> 0 | ... AQ3: =SUMIF(AQ6:AQ1005,"c",$O$6:$O$1005) -> 0 | AT3: =COUNTA(Input!B6:B1005)+6 -> 13
B4: Pipeline Filter | C4: Pipelie counter | D4: =Settings!I6 -> SALE TITLE | E4: =Settings!I7 -> CONTACT NAME | F4: =Settings!I8 -> COMPANY | G4: =Settings!I9 -> CONTACT INFORMATION | H4: =Settings!I10 -> SALES REPRESENTATIVE | I4: =Settings!I11 -> CURRENT STAGE | J4: =Settings!I12 -> STATUS | L4: =Settings!I13 -> OPEN DATE | N4: =Settings!I14 -> CLOSE DATE | P4: =Settings!I15 -> DEAL VALUE | R4: =Settings!I16 -> PROBABILITY OF WINNING % | S4: =Settings!I17 -> NOTES | U4: =Input!N5 -> AVG. EARNING FORECAST | W4: =Input!O5 -> ACTUAL INCOME | X4: Open Month | Y4: Close Month | Z4: Dashboard filter (no salesman) | AA4: Dashboard filter (all) | AB4: Funnel filter | AC4: =IF(Settings!B6<>"",Settings!B6,"") -> Lead | AD4: =IF(Settings!B7<>"",Settings!B7,"") -> Initial Contact | AE4: =IF(Settings!B8<>"",Settings!B8,"") -> Qualified Lead | AF4: =IF(Settings!B9<>"",Settings!B9,"") -> Opportunity | AG4: =IF(Settings!B10<>"",Settings!B10,"") -> Solution | AH4: =IF(Settings!B11<>"",Settings!B11,"") -> Proposal Discussed | AI4: =IF(Settings!B12<>"",Settings!B12,"") -> Written Proposal | AJ4: =IF(Settings!B13<>"",Settings!B13,"") -> Contract | AK4: =IF(Settings!B14<>"",Settings!B14,"") -> Purchase Order | AL4: =IF(Settings!B15<>"",Settings!B15,"") -> Invoice | AM4: =IF(Settings!B16<>"",Settings!B16,"") -> Payment | AN4: =IF(Settings!B17<>"",Settings!B17,"") -> Refund | AO4: =IF(Settings!B18<>"",Settings!B18,"") | AP4: =IF(Settings!B19<>"",Settings!B19,"") | AQ4: =IF(Settings!B20<>"",Settings!B20,"") | BO4: Pipeline Settings | CV4: Settings Section
D5: Column1 | E5: Column2 | F5: Column3 | G5: Column4 | H5: Column5 | I5: Column6 | J5: Column7 | K5: Column8 | L5: Column15 | M5: Column9 | N5: Column92 | O5: Column10 | P5: Column102 | Q5: Column11 | R5: Column112 | S5: Column12 | T5: Column13 | U5: Column132 | V5: Column14 | W5: Column142 | X5: Column16 | Y5: Column17 | Z5: Column18 | AA5: Column19 | AX5: =COUNTA(AW7:AW21)-COUNTBLANK(AW7:AW21) -> 12 | BB5: Based on the close date | BO5: =MAX(BP6:BP165) -> 9 | BP5: 1 | BQ5: 1 | BR5: 1 | BS5: 1 | BT5: 1 | BU5: 1 | BV5: 1 | BW5: 1 | BX5: 1 | BY5: 1 | BZ5: 1 | CA5: 1 | CB5: 1 | CC5: 1 | CD5: 1 | CE5: 1 | CF5: 1 | CG5: 1 | CH5: 1 | CI5: 1 | CJ5: 1 | CK5: 1 | CL5: 1 | CM5: 1 | CN5: 1 | CO5: 1 | CP5: 1 | CQ5: 1 | CR5: 1 | CV5: PP inputs | CW5: All | CX5: All
B6: =IF(AND(OR(Pipeline!$F$5=H6,Pipeline!$F$5="",Pipeline!$F$5="All"), OR(Pipeline!$F$6=J6,Pipeline!$F$6="",Pipeline!$F$6="All"), OR(Pipeline!$J$5<=K6,Pipeline!$J$5=""), OR(Pipeline!$J$6>=K6,Pipeline!$J$6=""), OR(Pipeline!$N$5<=O6,Pipeline!$N$5=""), OR(Pipeline!$N$6>=O6,Pipeline!$N$6="")),1,0) -> 1 | C6: =IF(B6<>1,"",COUNTIF($I$6:I6,I6)) -> 1 | D6: =IF(LEN(INDEX(Input!B$6:B$1005,ROW($C6)-ROW($C$5),1))=0,"-",INDEX(Input!B$6:B$1005,ROW($C6)-ROW($C$5),1)) -> SALE TITLE1 | E6: =IF(LEN(INDEX(Input!C$6:C$1005,ROW($C6)-ROW($C$5),1))=0,"-",INDEX(Input!C$6:C$1005,ROW($C6)-ROW($C$5),1)) -> Jemima Begum | F6: =IF(LEN(INDEX(Input!D$6:D$1005,ROW($C6)-ROW($C$5),1))=0,"-",INDEX(Input!D$6:D$1005,ROW($C6)-ROW($C$5),1)) -> Monahan Ltd | G6: =IF(LEN(INDEX(Input!E$6:E$1005,ROW($C6)-ROW($C$5),1))=0,"-",INDEX(Input!E$6:E$1005,ROW($C6)-ROW($C$5),1)) -> jemima@mail.com | H6: =IF(LEN(INDEX(Input!F$6:F$1005,ROW($C6)-ROW($C$5),1))=0,"-",INDEX(Input!F$6:F$1005,ROW($C6)-ROW($C$5),1)) -> Sales Kate | I6: =IF(LEN(INDEX(Input!G$6:G$1005,ROW($C6)-ROW($C$5),1))=0,"",INDEX(Input!G$6:G$1005,ROW($C6)-ROW($C$5),1)) -> Lead | J6: =IF(LEN(INDEX(Input!B$6:B$1005,ROW($C6)-ROW($C$5),1))=0,"-",IF(INDEX(Input!H$6:H$1005,ROW($C6)-ROW($C$5),1)="","Not set",INDEX(Input!H$6:H$1005,ROW($C6)-ROW($C$5),1)) ) -> Not set | K6: =IF(LEN(INDEX(Input!I$6:I$1005,ROW($C6)-ROW($C$5),1))=0,"",INDEX(Input!I$6:I$1005,ROW($C6)-ROW($C$5),1)) -> 44197 | L6: {=IFERROR(IF($AY$24=123,DAY(K6)&connector&IF($AZ$24="Extended",INDEX($AT$24:$AT$35,MONTH(K6),1),MONTH(K6))&connector&IF($AZ$24="Short", RIGHT(YEAR(K6),2),YEAR(K6)),IF($AY$24=213, MONTH(K6)&connector&DAY(K6)&connector&IF($AZ$24="Short", RIGHT(YEAR(K6),2),YEAR(K6)),IF($AZ$24="Short", RIGHT(YEAR(K6),2),YEAR(K6))&connector&MONTH(K6)&connector&DAY(K6))),"-")} -> 1 Jan 2021 | M6: =IF(LEN(INDEX(Input!J$6:J$1005,ROW($C6)-ROW($C$5),1))=0,"",INDEX(Input!J$6:J$1005,ROW($C6)-ROW($C$5),1)) -> 44201 | N6: {=IFERROR(IF($AY$24=123,DAY(M6)&connector&IF($AZ$24="Extended",INDEX($AT$24:$AT$35,MONTH(M6),1),MONTH(M6))&connector&IF($AZ$24="Short", RIGHT(YEAR(M6),2),YEAR(M6)),IF($AY$24=213, MONTH(M6)&connector&DAY(M6)&connector&IF($AZ$24="Short", RIGHT(YEAR(M6),2),YEAR(M6)),IF($AZ$24="Short", RIGHT(YEAR(M6),2),YEAR(M6))&connector&MONTH(M6)&connector&DAY(M6))),"-")} -> 5 Jan 2021 | O6: =IF(LEN(INDEX(Input!K$6:K$1005,ROW($C6)-ROW($C$5),1))=0,"",INDEX(Input!K$6:K$1005,ROW($C6)-ROW($C$5),1)) -> 820 | P6: =IF(O6="","-","Value: " &O6&"$") -> Value: 820$ | Q6: =IF(LEN(INDEX(Input!L$6:L$1005,ROW($C6)-ROW($C$5),1))=0,"",INDEX(Input!L$6:L$1005,ROW($C6)-ROW($C$5),1)) -> 0.8 | R6: =IFERROR("Win Probability: "&Q6*100&"%","-") -> Win Probability: 80% | S6: =IF(LEN(INDEX(Input!M$6:M$1005,ROW($C6)-ROW($C$5),1))=0,"-",INDEX(Input!M$6:M$1005,ROW($C6)-ROW($C$5),1)) -> notes1 | T6: =IFERROR(O6*Q6,"") -> 656 | U6: =IF(T6="","-","Forecast: "&T6& " " &currency) -> Forecast: 656 $ | V6: =IF(LEN(INDEX(Input!O$6:O$1005,ROW($C6)-ROW($C$5),1))=0,"",INDEX(Input!O$6:O$1005,ROW($C6)-ROW($C$5),1)) | W6: =IF(V6="","-","Earned: " &V6) -> - | X6: =IFERROR(IF(K6<>"",MONTH(K6),""),"") -> 1 | Y6: =IFERROR(MONTH(IF(M6<>"",M6,K6)),"") -> 1 | Z6: =IF(AND(OR(Dashboard!$D$7=J6,Dashboard!$D$7=""), OR(Dashboard!$G$6<=K6,Dashboard!$G$6=""), OR(Dashboard!$G$7>=K6,Dashboard!$G$7=""), OR(Dashboard!$J$6<=O6,Dashboard!$J$6=""), OR(Dashboard!$J$7>=O6,Dashboard!$J$7=""),D6<>""),"x","") -> x | AA6: =IF(AND(OR(Dashboard!$D$6=H6,Dashboard!$D$6="",Dashboard!$D$6="All"), Z6="x"),"x","") -> x | AB6: =IF(AND(OR(Dashboard!$D$6=H6,Dashboard!$D$6="",Dashboard!$D$6="All"), OR(Dashboard!$D$7=J6,Dashboard!$D$7=""), OR(Dashboard!$G$6<=K6,Dashboard!$G$6=""), OR(Dashboard!$G$7>=K6,Dashboard!$G$7=""), OR(Dashboard!$J$6<=O6,Dashboard!$J$6=""), OR(Dashboard!$J$7>=O6,Dashboard!$J$7=""),I6<>""),"x","") -> x | AC6: =IF($AB6<>"x","",IF(AND($I6<>AC$4, IFERROR(MATCH("c",$AB6:AB6,0),0)=0),"x", IF(IFERROR(MATCH("c",$AB6:AB6,0),0)=0,"c",""))) -> c | AD6: =IF($AB6<>"x","",IF(AND($I6<>AD$4, IFERROR(MATCH("c",$AB6:AC6,0),0)=0),"x", IF(IFERROR(MATCH("c",$AB6:AC6,0),0)=0,"c",""))) | AE6: =IF($AB6<>"x","",IF(AND($I6<>AE$4, IFERROR(MATCH("c",$AB6:AD6,0),0)=0),"x", IF(IFERROR(MATCH("c",$AB6:AD6,0),0)=0,"c",""))) | AF6: =IF($AB6<>"x","",IF(AND($I6<>AF$4, IFERROR(MATCH("c",$AB6:AE6,0),0)=0),"x", IF(IFERROR(MATCH("c",$AB6:AE6,0),0)=0,"c",""))) | AG6: =IF($AB6<>"x","",IF(AND($I6<>AG$4, IFERROR(MATCH("c",$AB6:AF6,0),0)=0),"x", IF(IFERROR(MATCH("c",$AB6:AF6,0),0)=0,"c",""))) | AH6: =IF($AB6<>"x","",IF(AND($I6<>AH$4, IFERROR(MATCH("c",$AB6:AG6,0),0)=0),"x", IF(IFERROR(MATCH("c",$AB6:AG6,0),0)=0,"c",""))) | AI6: =IF($AB6<>"x","",IF(AND($I6<>AI$4, IFERROR(MATCH("c",$AB6:AH6,0),0)=0),"x", IF(IFERROR(MATCH("c",$AB6:AH6,0),0)=0,"c",""))) | AJ6: =IF($AB6<>"x","",IF(AND($I6<>AJ$4, IFERROR(MATCH("c",$AB6:AI6,0),0)=0),"x", IF(IFERROR(MATCH("c",$AB6:AI6,0),0)=0,"c",""))) | ... AQ6: =IF($AB6<>"x","",IF(AND($I6<>AQ$4, IFERROR(MATCH("c",$AB6:AP6,0),0)=0),"x", IF(IFERROR(MATCH("c",$AB6:AP6,0),0)=0,"c",""))) | AS6: Show on pipeline | AW6: General stage | AX6: Count Number: | AY6: Potential value | AZ6: complementary (hidden) | BC6: Won | BD6: Lost | BE6: Won deals | BF6: Total deals | BG6: Cumulative | BH6: Forecast Earnings | BL6: Do not delete the arrow! | BO6: 1 | BP6: =IF(29-SUMIF(Pipeline!D10:AF10,"",$BP$5:$CR$5)>0,ROW(BO6),"") -> 6 | CV6: =IF(Settings!H6=$CU$7,COUNTIF(Settings!$H$6:H6,$CU$7),"") -> 1 | CW6: =IF(Settings!F6="","",Settings!F6) -> Sales Kate | CX6: Not set
B7: =IF(AND(OR(Pipeline!$F$5=H7,Pipeline!$F$5="",Pipeline!$F$5="All"), OR(Pipeline!$F$6=J7,Pipeline!$F$6="",Pipeline!$F$6="All"), OR(Pipeline!$J$5<=K7,Pipeline!$J$5=""), OR(Pipeline!$J$6>=K7,Pipeline!$J$6=""), OR(Pipeline!$N$5<=O7,Pipeline!$N$5=""), OR(Pipeline!$N$6>=O7,Pipeline!$N$6="")),1,0) -> 1 | C7: =IF(B7<>1,"",COUNTIFS($I$6:I6,I7,$B$6:B6,1)+1) -> 1 | D7: =IF(LEN(INDEX(Input!B$6:B$1005,ROW($C7)-ROW($C$5),1))=0,"-",INDEX(Input!B$6:B$1005,ROW($C7)-ROW($C$5),1)) -> SALE TITLE2 | E7: =IF(LEN(INDEX(Input!C$6:C$1005,ROW($C7)-ROW($C$5),1))=0,"-",INDEX(Input!C$6:C$1005,ROW($C7)-ROW($C$5),1)) -> Mercedes Banks | F7: =IF(LEN(INDEX(Input!D$6:D$1005,ROW($C7)-ROW($C$5),1))=0,"-",INDEX(Input!D$6:D$1005,ROW($C7)-ROW($C$5),1)) -> Farrell and Sons | G7: =IF(LEN(INDEX(Input!E$6:E$1005,ROW($C7)-ROW($C$5),1))=0,"-",INDEX(Input!E$6:E$1005,ROW($C7)-ROW($C$5),1)) -> mercedes@mail.com | H7: =IF(LEN(INDEX(Input!F$6:F$1005,ROW($C7)-ROW($C$5),1))=0,"-",INDEX(Input!F$6:F$1005,ROW($C7)-ROW($C$5),1)) -> Sales John | I7: =IF(LEN(INDEX(Input!G$6:G$1005,ROW($C7)-ROW($C$5),1))=0,"",INDEX(Input!G$6:G$1005,ROW($C7)-ROW($C$5),1)) -> Initial Contact | J7: =IF(LEN(INDEX(Input!B$6:B$1005,ROW($C7)-ROW($C$5),1))=0,"-",IF(INDEX(Input!H$6:H$1005,ROW($C7)-ROW($C$5),1)="","Not set",INDEX(Input!H$6:H$1005,ROW($C7)-ROW($C$5),1)) ) -> Not set | K7: =IF(LEN(INDEX(Input!I$6:I$1005,ROW($C7)-ROW($C$5),1))=0,"",INDEX(Input!I$6:I$1005,ROW($C7)-ROW($C$5),1)) -> 44200 | L7: {=IFERROR(IF($AY$24=123,DAY(K7)&connector&IF($AZ$24="Extended",INDEX($AT$24:$AT$35,MONTH(K7),1),MONTH(K7))&connector&IF($AZ$24="Short", RIGHT(YEAR(K7),2),YEAR(K7)),IF($AY$24=213, MONTH(K7)&connector&DAY(K7)&connector&IF($AZ$24="Short", RIGHT(YEAR(K7),2),YEAR(K7)),IF($AZ$24="Short", RIGHT(YEAR(K7),2),YEAR(K7))&connector&MONTH(K7)&connector&DAY(K7))),"-")} -> 4 Jan 2021 | M7: =IF(LEN(INDEX(Input!J$6:J$1005,ROW($C7)-ROW($C$5),1))=0,"",INDEX(Input!J$6:J$1005,ROW($C7)-ROW($C$5),1)) -> 44210 | N7: {=IFERROR(IF($AY$24=123,DAY(M7)&connector&IF($AZ$24="Extended",INDEX($AT$24:$AT$35,MONTH(M7),1),MONTH(M7))&connector&IF($AZ$24="Short", RIGHT(YEAR(M7),2),YEAR(M7)),IF($AY$24=213, MONTH(M7)&connector&DAY(M7)&connector&IF($AZ$24="Short", RIGHT(YEAR(M7),2),YEAR(M7)),IF($AZ$24="Short", RIGHT(YEAR(M7),2),YEAR(M7))&connector&MONTH(M7)&connector&DAY(M7))),"-")} -> 14 Jan 2021 | O7: =IF(LEN(INDEX(Input!K$6:K$1005,ROW($C7)-ROW($C$5),1))=0,"",INDEX(Input!K$6:K$1005,ROW($C7)-ROW($C$5),1)) -> 696 | P7: =IF(O7="","-","Value: " &O7&"$") -> Value: 696$ | Q7: =IF(LEN(INDEX(Input!L$6:L$1005,ROW($C7)-ROW($C$5),1))=0,"",INDEX(Input!L$6:L$1005,ROW($C7)-ROW($C$5),1)) -> 0.6 | R7: =IFERROR("Win Probability: "&Q7*100&"%","-") -> Win Probability: 60% | S7: =IF(LEN(INDEX(Input!M$6:M$1005,ROW($C7)-ROW($C$5),1))=0,"-",INDEX(Input!M$6:M$1005,ROW($C7)-ROW($C$5),1)) -> notes2 | T7: =IFERROR(O7*Q7,"") -> 417.6 | U7: =IF(T7="","-","Forecast: "&T7& " " &currency) -> Forecast: 417,6 $ | V7: =IF(LEN(INDEX(Input!O$6:O$1005,ROW($C7)-ROW($C$5),1))=0,"",INDEX(Input!O$6:O$1005,ROW($C7)-ROW($C$5),1)) | W7: =IF(V7="","-","Earned: " &V7) -> - | X7: =IFERROR(IF(K7<>"",MONTH(K7),""),"") -> 1 | Y7: =IFERROR(MONTH(IF(M7<>"",M7,K7)),"") -> 1 | Z7: =IF(AND(OR(Dashboard!$D$7=J7,Dashboard!$D$7=""), OR(Dashboard!$G$6<=K7,Dashboard!$G$6=""), OR(Dashboard!$G$7>=K7,Dashboard!$G$7=""), OR(Dashboard!$J$6<=O7,Dashboard!$J$6=""), OR(Dashboard!$J$7>=O7,Dashboard!$J$7=""),D7<>""),"x","") -> x | AA7: =IF(AND(OR(Dashboard!$D$6=H7,Dashboard!$D$6="",Dashboard!$D$6="All"), Z7="x"),"x","") -> x | AB7: =IF(AND(OR(Dashboard!$D$6=H7,Dashboard!$D$6="",Dashboard!$D$6="All"), OR(Dashboard!$D$7=J7,Dashboard!$D$7=""), OR(Dashboard!$G$6<=K7,Dashboard!$G$6=""), OR(Dashboard!$G$7>=K7,Dashboard!$G$7=""), OR(Dashboard!$J$6<=O7,Dashboard!$J$6=""), OR(Dashboard!$J$7>=O7,Dashboard!$J$7=""),I7<>""),"x","") -> x | AC7: =IF($AB7<>"x","",IF(AND($I7<>AC$4, IFERROR(MATCH("c",$AB7:AB7,0),0)=0),"x", IF(IFERROR(MATCH("c",$AB7:AB7,0),0)=0,"c",""))) -> x | AD7: =IF($AB7<>"x","",IF(AND($I7<>AD$4, IFERROR(MATCH("c",$AB7:AC7,0),0)=0),"x", IF(IFERROR(MATCH("c",$AB7:AC7,0),0)=0,"c",""))) -> c | AE7: =IF($AB7<>"x","",IF(AND($I7<>AE$4, IFERROR(MATCH("c",$AB7:AD7,0),0)=0),"x", IF(IFERROR(MATCH("c",$AB7:AD7,0),0)=0,"c",""))) | AF7: =IF($AB7<>"x","",IF(AND($I7<>AF$4, IFERROR(MATCH("c",$AB7:AE7,0),0)=0),"x", IF(IFERROR(MATCH("c",$AB7:AE7,0),0)=0,"c",""))) | AG7: =IF($AB7<>"x","",IF(AND($I7<>AG$4, IFERROR(MATCH("c",$AB7:AF7,0),0)=0),"x", IF(IFERROR(MATCH("c",$AB7:AF7,0),0)=0,"c",""))) | AH7: =IF($AB7<>"x","",IF(AND($I7<>AH$4, IFERROR(MATCH("c",$AB7:AG7,0),0)=0),"x", IF(IFERROR(MATCH("c",$AB7:AG7,0),0)=0,"c",""))) | AI7: =IF($AB7<>"x","",IF(AND($I7<>AI$4, IFERROR(MATCH("c",$AB7:AH7,0),0)=0),"x", IF(IFERROR(MATCH("c",$AB7:AH7,0),0)=0,"c",""))) | AJ7: =IF($AB7<>"x","",IF(AND($I7<>AJ$4, IFERROR(MATCH("c",$AB7:AI7,0),0)=0),"x", IF(IFERROR(MATCH("c",$AB7:AI7,0),0)=0,"c",""))) | ... AQ7: =IF($AB7<>"x","",IF(AND($I7<>AQ$4, IFERROR(MATCH("c",$AB7:AP7,0),0)=0),"x", IF(IFERROR(MATCH("c",$AB7:AP7,0),0)=0,"c",""))) | AS7: 1 | AT7: =IFERROR(INDEX(Settings!$I$6:$I$19,MATCH(Calc!AS7,Calc!$CV$6:$CV$19,0),1),"") -> SALE TITLE | AW7: =IF(Settings!B6<>"",Settings!B6,"") -> Lead | AX7: =IF(AW7<>"",COUNTIF(INDEX($AC$6:$AQ$1005,,MATCH(AW7,$AC$4:$AQ$4,0)),"x")+COUNTIF(INDEX($AC$6:$AQ$1005,,MATCH(AW7,$AC$4:$AQ$4,0)),"c"),"") -> 7 | AY7: =IFERROR(INDEX(Calc!$AC$2:$AQ$2,1,MATCH(AW7,Calc!$AC$4:$AQ$4,0)),"") -> 6121 | AZ7: =IFERROR((MAX($AX$7:$AX$21)-AX7)/2,"") -> 0 | BB7: January | BC7: =IFERROR(IF(COUNTIFS($J$6:$J$1005,Settings!$D$6,$Y$6:$Y$1005,ROW(BB7)-ROW($BB$6),$AA$6:$AA$1005,"x")=0,NA(),COUNTIFS($J$6:$J$1005,Settings!$D$6,$Y$6:$Y$1005,ROW(BB7)-ROW($BB$6),$AA$6:$AA$1005,"x")),"") -> 1 | BD7: =IFERROR(IF(COUNTIFS($J$6:$J$1005,Settings!$D$7,$Y$6:$Y$1005,ROW(BB7)-ROW($BB$6),$AA$6:$AA$1005,"x")=0,NA(),COUNTIFS($J$6:$J$1005,Settings!$D$7,$Y$6:$Y$1005,ROW(BB7)-ROW($BB$6),$AA$6:$AA$1005,"x")),"") | BE7: =IFERROR(SUMIFS($O$6:$O$1005,$J$6:$J$1005,Settings!$D$6,$Y$6:$Y$1005,ROW(BB7)-ROW($BB$6),$AA$6:$AA$1005,"x"),"") -> 1272 | BF7: =IFERROR(SUMIFS($O$6:$O$1005,$Y$6:$Y$1005,ROW(BB7)-ROW($BB$6),$AA$6:$AA$1005,"x"),"") -> 2788 | BG7: =IFERROR(SUM($BE$7:BE7),"") -> 1272 | BH7: =IFERROR(SUMIFS($T$6:$T$1005,$Y$6:$Y$1005,ROW(BB7)-ROW($BB$6),$AA$6:$AA$1005,"x"),"") -> 1964 | BJ7: ="WON vs. LOST " & IFERROR(ROUND(BC19/SUM(BC19:BD19)*100,0),0) & "% DEALS" -> WON vs. LOST 80% DEALS | BO7: =IF(COUNTIF($BO$6:BO6,BO6)+1>Calc!$CU$9,MAX($BO$6:BO6)+1,BO6) -> 1 | BP7: =IF(29-SUMIF(Pipeline!D11:AF11,"",$BP$5:$CR$5)>0,ROW(BO7),"") -> 7 | CU7: X | CV7: =IF(Settings!H7=$CU$7,COUNTIF(Settings!$H$6:H7,$CU$7),"") -> 2 | CW7: =IF(Settings!F7="","",Settings!F7) -> Sales John | CX7: =IF(Settings!D6="","",Settings!D6) -> Won
B8: =IF(AND(OR(Pipeline!$F$5=H8,Pipeline!$F$5="",Pipeline!$F$5="All"), OR(Pipeline!$F$6=J8,Pipeline!$F$6="",Pipeline!$F$6="All"), OR(Pipeline!$J$5<=K8,Pipeline!$J$5=""), OR(Pipeline!$J$6>=K8,Pipeline!$J$6=""), OR(Pipeline!$N$5<=O8,Pipeline!$N$5=""), OR(Pipeline!$N$6>=O8,Pipeline!$N$6="")),1,0) -> 1 | C8: =IF(B8<>1,"",COUNTIFS($I$6:I7,I8,$B$6:B7,1)+1) -> 1 | D8: =IF(LEN(INDEX(Input!B$6:B$1005,ROW($C8)-ROW($C$5),1))=0,"-",INDEX(Input!B$6:B$1005,ROW($C8)-ROW($C$5),1)) -> SALE TITLE3 | E8: =IF(LEN(INDEX(Input!C$6:C$1005,ROW($C8)-ROW($C$5),1))=0,"-",INDEX(Input!C$6:C$1005,ROW($C8)-ROW($C$5),1)) -> Macauley Peck | F8: =IF(LEN(INDEX(Input!D$6:D$1005,ROW($C8)-ROW($C$5),1))=0,"-",INDEX(Input!D$6:D$1005,ROW($C8)-ROW($C$5),1)) -> Nikolaus Ltd | G8: =IF(LEN(INDEX(Input!E$6:E$1005,ROW($C8)-ROW($C$5),1))=0,"-",INDEX(Input!E$6:E$1005,ROW($C8)-ROW($C$5),1)) -> macauley@mail.com | H8: =IF(LEN(INDEX(Input!F$6:F$1005,ROW($C8)-ROW($C$5),1))=0,"-",INDEX(Input!F$6:F$1005,ROW($C8)-ROW($C$5),1)) -> Sales Mia | I8: =IF(LEN(INDEX(Input!G$6:G$1005,ROW($C8)-ROW($C$5),1))=0,"",INDEX(Input!G$6:G$1005,ROW($C8)-ROW($C$5),1)) -> Qualified Lead | J8: =IF(LEN(INDEX(Input!B$6:B$1005,ROW($C8)-ROW($C$5),1))=0,"-",IF(INDEX(Input!H$6:H$1005,ROW($C8)-ROW($C$5),1)="","Not set",INDEX(Input!H$6:H$1005,ROW($C8)-ROW($C$5),1)) ) -> Won | K8: =IF(LEN(INDEX(Input!I$6:I$1005,ROW($C8)-ROW($C$5),1))=0,"",INDEX(Input!I$6:I$1005,ROW($C8)-ROW($C$5),1)) -> 44203 | L8: {=IFERROR(IF($AY$24=123,DAY(K8)&connector&IF($AZ$24="Extended",INDEX($AT$24:$AT$35,MONTH(K8),1),MONTH(K8))&connector&IF($AZ$24="Short", RIGHT(YEAR(K8),2),YEAR(K8)),IF($AY$24=213, MONTH(K8)&connector&DAY(K8)&connector&IF($AZ$24="Short", RIGHT(YEAR(K8),2),YEAR(K8)),IF($AZ$24="Short", RIGHT(YEAR(K8),2),YEAR(K8))&connector&MONTH(K8)&connector&DAY(K8))),"-")} -> 7 Jan 2021 | M8: =IF(LEN(INDEX(Input!J$6:J$1005,ROW($C8)-ROW($C$5),1))=0,"",INDEX(Input!J$6:J$1005,ROW($C8)-ROW($C$5),1)) -> 44219 | N8: {=IFERROR(IF($AY$24=123,DAY(M8)&connector&IF($AZ$24="Extended",INDEX($AT$24:$AT$35,MONTH(M8),1),MONTH(M8))&connector&IF($AZ$24="Short", RIGHT(YEAR(M8),2),YEAR(M8)),IF($AY$24=213, MONTH(M8)&connector&DAY(M8)&connector&IF($AZ$24="Short", RIGHT(YEAR(M8),2),YEAR(M8)),IF($AZ$24="Short", RIGHT(YEAR(M8),2),YEAR(M8))&connector&MONTH(M8)&connector&DAY(M8))),"-")} -> 23 Jan 2021 | O8: =IF(LEN(INDEX(Input!K$6:K$1005,ROW($C8)-ROW($C$5),1))=0,"",INDEX(Input!K$6:K$1005,ROW($C8)-ROW($C$5),1)) -> 1272 | P8: =IF(O8="","-","Value: " &O8&"$") -> Value: 1272$ | Q8: =IF(LEN(INDEX(Input!L$6:L$1005,ROW($C8)-ROW($C$5),1))=0,"",INDEX(Input!L$6:L$1005,ROW($C8)-ROW($C$5),1)) -> 0.7 | R8: =IFERROR("Win Probability: "&Q8*100&"%","-") -> Win Probability: 70% | S8: =IF(LEN(INDEX(Input!M$6:M$1005,ROW($C8)-ROW($C$5),1))=0,"-",INDEX(Input!M$6:M$1005,ROW($C8)-ROW($C$5),1)) -> notes3 | T8: =IFERROR(O8*Q8,"") -> 890.4 | U8: =IF(T8="","-","Forecast: "&T8& " " &currency) -> Forecast: 890,4 $ | V8: =IF(LEN(INDEX(Input!O$6:O$1005,ROW($C8)-ROW($C$5),1))=0,"",INDEX(Input!O$6:O$1005,ROW($C8)-ROW($C$5),1)) -> 1.272,00 $ | W8: =IF(V8="","-","Earned: " &V8) -> Earned: 1.272,00 $ | X8: =IFERROR(IF(K8<>"",MONTH(K8),""),"") -> 1 | Y8: =IFERROR(MONTH(IF(M8<>"",M8,K8)),"") -> 1 | Z8: =IF(AND(OR(Dashboard!$D$7=J8,Dashboard!$D$7=""), OR(Dashboard!$G$6<=K8,Dashboard!$G$6=""), OR(Dashboard!$G$7>=K8,Dashboard!$G$7=""), OR(Dashboard!$J$6<=O8,Dashboard!$J$6=""), OR(Dashboard!$J$7>=O8,Dashboard!$J$7=""),D8<>""),"x","") -> x | AA8: =IF(AND(OR(Dashboard!$D$6=H8,Dashboard!$D$6="",Dashboard!$D$6="All"), Z8="x"),"x","") -> x | AB8: =IF(AND(OR(Dashboard!$D$6=H8,Dashboard!$D$6="",Dashboard!$D$6="All"), OR(Dashboard!$D$7=J8,Dashboard!$D$7=""), OR(Dashboard!$G$6<=K8,Dashboard!$G$6=""), OR(Dashboard!$G$7>=K8,Dashboard!$G$7=""), OR(Dashboard!$J$6<=O8,Dashboard!$J$6=""), OR(Dashboard!$J$7>=O8,Dashboard!$J$7=""),I8<>""),"x","") -> x | AC8: =IF($AB8<>"x","",IF(AND($I8<>AC$4, IFERROR(MATCH("c",$AB8:AB8,0),0)=0),"x", IF(IFERROR(MATCH("c",$AB8:AB8,0),0)=0,"c",""))) -> x | AD8: =IF($AB8<>"x","",IF(AND($I8<>AD$4, IFERROR(MATCH("c",$AB8:AC8,0),0)=0),"x", IF(IFERROR(MATCH("c",$AB8:AC8,0),0)=0,"c",""))) -> x | AE8: =IF($AB8<>"x","",IF(AND($I8<>AE$4, IFERROR(MATCH("c",$AB8:AD8,0),0)=0),"x", IF(IFERROR(MATCH("c",$AB8:AD8,0),0)=0,"c",""))) -> c | AF8: =IF($AB8<>"x","",IF(AND($I8<>AF$4, IFERROR(MATCH("c",$AB8:AE8,0),0)=0),"x", IF(IFERROR(MATCH("c",$AB8:AE8,0),0)=0,"c",""))) | AG8: =IF($AB8<>"x","",IF(AND($I8<>AG$4, IFERROR(MATCH("c",$AB8:AF8,0),0)=0),"x", IF(IFERROR(MATCH("c",$AB8:AF8,0),0)=0,"c",""))) | AH8: =IF($AB8<>"x","",IF(AND($I8<>AH$4, IFERROR(MATCH("c",$AB8:AG8,0),0)=0),"x", IF(IFERROR(MATCH("c",$AB8:AG8,0),0)=0,"c",""))) | AI8: =IF($AB8<>"x","",IF(AND($I8<>AI$4, IFERROR(MATCH("c",$AB8:AH8,0),0)=0),"x", IF(IFERROR(MATCH("c",$AB8:AH8,0),0)=0,"c",""))) | AJ8: =IF($AB8<>"x","",IF(AND($I8<>AJ$4, IFERROR(MATCH("c",$AB8:AI8,0),0)=0),"x", IF(IFERROR(MATCH("c",$AB8:AI8,0),0)=0,"c",""))) | ... AQ8: =IF($AB8<>"x","",IF(AND($I8<>AQ$4, IFERROR(MATCH("c",$AB8:AP8,0),0)=0),"x", IF(IFERROR(MATCH("c",$AB8:AP8,0),0)=0,"c",""))) | AS8: 2 | AT8: =IFERROR(INDEX(Settings!$I$6:$I$19,MATCH(Calc!AS8,Calc!$CV$6:$CV$19,0),1),"") -> CONTACT NAME | AW8: =IF(Settings!B7<>"",Settings!B7,"") -> Initial Contact | AX8: =IF(AW8<>"",COUNTIF(INDEX($AC$6:$AQ$1005,,MATCH(AW8,$AC$4:$AQ$4,0)),"x")+COUNTIF(INDEX($AC$6:$AQ$1005,,MATCH(AW8,$AC$4:$AQ$4,0)),"c"),"") -> 6 | AY8: =IFERROR(INDEX(Calc!$AC$2:$AQ$2,1,MATCH(AW8,Calc!$AC$4:$AQ$4,0)),"") -> 5301 | AZ8: =IFERROR((MAX($AX$7:$AX$21)-AX8)/2,"") -> 0.5 | BB8: February | BC8: =IFERROR(IF(COUNTIFS($J$6:$J$1005,Settings!$D$6,$Y$6:$Y$1005,ROW(BB8)-ROW($BB$6),$AA$6:$AA$1005,"x")=0,NA(),COUNTIFS($J$6:$J$1005,Settings!$D$6,$Y$6:$Y$1005,ROW(BB8)-ROW($BB$6),$AA$6:$AA$1005,"x")),"") -> 3 | BD8: =IFERROR(IF(COUNTIFS($J$6:$J$1005,Settings!$D$7,$Y$6:$Y$1005,ROW(BB8)-ROW($BB$6),$AA$6:$AA$1005,"x")=0,NA(),COUNTIFS($J$6:$J$1005,Settings!$D$7,$Y$6:$Y$1005,ROW(BB8)-ROW($BB$6),$AA$6:$AA$1005,"x")),"") -> 1 | BE8: =IFERROR(SUMIFS($O$6:$O$1005,$J$6:$J$1005,Settings!$D$6,$Y$6:$Y$1005,ROW(BB8)-ROW($BB$6),$AA$6:$AA$1005,"x"),"") -> 2510 | BF8: =IFERROR(SUMIFS($O$6:$O$1005,$Y$6:$Y$1005,ROW(BB8)-ROW($BB$6),$AA$6:$AA$1005,"x"),"") -> 3333 | BG8: =IFERROR(SUM($BE$7:BE8),"") -> 3782 | BH8: =IFERROR(SUMIFS($T$6:$T$1005,$Y$6:$Y$1005,ROW(BB8)-ROW($BB$6),$AA$6:$AA$1005,"x"),"") -> 2666.4 | BJ8: ="FORECASTED EARNINGS "& currency &" " & TEXT( BH19, "#.##0" ) -> FORECASTED EARNINGS $ 4.630 | BO8: =IF(COUNTIF($BO$6:BO7,BO7)+1>Calc!$CU$9,MAX($BO$6:BO7)+1,BO7) -> 1 | BP8: =IF(29-SUMIF(Pipeline!D12:AF12,"",$BP$5:$CR$5)>0,ROW(BO8),"") -> 8 | CV8: =IF(Settings!H8=$CU$7,COUNTIF(Settings!$H$6:H8,$CU$7),"") | CW8: =IF(Settings!F8="","",Settings!F8) -> Sales Mia | CX8: =IF(Settings!D7="","",Settings!D7) -> Lost
B9: =IF(AND(OR(Pipeline!$F$5=H9,Pipeline!$F$5="",Pipeline!$F$5="All"), OR(Pipeline!$F$6=J9,Pipeline!$F$6="",Pipeline!$F$6="All"), OR(Pipeline!$J$5<=K9,Pipeline!$J$5=""), OR(Pipeline!$J$6>=K9,Pipeline!$J$6=""), OR(Pipeline!$N$5<=O9,Pipeline!$N$5=""), OR(Pipeline!$N$6>=O9,Pipeline!$N$6="")),1,0) -> 1 | C9: =IF(B9<>1,"",COUNTIFS($I$6:I8,I9,$B$6:B8,1)+1) -> 1 | D9: =IF(LEN(INDEX(Input!B$6:B$1005,ROW($C9)-ROW($C$5),1))=0,"-",INDEX(Input!B$6:B$1005,ROW($C9)-ROW($C$5),1)) -> SALE TITLE4 | E9: =IF(LEN(INDEX(Input!C$6:C$1005,ROW($C9)-ROW($C$5),1))=0,"-",INDEX(Input!C$6:C$1005,ROW($C9)-ROW($C$5),1)) -> Hannah Shaw | F9: =IF(LEN(INDEX(Input!D$6:D$1005,ROW($C9)-ROW($C$5),1))=0,"-",INDEX(Input!D$6:D$1005,ROW($C9)-ROW($C$5),1)) -> Walker-Johnson | G9: =IF(LEN(INDEX(Input!E$6:E$1005,ROW($C9)-ROW($C$5),1))=0,"-",INDEX(Input!E$6:E$1005,ROW($C9)-ROW($C$5),1)) -> hannah@mail.com | H9: =IF(LEN(INDEX(Input!F$6:F$1005,ROW($C9)-ROW($C$5),1))=0,"-",INDEX(Input!F$6:F$1005,ROW($C9)-ROW($C$5),1)) -> Sales Carl | I9: =IF(LEN(INDEX(Input!G$6:G$1005,ROW($C9)-ROW($C$5),1))=0,"",INDEX(Input!G$6:G$1005,ROW($C9)-ROW($C$5),1)) -> Opportunity | J9: =IF(LEN(INDEX(Input!B$6:B$1005,ROW($C9)-ROW($C$5),1))=0,"-",IF(INDEX(Input!H$6:H$1005,ROW($C9)-ROW($C$5),1)="","Not set",INDEX(Input!H$6:H$1005,ROW($C9)-ROW($C$5),1)) ) -> Won | K9: =IF(LEN(INDEX(Input!I$6:I$1005,ROW($C9)-ROW($C$5),1))=0,"",INDEX(Input!I$6:I$1005,ROW($C9)-ROW($C$5),1)) -> 44206 | L9: {=IFERROR(IF($AY$24=123,DAY(K9)&connector&IF($AZ$24="Extended",INDEX($AT$24:$AT$35,MONTH(K9),1),MONTH(K9))&connector&IF($AZ$24="Short", RIGHT(YEAR(K9),2),YEAR(K9)),IF($AY$24=213, MONTH(K9)&connector&DAY(K9)&connector&IF($AZ$24="Short", RIGHT(YEAR(K9),2),YEAR(K9)),IF($AZ$24="Short", RIGHT(YEAR(K9),2),YEAR(K9))&connector&MONTH(K9)&connector&DAY(K9))),"-")} -> 10 Jan 2021 | M9: =IF(LEN(INDEX(Input!J$6:J$1005,ROW($C9)-ROW($C$5),1))=0,"",INDEX(Input!J$6:J$1005,ROW($C9)-ROW($C$5),1)) -> 44228 | N9: {=IFERROR(IF($AY$24=123,DAY(M9)&connector&IF($AZ$24="Extended",INDEX($AT$24:$AT$35,MONTH(M9),1),MONTH(M9))&connector&IF($AZ$24="Short", RIGHT(YEAR(M9),2),YEAR(M9)),IF($AY$24=213, MONTH(M9)&connector&DAY(M9)&connector&IF($AZ$24="Short", RIGHT(YEAR(M9),2),YEAR(M9)),IF($AZ$24="Short", RIGHT(YEAR(M9),2),YEAR(M9))&connector&MONTH(M9)&connector&DAY(M9))),"-")} -> 1 Feb 2021 | O9: =IF(LEN(INDEX(Input!K$6:K$1005,ROW($C9)-ROW($C$5),1))=0,"",INDEX(Input!K$6:K$1005,ROW($C9)-ROW($C$5),1)) -> 1468 | P9: =IF(O9="","-","Value: " &O9&"$") -> Value: 1468$ | Q9: =IF(LEN(INDEX(Input!L$6:L$1005,ROW($C9)-ROW($C$5),1))=0,"",INDEX(Input!L$6:L$1005,ROW($C9)-ROW($C$5),1)) -> 0.8 | R9: =IFERROR("Win Probability: "&Q9*100&"%","-") -> Win Probability: 80% | S9: =IF(LEN(INDEX(Input!M$6:M$1005,ROW($C9)-ROW($C$5),1))=0,"-",INDEX(Input!M$6:M$1005,ROW($C9)-ROW($C$5),1)) -> notes4 | T9: =IFERROR(O9*Q9,"") -> 1174.4 | U9: =IF(T9="","-","Forecast: "&T9& " " &currency) -> Forecast: 1174,4 $ | V9: =IF(LEN(INDEX(Input!O$6:O$1005,ROW($C9)-ROW($C$5),1))=0,"",INDEX(Input!O$6:O$1005,ROW($C9)-ROW($C$5),1)) -> 1.468,00 $ | W9: =IF(V9="","-","Earned: " &V9) -> Earned: 1.468,00 $ | X9: =IFERROR(IF(K9<>"",MONTH(K9),""),"") -> 1 | Y9: =IFERROR(MONTH(IF(M9<>"",M9,K9)),"") -> 2 | Z9: =IF(AND(OR(Dashboard!$D$7=J9,Dashboard!$D$7=""), OR(Dashboard!$G$6<=K9,Dashboard!$G$6=""), OR(Dashboard!$G$7>=K9,Dashboard!$G$7=""), OR(Dashboard!$J$6<=O9,Dashboard!$J$6=""), OR(Dashboard!$J$7>=O9,Dashboard!$J$7=""),D9<>""),"x","") -> x | AA9: =IF(AND(OR(Dashboard!$D$6=H9,Dashboard!$D$6="",Dashboard!$D$6="All"), Z9="x"),"x","") -> x | AB9: =IF(AND(OR(Dashboard!$D$6=H9,Dashboard!$D$6="",Dashboard!$D$6="All"), OR(Dashboard!$D$7=J9,Dashboard!$D$7=""), OR(Dashboard!$G$6<=K9,Dashboard!$G$6=""), OR(Dashboard!$G$7>=K9,Dashboard!$G$7=""), OR(Dashboard!$J$6<=O9,Dashboard!$J$6=""), OR(Dashboard!$J$7>=O9,Dashboard!$J$7=""),I9<>""),"x","") -> x | AC9: =IF($AB9<>"x","",IF(AND($I9<>AC$4, IFERROR(MATCH("c",$AB9:AB9,0),0)=0),"x", IF(IFERROR(MATCH("c",$AB9:AB9,0),0)=0,"c",""))) -> x | AD9: =IF($AB9<>"x","",IF(AND($I9<>AD$4, IFERROR(MATCH("c",$AB9:AC9,0),0)=0),"x", IF(IFERROR(MATCH("c",$AB9:AC9,0),0)=0,"c",""))) -> x | AE9: =IF($AB9<>"x","",IF(AND($I9<>AE$4, IFERROR(MATCH("c",$AB9:AD9,0),0)=0),"x", IF(IFERROR(MATCH("c",$AB9:AD9,0),0)=0,"c",""))) -> x | AF9: =IF($AB9<>"x","",IF(AND($I9<>AF$4, IFERROR(MATCH("c",$AB9:AE9,0),0)=0),"x", IF(IFERROR(MATCH("c",$AB9:AE9,0),0)=0,"c",""))) -> c | AG9: =IF($AB9<>"x","",IF(AND($I9<>AG$4, IFERROR(MATCH("c",$AB9:AF9,0),0)=0),"x", IF(IFERROR(MATCH("c",$AB9:AF9,0),0)=0,"c",""))) | AH9: =IF($AB9<>"x","",IF(AND($I9<>AH$4, IFERROR(MATCH("c",$AB9:AG9,0),0)=0),"x", IF(IFERROR(MATCH("c",$AB9:AG9,0),0)=0,"c",""))) | AI9: =IF($AB9<>"x","",IF(AND($I9<>AI$4, IFERROR(MATCH("c",$AB9:AH9,0),0)=0),"x", IF(IFERROR(MATCH("c",$AB9:AH9,0),0)=0,"c",""))) | AJ9: =IF($AB9<>"x","",IF(AND($I9<>AJ$4, IFERROR(MATCH("c",$AB9:AI9,0),0)=0),"x", IF(IFERROR(MATCH("c",$AB9:AI9,0),0)=0,"c",""))) | ... AQ9: =IF($AB9<>"x","",IF(AND($I9<>AQ$4, IFERROR(MATCH("c",$AB9:AP9,0),0)=0),"x", IF(IFERROR(MATCH("c",$AB9:AP9,0),0)=0,"c",""))) | AS9: 3 | AT9: =IFERROR(INDEX(Settings!$I$6:$I$19,MATCH(Calc!AS9,Calc!$CV$6:$CV$19,0),1),"") -> CLOSE DATE | AW9: =IF(Settings!B8<>"",Settings!B8,"") -> Qualified Lead | AX9: =IF(AW9<>"",COUNTIF(INDEX($AC$6:$AQ$1005,,MATCH(AW9,$AC$4:$AQ$4,0)),"x")+COUNTIF(INDEX($AC$6:$AQ$1005,,MATCH(AW9,$AC$4:$AQ$4,0)),"c"),"") -> 5 | AY9: =IFERROR(INDEX(Calc!$AC$2:$AQ$2,1,MATCH(AW9,Calc!$AC$4:$AQ$4,0)),"") -> 4605 | AZ9: =IFERROR((MAX($AX$7:$AX$21)-AX9)/2,"") -> 1 | BB9: March | BC9: =IFERROR(IF(COUNTIFS($J$6:$J$1005,Settings!$D$6,$Y$6:$Y$1005,ROW(BB9)-ROW($BB$6),$AA$6:$AA$1005,"x")=0,NA(),COUNTIFS($J$6:$J$1005,Settings!$D$6,$Y$6:$Y$1005,ROW(BB9)-ROW($BB$6),$AA$6:$AA$1005,"x")),"") | BD9: =IFERROR(IF(COUNTIFS($J$6:$J$1005,Settings!$D$7,$Y$6:$Y$1005,ROW(BB9)-ROW($BB$6),$AA$6:$AA$1005,"x")=0,NA(),COUNTIFS($J$6:$J$1005,Settings!$D$7,$Y$6:$Y$1005,ROW(BB9)-ROW($BB$6),$AA$6:$AA$1005,"x")),"") | BE9: =IFERROR(SUMIFS($O$6:$O$1005,$J$6:$J$1005,Settings!$D$6,$Y$6:$Y$1005,ROW(BB9)-ROW($BB$6),$AA$6:$AA$1005,"x"),"") -> 0 | BF9: =IFERROR(SUMIFS($O$6:$O$1005,$Y$6:$Y$1005,ROW(BB9)-ROW($BB$6),$AA$6:$AA$1005,"x"),"") -> 0 | BG9: =IFERROR(SUM($BE$7:BE9),"") -> 3782 | BH9: =IFERROR(SUMIFS($T$6:$T$1005,$Y$6:$Y$1005,ROW(BB9)-ROW($BB$6),$AA$6:$AA$1005,"x"),"") -> 0 | BJ9: ="ACTUAL EARNINGS "& currency & " " & TEXT(BE19, "#.##0") -> ACTUAL EARNINGS $ 3.782 | BO9: =IF(COUNTIF($BO$6:BO8,BO8)+1>Calc!$CU$9,MAX($BO$6:BO8)+1,BO8) -> 1 | BP9: =IF(29-SUMIF(Pipeline!D13:AF13,"",$BP$5:$CR$5)>0,ROW(BO9),"") -> 9 | CU9: =COUNTIF(Settings!H6:H19,CU7) -> 4 | CV9: =IF(Settings!H9=$CU$7,COUNTIF(Settings!$H$6:H9,$CU$7),"") | CW9: =IF(Settings!F9="","",Settings!F9) -> Sales Carl | CX9: =IF(Settings!D8="","",Settings!D8) -> Open
B10: =IF(AND(OR(Pipeline!$F$5=H10,Pipeline!$F$5="",Pipeline!$F$5="All"), OR(Pipeline!$F$6=J10,Pipeline!$F$6="",Pipeline!$F$6="All"), OR(Pipeline!$J$5<=K10,Pipeline!$J$5=""), OR(Pipeline!$J$6>=K10,Pipeline!$J$6=""), OR(Pipeline!$N$5<=O10,Pipeline!$N$5=""), OR(Pipeline!$N$6>=O10,Pipeline!$N$6="")),1,0) -> 1 | C10: =IF(B10<>1,"",COUNTIFS($I$6:I9,I10,$B$6:B9,1)+1) -> 1 | D10: =IF(LEN(INDEX(Input!B$6:B$1005,ROW($C10)-ROW($C$5),1))=0,"-",INDEX(Input!B$6:B$1005,ROW($C10)-ROW($C$5),1)) -> SALE TITLE5 | E10: =IF(LEN(INDEX(Input!C$6:C$1005,ROW($C10)-ROW($C$5),1))=0,"-",INDEX(Input!C$6:C$1005,ROW($C10)-ROW($C$5),1)) -> Carmel Beltran | F10: =IF(LEN(INDEX(Input!D$6:D$1005,ROW($C10)-ROW($C$5),1))=0,"-",INDEX(Input!D$6:D$1005,ROW($C10)-ROW($C$5),1)) -> Dach Ltd | G10: =IF(LEN(INDEX(Input!E$6:E$1005,ROW($C10)-ROW($C$5),1))=0,"-",INDEX(Input!E$6:E$1005,ROW($C10)-ROW($C$5),1)) -> carmel@mail.com | H10: =IF(LEN(INDEX(Input!F$6:F$1005,ROW($C10)-ROW($C$5),1))=0,"-",INDEX(Input!F$6:F$1005,ROW($C10)-ROW($C$5),1)) -> Sales Paul | I10: =IF(LEN(INDEX(Input!G$6:G$1005,ROW($C10)-ROW($C$5),1))=0,"",INDEX(Input!G$6:G$1005,ROW($C10)-ROW($C$5),1)) -> Solution | J10: =IF(LEN(INDEX(Input!B$6:B$1005,ROW($C10)-ROW($C$5),1))=0,"-",IF(INDEX(Input!H$6:H$1005,ROW($C10)-ROW($C$5),1)="","Not set",INDEX(Input!H$6:H$1005,ROW($C10)-ROW($C$5),1)) ) -> Lost | K10: =IF(LEN(INDEX(Input!I$6:I$1005,ROW($C10)-ROW($C$5),1))=0,"",INDEX(Input!I$6:I$1005,ROW($C10)-ROW($C$5),1)) -> 44209 | L10: {=IFERROR(IF($AY$24=123,DAY(K10)&connector&IF($AZ$24="Extended",INDEX($AT$24:$AT$35,MONTH(K10),1),MONTH(K10))&connector&IF($AZ$24="Short", RIGHT(YEAR(K10),2),YEAR(K10)),IF($AY$24=213, MONTH(K10)&connector&DAY(K10)&connector&IF($AZ$24="Short", RIGHT(YEAR(K10),2),YEAR(K10)),IF($AZ$24="Short", RIGHT(YEAR(K10),2),YEAR(K10))&connector&MONTH(K10)&connector&DAY(K10))),"-")} -> 13 Jan 2021 | M10: =IF(LEN(INDEX(Input!J$6:J$1005,ROW($C10)-ROW($C$5),1))=0,"",INDEX(Input!J$6:J$1005,ROW($C10)-ROW($C$5),1)) -> 44237 | N10: {=IFERROR(IF($AY$24=123,DAY(M10)&connector&IF($AZ$24="Extended",INDEX($AT$24:$AT$35,MONTH(M10),1),MONTH(M10))&connector&IF($AZ$24="Short", RIGHT(YEAR(M10),2),YEAR(M10)),IF($AY$24=213, MONTH(M10)&connector&DAY(M10)&connector&IF($AZ$24="Short", RIGHT(YEAR(M10),2),YEAR(M10)),IF($AZ$24="Short", RIGHT(YEAR(M10),2),YEAR(M10))&connector&MONTH(M10)&connector&DAY(M10))),"-")} -> 10 Feb 2021 | O10: =IF(LEN(INDEX(Input!K$6:K$1005,ROW($C10)-ROW($C$5),1))=0,"",INDEX(Input!K$6:K$1005,ROW($C10)-ROW($C$5),1)) -> 823 | P10: =IF(O10="","-","Value: " &O10&"$") -> Value: 823$ | Q10: =IF(LEN(INDEX(Input!L$6:L$1005,ROW($C10)-ROW($C$5),1))=0,"",INDEX(Input!L$6:L$1005,ROW($C10)-ROW($C$5),1)) -> 0.8 | R10: =IFERROR("Win Probability: "&Q10*100&"%","-") -> Win Probability: 80% | S10: =IF(LEN(INDEX(Input!M$6:M$1005,ROW($C10)-ROW($C$5),1))=0,"-",INDEX(Input!M$6:M$1005,ROW($C10)-ROW($C$5),1)) -> notes5 | T10: =IFERROR(O10*Q10,"") -> 658.4 | U10: =IF(T10="","-","Forecast: "&T10& " " &currency) -> Forecast: 658,4 $ | V10: =IF(LEN(INDEX(Input!O$6:O$1005,ROW($C10)-ROW($C$5),1))=0,"",INDEX(Input!O$6:O$1005,ROW($C10)-ROW($C$5),1)) | W10: =IF(V10="","-","Earned: " &V10) -> - | X10: =IFERROR(IF(K10<>"",MONTH(K10),""),"") -> 1 | Y10: =IFERROR(MONTH(IF(M10<>"",M10,K10)),"") -> 2 | Z10: =IF(AND(OR(Dashboard!$D$7=J10,Dashboard!$D$7=""), OR(Dashboard!$G$6<=K10,Dashboard!$G$6=""), OR(Dashboard!$G$7>=K10,Dashboard!$G$7=""), OR(Dashboard!$J$6<=O10,Dashboard!$J$6=""), OR(Dashboard!$J$7>=O10,Dashboard!$J$7=""),D10<>""),"x","") -> x | AA10: =IF(AND(OR(Dashboard!$D$6=H10,Dashboard!$D$6="",Dashboard!$D$6="All"), Z10="x"),"x","") -> x | AB10: =IF(AND(OR(Dashboard!$D$6=H10,Dashboard!$D$6="",Dashboard!$D$6="All"), OR(Dashboard!$D$7=J10,Dashboard!$D$7=""), OR(Dashboard!$G$6<=K10,Dashboard!$G$6=""), OR(Dashboard!$G$7>=K10,Dashboard!$G$7=""), OR(Dashboard!$J$6<=O10,Dashboard!$J$6=""), OR(Dashboard!$J$7>=O10,Dashboard!$J$7=""),I10<>""),"x","") -> x | AC10: =IF($AB10<>"x","",IF(AND($I10<>AC$4, IFERROR(MATCH("c",$AB10:AB10,0),0)=0),"x", IF(IFERROR(MATCH("c",$AB10:AB10,0),0)=0,"c",""))) -> x | AD10: =IF($AB10<>"x","",IF(AND($I10<>AD$4, IFERROR(MATCH("c",$AB10:AC10,0),0)=0),"x", IF(IFERROR(MATCH("c",$AB10:AC10,0),0)=0,"c",""))) -> x | AE10: =IF($AB10<>"x","",IF(AND($I10<>AE$4, IFERROR(MATCH("c",$AB10:AD10,0),0)=0),"x", IF(IFERROR(MATCH("c",$AB10:AD10,0),0)=0,"c",""))) -> x | AF10: =IF($AB10<>"x","",IF(AND($I10<>AF$4, IFERROR(MATCH("c",$AB10:AE10,0),0)=0),"x", IF(IFERROR(MATCH("c",$AB10:AE10,0),0)=0,"c",""))) -> x | AG10: =IF($AB10<>"x","",IF(AND($I10<>AG$4, IFERROR(MATCH("c",$AB10:AF10,0),0)=0),"x", IF(IFERROR(MATCH("c",$AB10:AF10,0),0)=0,"c",""))) -> c | AH10: =IF($AB10<>"x","",IF(AND($I10<>AH$4, IFERROR(MATCH("c",$AB10:AG10,0),0)=0),"x", IF(IFERROR(MATCH("c",$AB10:AG10,0),0)=0,"c",""))) | AI10: =IF($AB10<>"x","",IF(AND($I10<>AI$4, IFERROR(MATCH("c",$AB10:AH10,0),0)=0),"x", IF(IFERROR(MATCH("c",$AB10:AH10,0),0)=0,"c",""))) | AJ10: =IF($AB10<>"x","",IF(AND($I10<>AJ$4, IFERROR(MATCH("c",$AB10:AI10,0),0)=0),"x", IF(IFERROR(MATCH("c",$AB10:AI10,0),0)=0,"c",""))) | ... AQ10: =IF($AB10<>"x","",IF(AND($I10<>AQ$4, IFERROR(MATCH("c",$AB10:AP10,0),0)=0),"x", IF(IFERROR(MATCH("c",$AB10:AP10,0),0)=0,"c",""))) | AS10: 4 | AT10: =IFERROR(INDEX(Settings!$I$6:$I$19,MATCH(Calc!AS10,Calc!$CV$6:$CV$19,0),1),"") -> AVG. EARNING FORECAST | AW10: =IF(Settings!B9<>"",Settings!B9,"") -> Opportunity | AX10: =IF(AW10<>"",COUNTIF(INDEX($AC$6:$AQ$1005,,MATCH(AW10,$AC$4:$AQ$4,0)),"x")+COUNTIF(INDEX($AC$6:$AQ$1005,,MATCH(AW10,$AC$4:$AQ$4,0)),"c"),"") -> 4 | AY10: =IFERROR(INDEX(Calc!$AC$2:$AQ$2,1,MATCH(AW10,Calc!$AC$4:$AQ$4,0)),"") -> 3333 | AZ10: =IFERROR((MAX($AX$7:$AX$21)-AX10)/2,"") -> 1.5 | BB10: April | BC10: =IFERROR(IF(COUNTIFS($J$6:$J$1005,Settings!$D$6,$Y$6:$Y$1005,ROW(BB10)-ROW($BB$6),$AA$6:$AA$1005,"x")=0,NA(),COUNTIFS($J$6:$J$1005,Settings!$D$6,$Y$6:$Y$1005,ROW(BB10)-ROW($BB$6),$AA$6:$AA$1005,"x")),"") | BD10: =IFERROR(IF(COUNTIFS($J$6:$J$1005,Settings!$D$7,$Y$6:$Y$1005,ROW(BB10)-ROW($BB$6),$AA$6:$AA$1005,"x")=0,NA(),COUNTIFS($J$6:$J$1005,Settings!$D$7,$Y$6:$Y$1005,ROW(BB10)-ROW($BB$6),$AA$6:$AA$1005,"x")),"") | BE10: =IFERROR(SUMIFS($O$6:$O$1005,$J$6:$J$1005,Settings!$D$6,$Y$6:$Y$1005,ROW(BB10)-ROW($BB$6),$AA$6:$AA$1005,"x"),"") -> 0 | BF10: =IFERROR(SUMIFS($O$6:$O$1005,$Y$6:$Y$1005,ROW(BB10)-ROW($BB$6),$AA$6:$AA$1005,"x"),"") -> 0 | BG10: =IFERROR(SUM($BE$7:BE10),"") -> 3782 | BH10: =IFERROR(SUMIFS($T$6:$T$1005,$Y$6:$Y$1005,ROW(BB10)-ROW($BB$6),$AA$6:$AA$1005,"x"),"") -> 0 | BO10: =IF(COUNTIF($BO$6:BO9,BO9)+1>Calc!$CU$9,MAX($BO$6:BO9)+1,BO9) -> 2 | BP10: =IF(29-SUMIF(Pipeline!D14:AF14,"",$BP$5:$CR$5)>0,ROW(BO10),"") | CV10: =IF(Settings!H10=$CU$7,COUNTIF(Settings!$H$6:H10,$CU$7),"") | CW10: =IF(Settings!F10="","",Settings!F10) -> Sales Paul | CX10: =IF(Settings!D9="","",Settings!D9) -> On Hold
B11: =IF(AND(OR(Pipeline!$F$5=H11,Pipeline!$F$5="",Pipeline!$F$5="All"), OR(Pipeline!$F$6=J11,Pipeline!$F$6="",Pipeline!$F$6="All"), OR(Pipeline!$J$5<=K11,Pipeline!$J$5=""), OR(Pipeline!$J$6>=K11,Pipeline!$J$6=""), OR(Pipeline!$N$5<=O11,Pipeline!$N$5=""), OR(Pipeline!$N$6>=O11,Pipeline!$N$6="")),1,0) -> 1 | C11: =IF(B11<>1,"",COUNTIFS($I$6:I10,I11,$B$6:B10,1)+1) -> 1 | D11: =IF(LEN(INDEX(Input!B$6:B$1005,ROW($C11)-ROW($C$5),1))=0,"-",INDEX(Input!B$6:B$1005,ROW($C11)-ROW($C$5),1)) -> SALE TITLE6 | E11: =IF(LEN(INDEX(Input!C$6:C$1005,ROW($C11)-ROW($C$5),1))=0,"-",INDEX(Input!C$6:C$1005,ROW($C11)-ROW($C$5),1)) -> Sarah-Jayne Morrison | F11: =IF(LEN(INDEX(Input!D$6:D$1005,ROW($C11)-ROW($C$5),1))=0,"-",INDEX(Input!D$6:D$1005,ROW($C11)-ROW($C$5),1)) -> Hahn-Wuckert | G11: =IF(LEN(INDEX(Input!E$6:E$1005,ROW($C11)-ROW($C$5),1))=0,"-",INDEX(Input!E$6:E$1005,ROW($C11)-ROW($C$5),1)) -> sarah-jayne@mail.com | H11: =IF(LEN(INDEX(Input!F$6:F$1005,ROW($C11)-ROW($C$5),1))=0,"-",INDEX(Input!F$6:F$1005,ROW($C11)-ROW($C$5),1)) -> Sales Arnie | I11: =IF(LEN(INDEX(Input!G$6:G$1005,ROW($C11)-ROW($C$5),1))=0,"",INDEX(Input!G$6:G$1005,ROW($C11)-ROW($C$5),1)) -> Proposal Discussed | J11: =IF(LEN(INDEX(Input!B$6:B$1005,ROW($C11)-ROW($C$5),1))=0,"-",IF(INDEX(Input!H$6:H$1005,ROW($C11)-ROW($C$5),1)="","Not set",INDEX(Input!H$6:H$1005,ROW($C11)-ROW($C$5),1)) ) -> Won | K11: =IF(LEN(INDEX(Input!I$6:I$1005,ROW($C11)-ROW($C$5),1))=0,"",INDEX(Input!I$6:I$1005,ROW($C11)-ROW($C$5),1)) -> 44212 | L11: {=IFERROR(IF($AY$24=123,DAY(K11)&connector&IF($AZ$24="Extended",INDEX($AT$24:$AT$35,MONTH(K11),1),MONTH(K11))&connector&IF($AZ$24="Short", RIGHT(YEAR(K11),2),YEAR(K11)),IF($AY$24=213, MONTH(K11)&connector&DAY(K11)&connector&IF($AZ$24="Short", RIGHT(YEAR(K11),2),YEAR(K11)),IF($AZ$24="Short", RIGHT(YEAR(K11),2),YEAR(K11))&connector&MONTH(K11)&connector&DAY(K11))),"-")} -> 16 Jan 2021 | M11: =IF(LEN(INDEX(Input!J$6:J$1005,ROW($C11)-ROW($C$5),1))=0,"",INDEX(Input!J$6:J$1005,ROW($C11)-ROW($C$5),1)) -> 44246 | N11: {=IFERROR(IF($AY$24=123,DAY(M11)&connector&IF($AZ$24="Extended",INDEX($AT$24:$AT$35,MONTH(M11),1),MONTH(M11))&connector&IF($AZ$24="Short", RIGHT(YEAR(M11),2),YEAR(M11)),IF($AY$24=213, MONTH(M11)&connector&DAY(M11)&connector&IF($AZ$24="Short", RIGHT(YEAR(M11),2),YEAR(M11)),IF($AZ$24="Short", RIGHT(YEAR(M11),2),YEAR(M11))&connector&MONTH(M11)&connector&DAY(M11))),"-")} -> 19 Feb 2021 | O11: =IF(LEN(INDEX(Input!K$6:K$1005,ROW($C11)-ROW($C$5),1))=0,"",INDEX(Input!K$6:K$1005,ROW($C11)-ROW($C$5),1)) -> 574 | P11: =IF(O11="","-","Value: " &O11&"$") -> Value: 574$ | Q11: =IF(LEN(INDEX(Input!L$6:L$1005,ROW($C11)-ROW($C$5),1))=0,"",INDEX(Input!L$6:L$1005,ROW($C11)-ROW($C$5),1)) -> 0.8 | R11: =IFERROR("Win Probability: "&Q11*100&"%","-") -> Win Probability: 80% | S11: =IF(LEN(INDEX(Input!M$6:M$1005,ROW($C11)-ROW($C$5),1))=0,"-",INDEX(Input!M$6:M$1005,ROW($C11)-ROW($C$5),1)) -> notes6 | T11: =IFERROR(O11*Q11,"") -> 459.2 | U11: =IF(T11="","-","Forecast: "&T11& " " &currency) -> Forecast: 459,2 $ | V11: =IF(LEN(INDEX(Input!O$6:O$1005,ROW($C11)-ROW($C$5),1))=0,"",INDEX(Input!O$6:O$1005,ROW($C11)-ROW($C$5),1)) -> 574,00 $ | W11: =IF(V11="","-","Earned: " &V11) -> Earned: 574,00 $ | X11: =IFERROR(IF(K11<>"",MONTH(K11),""),"") -> 1 | Y11: =IFERROR(MONTH(IF(M11<>"",M11,K11)),"") -> 2 | Z11: =IF(AND(OR(Dashboard!$D$7=J11,Dashboard!$D$7=""), OR(Dashboard!$G$6<=K11,Dashboard!$G$6=""), OR(Dashboard!$G$7>=K11,Dashboard!$G$7=""), OR(Dashboard!$J$6<=O11,Dashboard!$J$6=""), OR(Dashboard!$J$7>=O11,Dashboard!$J$7=""),D11<>""),"x","") -> x | AA11: =IF(AND(OR(Dashboard!$D$6=H11,Dashboard!$D$6="",Dashboard!$D$6="All"), Z11="x"),"x","") -> x | AB11: =IF(AND(OR(Dashboard!$D$6=H11,Dashboard!$D$6="",Dashboard!$D$6="All"), OR(Dashboard!$D$7=J11,Dashboard!$D$7=""), OR(Dashboard!$G$6<=K11,Dashboard!$G$6=""), OR(Dashboard!$G$7>=K11,Dashboard!$G$7=""), OR(Dashboard!$J$6<=O11,Dashboard!$J$6=""), OR(Dashboard!$J$7>=O11,Dashboard!$J$7=""),I11<>""),"x","") -> x | AC11: =IF($AB11<>"x","",IF(AND($I11<>AC$4, IFERROR(MATCH("c",$AB11:AB11,0),0)=0),"x", IF(IFERROR(MATCH("c",$AB11:AB11,0),0)=0,"c",""))) -> x | AD11: =IF($AB11<>"x","",IF(AND($I11<>AD$4, IFERROR(MATCH("c",$AB11:AC11,0),0)=0),"x", IF(IFERROR(MATCH("c",$AB11:AC11,0),0)=0,"c",""))) -> x | AE11: =IF($AB11<>"x","",IF(AND($I11<>AE$4, IFERROR(MATCH("c",$AB11:AD11,0),0)=0),"x", IF(IFERROR(MATCH("c",$AB11:AD11,0),0)=0,"c",""))) -> x | AF11: =IF($AB11<>"x","",IF(AND($I11<>AF$4, IFERROR(MATCH("c",$AB11:AE11,0),0)=0),"x", IF(IFERROR(MATCH("c",$AB11:AE11,0),0)=0,"c",""))) -> x | AG11: =IF($AB11<>"x","",IF(AND($I11<>AG$4, IFERROR(MATCH("c",$AB11:AF11,0),0)=0),"x", IF(IFERROR(MATCH("c",$AB11:AF11,0),0)=0,"c",""))) -> x | AH11: =IF($AB11<>"x","",IF(AND($I11<>AH$4, IFERROR(MATCH("c",$AB11:AG11,0),0)=0),"x", IF(IFERROR(MATCH("c",$AB11:AG11,0),0)=0,"c",""))) -> c | AI11: =IF($AB11<>"x","",IF(AND($I11<>AI$4, IFERROR(MATCH("c",$AB11:AH11,0),0)=0),"x", IF(IFERROR(MATCH("c",$AB11:AH11,0),0)=0,"c",""))) | AJ11: =IF($AB11<>"x","",IF(AND($I11<>AJ$4, IFERROR(MATCH("c",$AB11:AI11,0),0)=0),"x", IF(IFERROR(MATCH("c",$AB11:AI11,0),0)=0,"c",""))) | ... AQ11: =IF($AB11<>"x","",IF(AND($I11<>AQ$4, IFERROR(MATCH("c",$AB11:AP11,0),0)=0),"x", IF(IFERROR(MATCH("c",$AB11:AP11,0),0)=0,"c",""))) | AS11: 5 | AT11: =IFERROR(INDEX(Settings!$I$6:$I$19,MATCH(Calc!AS11,Calc!$CV$6:$CV$19,0),1),"") | AW11: =IF(Settings!B10<>"",Settings!B10,"") -> Solution | AX11: =IF(AW11<>"",COUNTIF(INDEX($AC$6:$AQ$1005,,MATCH(AW11,$AC$4:$AQ$4,0)),"x")+COUNTIF(INDEX($AC$6:$AQ$1005,,MATCH(AW11,$AC$4:$AQ$4,0)),"c"),"") -> 3 | AY11: =IFERROR(INDEX(Calc!$AC$2:$AQ$2,1,MATCH(AW11,Calc!$AC$4:$AQ$4,0)),"") -> 1865 | AZ11: =IFERROR((MAX($AX$7:$AX$21)-AX11)/2,"") -> 2 | BB11: May | BC11: =IFERROR(IF(COUNTIFS($J$6:$J$1005,Settings!$D$6,$Y$6:$Y$1005,ROW(BB11)-ROW($BB$6),$AA$6:$AA$1005,"x")=0,NA(),COUNTIFS($J$6:$J$1005,Settings!$D$6,$Y$6:$Y$1005,ROW(BB11)-ROW($BB$6),$AA$6:$AA$1005,"x")),"") | BD11: =IFERROR(IF(COUNTIFS($J$6:$J$1005,Settings!$D$7,$Y$6:$Y$1005,ROW(BB11)-ROW($BB$6),$AA$6:$AA$1005,"x")=0,NA(),COUNTIFS($J$6:$J$1005,Settings!$D$7,$Y$6:$Y$1005,ROW(BB11)-ROW($BB$6),$AA$6:$AA$1005,"x")),"") | BE11: =IFERROR(SUMIFS($O$6:$O$1005,$J$6:$J$1005,Settings!$D$6,$Y$6:$Y$1005,ROW(BB11)-ROW($BB$6),$AA$6:$AA$1005,"x"),"") -> 0 | BF11: =IFERROR(SUMIFS($O$6:$O$1005,$Y$6:$Y$1005,ROW(BB11)-ROW($BB$6),$AA$6:$AA$1005,"x"),"") -> 0 | BG11: =IFERROR(SUM($BE$7:BE11),"") -> 3782 | BH11: =IFERROR(SUMIFS($T$6:$T$1005,$Y$6:$Y$1005,ROW(BB11)-ROW($BB$6),$AA$6:$AA$1005,"x"),"") -> 0 | BO11: =IF(COUNTIF($BO$6:BO10,BO10)+1>Calc!$CU$9,MAX($BO$6:BO10)+1,BO10) -> 2 | BP11: =IF(29-SUMIF(Pipeline!D15:AF15,"",$BP$5:$CR$5)>0,ROW(BO11),"") | CV11: =IF(Settings!H11=$CU$7,COUNTIF(Settings!$H$6:H11,$CU$7),"") | CW11: =IF(Settings!F11="","",Settings!F11) -> Sales Arnie
B12: =IF(AND(OR(Pipeline!$F$5=H12,Pipeline!$F$5="",Pipeline!$F$5="All"), OR(Pipeline!$F$6=J12,Pipeline!$F$6="",Pipeline!$F$6="All"), OR(Pipeline!$J$5<=K12,Pipeline!$J$5=""), OR(Pipeline!$J$6>=K12,Pipeline!$J$6=""), OR(Pipeline!$N$5<=O12,Pipeline!$N$5=""), OR(Pipeline!$N$6>=O12,Pipeline!$N$6="")),1,0) -> 1 | C12: =IF(B12<>1,"",COUNTIFS($I$6:I11,I12,$B$6:B11,1)+1) -> 1 | D12: =IF(LEN(INDEX(Input!B$6:B$1005,ROW($C12)-ROW($C$5),1))=0,"-",INDEX(Input!B$6:B$1005,ROW($C12)-ROW($C$5),1)) -> SALE TITLE7 | E12: =IF(LEN(INDEX(Input!C$6:C$1005,ROW($C12)-ROW($C$5),1))=0,"-",INDEX(Input!C$6:C$1005,ROW($C12)-ROW($C$5),1)) -> Alyce Milner | F12: =IF(LEN(INDEX(Input!D$6:D$1005,ROW($C12)-ROW($C$5),1))=0,"-",INDEX(Input!D$6:D$1005,ROW($C12)-ROW($C$5),1)) -> Mitchell PLC | G12: =IF(LEN(INDEX(Input!E$6:E$1005,ROW($C12)-ROW($C$5),1))=0,"-",INDEX(Input!E$6:E$1005,ROW($C12)-ROW($C$5),1)) -> alyce@mail.com | H12: =IF(LEN(INDEX(Input!F$6:F$1005,ROW($C12)-ROW($C$5),1))=0,"-",INDEX(Input!F$6:F$1005,ROW($C12)-ROW($C$5),1)) -> Sales Ann | I12: =IF(LEN(INDEX(Input!G$6:G$1005,ROW($C12)-ROW($C$5),1))=0,"",INDEX(Input!G$6:G$1005,ROW($C12)-ROW($C$5),1)) -> Written Proposal | J12: =IF(LEN(INDEX(Input!B$6:B$1005,ROW($C12)-ROW($C$5),1))=0,"-",IF(INDEX(Input!H$6:H$1005,ROW($C12)-ROW($C$5),1)="","Not set",INDEX(Input!H$6:H$1005,ROW($C12)-ROW($C$5),1)) ) -> Won | K12: =IF(LEN(INDEX(Input!I$6:I$1005,ROW($C12)-ROW($C$5),1))=0,"",INDEX(Input!I$6:I$1005,ROW($C12)-ROW($C$5),1)) -> 44215 | L12: {=IFERROR(IF($AY$24=123,DAY(K12)&connector&IF($AZ$24="Extended",INDEX($AT$24:$AT$35,MONTH(K12),1),MONTH(K12))&connector&IF($AZ$24="Short", RIGHT(YEAR(K12),2),YEAR(K12)),IF($AY$24=213, MONTH(K12)&connector&DAY(K12)&connector&IF($AZ$24="Short", RIGHT(YEAR(K12),2),YEAR(K12)),IF($AZ$24="Short", RIGHT(YEAR(K12),2),YEAR(K12))&connector&MONTH(K12)&connector&DAY(K12))),"-")} -> 19 Jan 2021 | M12: =IF(LEN(INDEX(Input!J$6:J$1005,ROW($C12)-ROW($C$5),1))=0,"",INDEX(Input!J$6:J$1005,ROW($C12)-ROW($C$5),1)) -> 44255 | N12: {=IFERROR(IF($AY$24=123,DAY(M12)&connector&IF($AZ$24="Extended",INDEX($AT$24:$AT$35,MONTH(M12),1),MONTH(M12))&connector&IF($AZ$24="Short", RIGHT(YEAR(M12),2),YEAR(M12)),IF($AY$24=213, MONTH(M12)&connector&DAY(M12)&connector&IF($AZ$24="Short", RIGHT(YEAR(M12),2),YEAR(M12)),IF($AZ$24="Short", RIGHT(YEAR(M12),2),YEAR(M12))&connector&MONTH(M12)&connector&DAY(M12))),"-")} -> 28 Feb 2021 | O12: =IF(LEN(INDEX(Input!K$6:K$1005,ROW($C12)-ROW($C$5),1))=0,"",INDEX(Input!K$6:K$1005,ROW($C12)-ROW($C$5),1)) -> 468 | P12: =IF(O12="","-","Value: " &O12&"$") -> Value: 468$ | Q12: =IF(LEN(INDEX(Input!L$6:L$1005,ROW($C12)-ROW($C$5),1))=0,"",INDEX(Input!L$6:L$1005,ROW($C12)-ROW($C$5),1)) -> 0.8 | R12: =IFERROR("Win Probability: "&Q12*100&"%","-") -> Win Probability: 80% | S12: =IF(LEN(INDEX(Input!M$6:M$1005,ROW($C12)-ROW($C$5),1))=0,"-",INDEX(Input!M$6:M$1005,ROW($C12)-ROW($C$5),1)) -> notes7 | T12: =IFERROR(O12*Q12,"") -> 374.4 | U12: =IF(T12="","-","Forecast: "&T12& " " &currency) -> Forecast: 374,4 $ | V12: =IF(LEN(INDEX(Input!O$6:O$1005,ROW($C12)-ROW($C$5),1))=0,"",INDEX(Input!O$6:O$1005,ROW($C12)-ROW($C$5),1)) -> 468,00 $ | W12: =IF(V12="","-","Earned: " &V12) -> Earned: 468,00 $ | X12: =IFERROR(IF(K12<>"",MONTH(K12),""),"") -> 1 | Y12: =IFERROR(MONTH(IF(M12<>"",M12,K12)),"") -> 2 | Z12: =IF(AND(OR(Dashboard!$D$7=J12,Dashboard!$D$7=""), OR(Dashboard!$G$6<=K12,Dashboard!$G$6=""), OR(Dashboard!$G$7>=K12,Dashboard!$G$7=""), OR(Dashboard!$J$6<=O12,Dashboard!$J$6=""), OR(Dashboard!$J$7>=O12,Dashboard!$J$7=""),D12<>""),"x","") -> x | AA12: =IF(AND(OR(Dashboard!$D$6=H12,Dashboard!$D$6="",Dashboard!$D$6="All"), Z12="x"),"x","") -> x | AB12: =IF(AND(OR(Dashboard!$D$6=H12,Dashboard!$D$6="",Dashboard!$D$6="All"), OR(Dashboard!$D$7=J12,Dashboard!$D$7=""), OR(Dashboard!$G$6<=K12,Dashboard!$G$6=""), OR(Dashboard!$G$7>=K12,Dashboard!$G$7=""), OR(Dashboard!$J$6<=O12,Dashboard!$J$6=""), OR(Dashboard!$J$7>=O12,Dashboard!$J$7=""),I12<>""),"x","") -> x | AC12: =IF($AB12<>"x","",IF(AND($I12<>AC$4, IFERROR(MATCH("c",$AB12:AB12,0),0)=0),"x", IF(IFERROR(MATCH("c",$AB12:AB12,0),0)=0,"c",""))) -> x | AD12: =IF($AB12<>"x","",IF(AND($I12<>AD$4, IFERROR(MATCH("c",$AB12:AC12,0),0)=0),"x", IF(IFERROR(MATCH("c",$AB12:AC12,0),0)=0,"c",""))) -> x | AE12: =IF($AB12<>"x","",IF(AND($I12<>AE$4, IFERROR(MATCH("c",$AB12:AD12,0),0)=0),"x", IF(IFERROR(MATCH("c",$AB12:AD12,0),0)=0,"c",""))) -> x | AF12: =IF($AB12<>"x","",IF(AND($I12<>AF$4, IFERROR(MATCH("c",$AB12:AE12,0),0)=0),"x", IF(IFERROR(MATCH("c",$AB12:AE12,0),0)=0,"c",""))) -> x | AG12: =IF($AB12<>"x","",IF(AND($I12<>AG$4, IFERROR(MATCH("c",$AB12:AF12,0),0)=0),"x", IF(IFERROR(MATCH("c",$AB12:AF12,0),0)=0,"c",""))) -> x | AH12: =IF($AB12<>"x","",IF(AND($I12<>AH$4, IFERROR(MATCH("c",$AB12:AG12,0),0)=0),"x", IF(IFERROR(MATCH("c",$AB12:AG12,0),0)=0,"c",""))) -> x | AI12: =IF($AB12<>"x","",IF(AND($I12<>AI$4, IFERROR(MATCH("c",$AB12:AH12,0),0)=0),"x", IF(IFERROR(MATCH("c",$AB12:AH12,0),0)=0,"c",""))) -> c | AJ12: =IF($AB12<>"x","",IF(AND($I12<>AJ$4, IFERROR(MATCH("c",$AB12:AI12,0),0)=0),"x", IF(IFERROR(MATCH("c",$AB12:AI12,0),0)=0,"c",""))) | ... AQ12: =IF($AB12<>"x","",IF(AND($I12<>AQ$4, IFERROR(MATCH("c",$AB12:AP12,0),0)=0),"x", IF(IFERROR(MATCH("c",$AB12:AP12,0),0)=0,"c",""))) | AS12: 6 | AT12: =IFERROR(INDEX(Settings!$I$6:$I$19,MATCH(Calc!AS12,Calc!$CV$6:$CV$19,0),1),"") | AW12: =IF(Settings!B11<>"",Settings!B11,"") -> Proposal Discussed | AX12: =IF(AW12<>"",COUNTIF(INDEX($AC$6:$AQ$1005,,MATCH(AW12,$AC$4:$AQ$4,0)),"x")+COUNTIF(INDEX($AC$6:$AQ$1005,,MATCH(AW12,$AC$4:$AQ$4,0)),"c"),"") -> 2 | AY12: =IFERROR(INDEX(Calc!$AC$2:$AQ$2,1,MATCH(AW12,Calc!$AC$4:$AQ$4,0)),"") -> 1042 | AZ12: =IFERROR((MAX($AX$7:$AX$21)-AX12)/2,"") -> 2.5 | BB12: June | BC12: =IFERROR(IF(COUNTIFS($J$6:$J$1005,Settings!$D$6,$Y$6:$Y$1005,ROW(BB12)-ROW($BB$6),$AA$6:$AA$1005,"x")=0,NA(),COUNTIFS($J$6:$J$1005,Settings!$D$6,$Y$6:$Y$1005,ROW(BB12)-ROW($BB$6),$AA$6:$AA$1005,"x")),"") | BD12: =IFERROR(IF(COUNTIFS($J$6:$J$1005,Settings!$D$7,$Y$6:$Y$1005,ROW(BB12)-ROW($BB$6),$AA$6:$AA$1005,"x")=0,NA(),COUNTIFS($J$6:$J$1005,Settings!$D$7,$Y$6:$Y$1005,ROW(BB12)-ROW($BB$6),$AA$6:$AA$1005,"x")),"") | BE12: =IFERROR(SUMIFS($O$6:$O$1005,$J$6:$J$1005,Settings!$D$6,$Y$6:$Y$1005,ROW(BB12)-ROW($BB$6),$AA$6:$AA$1005,"x"),"") -> 0 | BF12: =IFERROR(SUMIFS($O$6:$O$1005,$Y$6:$Y$1005,ROW(BB12)-ROW($BB$6),$AA$6:$AA$1005,"x"),"") -> 0 | BG12: =IFERROR(SUM($BE$7:BE12),"") -> 3782 | BH12: =IFERROR(SUMIFS($T$6:$T$1005,$Y$6:$Y$1005,ROW(BB12)-ROW($BB$6),$AA$6:$AA$1005,"x"),"") -> 0 | BO12: =IF(COUNTIF($BO$6:BO11,BO11)+1>Calc!$CU$9,MAX($BO$6:BO11)+1,BO11) -> 2 | BP12: =IF(29-SUMIF(Pipeline!D16:AF16,"",$BP$5:$CR$5)>0,ROW(BO12),"") | CV12: =IF(Settings!H12=$CU$7,COUNTIF(Settings!$H$6:H12,$CU$7),"") | CW12: =IF(Settings!F12="","",Settings!F12) -> Sales Ann
B13: =IF(AND(OR(Pipeline!$F$5=H13,Pipeline!$F$5="",Pipeline!$F$5="All"), OR(Pipeline!$F$6=J13,Pipeline!$F$6="",Pipeline!$F$6="All"), OR(Pipeline!$J$5<=K13,Pipeline!$J$5=""), OR(Pipeline!$J$6>=K13,Pipeline!$J$6=""), OR(Pipeline!$N$5<=O13,Pipeline!$N$5=""), OR(Pipeline!$N$6>=O13,Pipeline!$N$6="")),1,0) -> 1 | C13: =IF(B13<>1,"",COUNTIFS($I$6:I12,I13,$B$6:B12,1)+1) -> 1 | D13: =IF(LEN(INDEX(Input!B$6:B$1005,ROW($C13)-ROW($C$5),1))=0,"-",INDEX(Input!B$6:B$1005,ROW($C13)-ROW($C$5),1)) -> - | E13: =IF(LEN(INDEX(Input!C$6:C$1005,ROW($C13)-ROW($C$5),1))=0,"-",INDEX(Input!C$6:C$1005,ROW($C13)-ROW($C$5),1)) -> - | F13: =IF(LEN(INDEX(Input!D$6:D$1005,ROW($C13)-ROW($C$5),1))=0,"-",INDEX(Input!D$6:D$1005,ROW($C13)-ROW($C$5),1)) -> - | G13: =IF(LEN(INDEX(Input!E$6:E$1005,ROW($C13)-ROW($C$5),1))=0,"-",INDEX(Input!E$6:E$1005,ROW($C13)-ROW($C$5),1)) -> - | H13: =IF(LEN(INDEX(Input!F$6:F$1005,ROW($C13)-ROW($C$5),1))=0,"-",INDEX(Input!F$6:F$1005,ROW($C13)-ROW($C$5),1)) -> - | I13: =IF(LEN(INDEX(Input!G$6:G$1005,ROW($C13)-ROW($C$5),1))=0,"",INDEX(Input!G$6:G$1005,ROW($C13)-ROW($C$5),1)) | J13: =IF(LEN(INDEX(Input!B$6:B$1005,ROW($C13)-ROW($C$5),1))=0,"-",IF(INDEX(Input!H$6:H$1005,ROW($C13)-ROW($C$5),1)="","Not set",INDEX(Input!H$6:H$1005,ROW($C13)-ROW($C$5),1)) ) -> - | K13: =IF(LEN(INDEX(Input!I$6:I$1005,ROW($C13)-ROW($C$5),1))=0,"",INDEX(Input!I$6:I$1005,ROW($C13)-ROW($C$5),1)) | L13: {=IFERROR(IF($AY$24=123,DAY(K13)&connector&IF($AZ$24="Extended",INDEX($AT$24:$AT$35,MONTH(K13),1),MONTH(K13))&connector&IF($AZ$24="Short", RIGHT(YEAR(K13),2),YEAR(K13)),IF($AY$24=213, MONTH(K13)&connector&DAY(K13)&connector&IF($AZ$24="Short", RIGHT(YEAR(K13),2),YEAR(K13)),IF($AZ$24="Short", RIGHT(YEAR(K13),2),YEAR(K13))&connector&MONTH(K13)&connector&DAY(K13))),"-")} -> - | M13: =IF(LEN(INDEX(Input!J$6:J$1005,ROW($C13)-ROW($C$5),1))=0,"",INDEX(Input!J$6:J$1005,ROW($C13)-ROW($C$5),1)) | N13: {=IFERROR(IF($AY$24=123,DAY(M13)&connector&IF($AZ$24="Extended",INDEX($AT$24:$AT$35,MONTH(M13),1),MONTH(M13))&connector&IF($AZ$24="Short", RIGHT(YEAR(M13),2),YEAR(M13)),IF($AY$24=213, MONTH(M13)&connector&DAY(M13)&connector&IF($AZ$24="Short", RIGHT(YEAR(M13),2),YEAR(M13)),IF($AZ$24="Short", RIGHT(YEAR(M13),2),YEAR(M13))&connector&MONTH(M13)&connector&DAY(M13))),"-")} -> - | O13: =IF(LEN(INDEX(Input!K$6:K$1005,ROW($C13)-ROW($C$5),1))=0,"",INDEX(Input!K$6:K$1005,ROW($C13)-ROW($C$5),1)) | P13: =IF(O13="","-","Value: " &O13&"$") -> - | Q13: =IF(LEN(INDEX(Input!L$6:L$1005,ROW($C13)-ROW($C$5),1))=0,"",INDEX(Input!L$6:L$1005,ROW($C13)-ROW($C$5),1)) | R13: =IFERROR("Win Probability: "&Q13*100&"%","-") -> - | S13: =IF(LEN(INDEX(Input!M$6:M$1005,ROW($C13)-ROW($C$5),1))=0,"-",INDEX(Input!M$6:M$1005,ROW($C13)-ROW($C$5),1)) -> - | T13: =IFERROR(O13*Q13,"") | U13: =IF(T13="","-","Forecast: "&T13& " " &currency) -> - | V13: =IF(LEN(INDEX(Input!O$6:O$1005,ROW($C13)-ROW($C$5),1))=0,"",INDEX(Input!O$6:O$1005,ROW($C13)-ROW($C$5),1)) | W13: =IF(V13="","-","Earned: " &V13) -> - | X13: =IFERROR(IF(K13<>"",MONTH(K13),""),"") | Y13: =IFERROR(MONTH(IF(M13<>"",M13,K13)),"") | Z13: =IF(AND(OR(Dashboard!$D$7=J13,Dashboard!$D$7=""), OR(Dashboard!$G$6<=K13,Dashboard!$G$6=""), OR(Dashboard!$G$7>=K13,Dashboard!$G$7=""), OR(Dashboard!$J$6<=O13,Dashboard!$J$6=""), OR(Dashboard!$J$7>=O13,Dashboard!$J$7=""),D13<>""),"x","") -> x | AA13: =IF(AND(OR(Dashboard!$D$6=H13,Dashboard!$D$6="",Dashboard!$D$6="All"), Z13="x"),"x","") -> x | AB13: =IF(AND(OR(Dashboard!$D$6=H13,Dashboard!$D$6="",Dashboard!$D$6="All"), OR(Dashboard!$D$7=J13,Dashboard!$D$7=""), OR(Dashboard!$G$6<=K13,Dashboard!$G$6=""), OR(Dashboard!$G$7>=K13,Dashboard!$G$7=""), OR(Dashboard!$J$6<=O13,Dashboard!$J$6=""), OR(Dashboard!$J$7>=O13,Dashboard!$J$7=""),I13<>""),"x","") | AC13: =IF($AB13<>"x","",IF(AND($I13<>AC$4, IFERROR(MATCH("c",$AB13:AB13,0),0)=0),"x", IF(IFERROR(MATCH("c",$AB13:AB13,0),0)=0,"c",""))) | AD13: =IF($AB13<>"x","",IF(AND($I13<>AD$4, IFERROR(MATCH("c",$AB13:AC13,0),0)=0),"x", IF(IFERROR(MATCH("c",$AB13:AC13,0),0)=0,"c",""))) | AE13: =IF($AB13<>"x","",IF(AND($I13<>AE$4, IFERROR(MATCH("c",$AB13:AD13,0),0)=0),"x", IF(IFERROR(MATCH("c",$AB13:AD13,0),0)=0,"c",""))) | AF13: =IF($AB13<>"x","",IF(AND($I13<>AF$4, IFERROR(MATCH("c",$AB13:AE13,0),0)=0),"x", IF(IFERROR(MATCH("c",$AB13:AE13,0),0)=0,"c",""))) | AG13: =IF($AB13<>"x","",IF(AND($I13<>AG$4, IFERROR(MATCH("c",$AB13:AF13,0),0)=0),"x", IF(IFERROR(MATCH("c",$AB13:AF13,0),0)=0,"c",""))) | AH13: =IF($AB13<>"x","",IF(AND($I13<>AH$4, IFERROR(MATCH("c",$AB13:AG13,0),0)=0),"x", IF(IFERROR(MATCH("c",$AB13:AG13,0),0)=0,"c",""))) | AI13: =IF($AB13<>"x","",IF(AND($I13<>AI$4, IFERROR(MATCH("c",$AB13:AH13,0),0)=0),"x", IF(IFERROR(MATCH("c",$AB13:AH13,0),0)=0,"c",""))) | AJ13: =IF($AB13<>"x","",IF(AND($I13<>AJ$4, IFERROR(MATCH("c",$AB13:AI13,0),0)=0),"x", IF(IFERROR(MATCH("c",$AB13:AI13,0),0)=0,"c",""))) | ... AQ13: =IF($AB13<>"x","",IF(AND($I13<>AQ$4, IFERROR(MATCH("c",$AB13:AP13,0),0)=0),"x", IF(IFERROR(MATCH("c",$AB13:AP13,0),0)=0,"c",""))) | AS13: 7 | AT13: =IFERROR(INDEX(Settings!$I$6:$I$19,MATCH(Calc!AS13,Calc!$CV$6:$CV$19,0),1),"") | AW13: =IF(Settings!B12<>"",Settings!B12,"") -> Written Proposal | AX13: =IF(AW13<>"",COUNTIF(INDEX($AC$6:$AQ$1005,,MATCH(AW13,$AC$4:$AQ$4,0)),"x")+COUNTIF(INDEX($AC$6:$AQ$1005,,MATCH(AW13,$AC$4:$AQ$4,0)),"c"),"") -> 1 | AY13: =IFERROR(INDEX(Calc!$AC$2:$AQ$2,1,MATCH(AW13,Calc!$AC$4:$AQ$4,0)),"") -> 468 | AZ13: =IFERROR((MAX($AX$7:$AX$21)-AX13)/2,"") -> 3 | BB13: July | BC13: =IFERROR(IF(COUNTIFS($J$6:$J$1005,Settings!$D$6,$Y$6:$Y$1005,ROW(BB13)-ROW($BB$6),$AA$6:$AA$1005,"x")=0,NA(),COUNTIFS($J$6:$J$1005,Settings!$D$6,$Y$6:$Y$1005,ROW(BB13)-ROW($BB$6),$AA$6:$AA$1005,"x")),"") | BD13: =IFERROR(IF(COUNTIFS($J$6:$J$1005,Settings!$D$7,$Y$6:$Y$1005,ROW(BB13)-ROW($BB$6),$AA$6:$AA$1005,"x")=0,NA(),COUNTIFS($J$6:$J$1005,Settings!$D$7,$Y$6:$Y$1005,ROW(BB13)-ROW($BB$6),$AA$6:$AA$1005,"x")),"") | BE13: =IFERROR(SUMIFS($O$6:$O$1005,$J$6:$J$1005,Settings!$D$6,$Y$6:$Y$1005,ROW(BB13)-ROW($BB$6),$AA$6:$AA$1005,"x"),"") -> 0 | BF13: =IFERROR(SUMIFS($O$6:$O$1005,$Y$6:$Y$1005,ROW(BB13)-ROW($BB$6),$AA$6:$AA$1005,"x"),"") -> 0 | BG13: =IFERROR(SUM($BE$7:BE13),"") -> 3782 | BH13: =IFERROR(SUMIFS($T$6:$T$1005,$Y$6:$Y$1005,ROW(BB13)-ROW($BB$6),$AA$6:$AA$1005,"x"),"") -> 0 | BO13: =IF(COUNTIF($BO$6:BO12,BO12)+1>Calc!$CU$9,MAX($BO$6:BO12)+1,BO12) -> 2 | BP13: =IF(29-SUMIF(Pipeline!D17:AF17,"",$BP$5:$CR$5)>0,ROW(BO13),"") | CV13: =IF(Settings!H13=$CU$7,COUNTIF(Settings!$H$6:H13,$CU$7),"") | CW13: =IF(Settings!F13="","",Settings!F13) -> Sales Peter
B14: =IF(AND(OR(Pipeline!$F$5=H14,Pipeline!$F$5="",Pipeline!$F$5="All"), OR(Pipeline!$F$6=J14,Pipeline!$F$6="",Pipeline!$F$6="All"), OR(Pipeline!$J$5<=K14,Pipeline!$J$5=""), OR(Pipeline!$J$6>=K14,Pipeline!$J$6=""), OR(Pipeline!$N$5<=O14,Pipeline!$N$5=""), OR(Pipeline!$N$6>=O14,Pipeline!$N$6="")),1,0) -> 1 | C14: =IF(B14<>1,"",COUNTIFS($I$6:I13,I14,$B$6:B13,1)+1) -> 2 | D14: =IF(LEN(INDEX(Input!B$6:B$1005,ROW($C14)-ROW($C$5),1))=0,"-",INDEX(Input!B$6:B$1005,ROW($C14)-ROW($C$5),1)) -> - | E14: =IF(LEN(INDEX(Input!C$6:C$1005,ROW($C14)-ROW($C$5),1))=0,"-",INDEX(Input!C$6:C$1005,ROW($C14)-ROW($C$5),1)) -> - | F14: =IF(LEN(INDEX(Input!D$6:D$1005,ROW($C14)-ROW($C$5),1))=0,"-",INDEX(Input!D$6:D$1005,ROW($C14)-ROW($C$5),1)) -> - | G14: =IF(LEN(INDEX(Input!E$6:E$1005,ROW($C14)-ROW($C$5),1))=0,"-",INDEX(Input!E$6:E$1005,ROW($C14)-ROW($C$5),1)) -> - | H14: =IF(LEN(INDEX(Input!F$6:F$1005,ROW($C14)-ROW($C$5),1))=0,"-",INDEX(Input!F$6:F$1005,ROW($C14)-ROW($C$5),1)) -> - | I14: =IF(LEN(INDEX(Input!G$6:G$1005,ROW($C14)-ROW($C$5),1))=0,"",INDEX(Input!G$6:G$1005,ROW($C14)-ROW($C$5),1)) | J14: =IF(LEN(INDEX(Input!B$6:B$1005,ROW($C14)-ROW($C$5),1))=0,"-",IF(INDEX(Input!H$6:H$1005,ROW($C14)-ROW($C$5),1)="","Not set",INDEX(Input!H$6:H$1005,ROW($C14)-ROW($C$5),1)) ) -> - | K14: =IF(LEN(INDEX(Input!I$6:I$1005,ROW($C14)-ROW($C$5),1))=0,"",INDEX(Input!I$6:I$1005,ROW($C14)-ROW($C$5),1)) | L14: {=IFERROR(IF($AY$24=123,DAY(K14)&connector&IF($AZ$24="Extended",INDEX($AT$24:$AT$35,MONTH(K14),1),MONTH(K14))&connector&IF($AZ$24="Short", RIGHT(YEAR(K14),2),YEAR(K14)),IF($AY$24=213, MONTH(K14)&connector&DAY(K14)&connector&IF($AZ$24="Short", RIGHT(YEAR(K14),2),YEAR(K14)),IF($AZ$24="Short", RIGHT(YEAR(K14),2),YEAR(K14))&connector&MONTH(K14)&connector&DAY(K14))),"-")} -> - | M14: =IF(LEN(INDEX(Input!J$6:J$1005,ROW($C14)-ROW($C$5),1))=0,"",INDEX(Input!J$6:J$1005,ROW($C14)-ROW($C$5),1)) | N14: {=IFERROR(IF($AY$24=123,DAY(M14)&connector&IF($AZ$24="Extended",INDEX($AT$24:$AT$35,MONTH(M14),1),MONTH(M14))&connector&IF($AZ$24="Short", RIGHT(YEAR(M14),2),YEAR(M14)),IF($AY$24=213, MONTH(M14)&connector&DAY(M14)&connector&IF($AZ$24="Short", RIGHT(YEAR(M14),2),YEAR(M14)),IF($AZ$24="Short", RIGHT(YEAR(M14),2),YEAR(M14))&connector&MONTH(M14)&connector&DAY(M14))),"-")} -> - | O14: =IF(LEN(INDEX(Input!K$6:K$1005,ROW($C14)-ROW($C$5),1))=0,"",INDEX(Input!K$6:K$1005,ROW($C14)-ROW($C$5),1)) | P14: =IF(O14="","-","Value: " &O14&"$") -> - | Q14: =IF(LEN(INDEX(Input!L$6:L$1005,ROW($C14)-ROW($C$5),1))=0,"",INDEX(Input!L$6:L$1005,ROW($C14)-ROW($C$5),1)) | R14: =IFERROR("Win Probability: "&Q14*100&"%","-") -> - | S14: =IF(LEN(INDEX(Input!M$6:M$1005,ROW($C14)-ROW($C$5),1))=0,"-",INDEX(Input!M$6:M$1005,ROW($C14)-ROW($C$5),1)) -> - | T14: =IFERROR(O14*Q14,"") | U14: =IF(T14="","-","Forecast: "&T14& " " &currency) -> - | V14: =IF(LEN(INDEX(Input!O$6:O$1005,ROW($C14)-ROW($C$5),1))=0,"",INDEX(Input!O$6:O$1005,ROW($C14)-ROW($C$5),1)) | W14: =IF(V14="","-","Earned: " &V14) -> - | X14: =IFERROR(IF(K14<>"",MONTH(K14),""),"") | Y14: =IFERROR(MONTH(IF(M14<>"",M14,K14)),"") | Z14: =IF(AND(OR(Dashboard!$D$7=J14,Dashboard!$D$7=""), OR(Dashboard!$G$6<=K14,Dashboard!$G$6=""), OR(Dashboard!$G$7>=K14,Dashboard!$G$7=""), OR(Dashboard!$J$6<=O14,Dashboard!$J$6=""), OR(Dashboard!$J$7>=O14,Dashboard!$J$7=""),D14<>""),"x","") -> x | AA14: =IF(AND(OR(Dashboard!$D$6=H14,Dashboard!$D$6="",Dashboard!$D$6="All"), Z14="x"),"x","") -> x | AB14: =IF(AND(OR(Dashboard!$D$6=H14,Dashboard!$D$6="",Dashboard!$D$6="All"), OR(Dashboard!$D$7=J14,Dashboard!$D$7=""), OR(Dashboard!$G$6<=K14,Dashboard!$G$6=""), OR(Dashboard!$G$7>=K14,Dashboard!$G$7=""), OR(Dashboard!$J$6<=O14,Dashboard!$J$6=""), OR(Dashboard!$J$7>=O14,Dashboard!$J$7=""),I14<>""),"x","") | AC14: =IF($AB14<>"x","",IF(AND($I14<>AC$4, IFERROR(MATCH("c",$AB14:AB14,0),0)=0),"x", IF(IFERROR(MATCH("c",$AB14:AB14,0),0)=0,"c",""))) | AD14: =IF($AB14<>"x","",IF(AND($I14<>AD$4, IFERROR(MATCH("c",$AB14:AC14,0),0)=0),"x", IF(IFERROR(MATCH("c",$AB14:AC14,0),0)=0,"c",""))) | AE14: =IF($AB14<>"x","",IF(AND($I14<>AE$4, IFERROR(MATCH("c",$AB14:AD14,0),0)=0),"x", IF(IFERROR(MATCH("c",$AB14:AD14,0),0)=0,"c",""))) | AF14: =IF($AB14<>"x","",IF(AND($I14<>AF$4, IFERROR(MATCH("c",$AB14:AE14,0),0)=0),"x", IF(IFERROR(MATCH("c",$AB14:AE14,0),0)=0,"c",""))) | AG14: =IF($AB14<>"x","",IF(AND($I14<>AG$4, IFERROR(MATCH("c",$AB14:AF14,0),0)=0),"x", IF(IFERROR(MATCH("c",$AB14:AF14,0),0)=0,"c",""))) | AH14: =IF($AB14<>"x","",IF(AND($I14<>AH$4, IFERROR(MATCH("c",$AB14:AG14,0),0)=0),"x", IF(IFERROR(MATCH("c",$AB14:AG14,0),0)=0,"c",""))) | AI14: =IF($AB14<>"x","",IF(AND($I14<>AI$4, IFERROR(MATCH("c",$AB14:AH14,0),0)=0),"x", IF(IFERROR(MATCH("c",$AB14:AH14,0),0)=0,"c",""))) | AJ14: =IF($AB14<>"x","",IF(AND($I14<>AJ$4, IFERROR(MATCH("c",$AB14:AI14,0),0)=0),"x", IF(IFERROR(MATCH("c",$AB14:AI14,0),0)=0,"c",""))) | ... AQ14: =IF($AB14<>"x","",IF(AND($I14<>AQ$4, IFERROR(MATCH("c",$AB14:AP14,0),0)=0),"x", IF(IFERROR(MATCH("c",$AB14:AP14,0),0)=0,"c",""))) | AS14: 8 | AT14: =IFERROR(INDEX(Settings!$I$6:$I$19,MATCH(Calc!AS14,Calc!$CV$6:$CV$19,0),1),"") | AW14: =IF(Settings!B13<>"",Settings!B13,"") -> Contract | AX14: =IF(AW14<>"",COUNTIF(INDEX($AC$6:$AQ$1005,,MATCH(AW14,$AC$4:$AQ$4,0)),"x")+COUNTIF(INDEX($AC$6:$AQ$1005,,MATCH(AW14,$AC$4:$AQ$4,0)),"c"),"") -> 0 | AY14: =IFERROR(INDEX(Calc!$AC$2:$AQ$2,1,MATCH(AW14,Calc!$AC$4:$AQ$4,0)),"") -> 0 | AZ14: =IFERROR((MAX($AX$7:$AX$21)-AX14)/2,"") -> 3.5 | BB14: August | BC14: =IFERROR(IF(COUNTIFS($J$6:$J$1005,Settings!$D$6,$Y$6:$Y$1005,ROW(BB14)-ROW($BB$6),$AA$6:$AA$1005,"x")=0,NA(),COUNTIFS($J$6:$J$1005,Settings!$D$6,$Y$6:$Y$1005,ROW(BB14)-ROW($BB$6),$AA$6:$AA$1005,"x")),"") | BD14: =IFERROR(IF(COUNTIFS($J$6:$J$1005,Settings!$D$7,$Y$6:$Y$1005,ROW(BB14)-ROW($BB$6),$AA$6:$AA$1005,"x")=0,NA(),COUNTIFS($J$6:$J$1005,Settings!$D$7,$Y$6:$Y$1005,ROW(BB14)-ROW($BB$6),$AA$6:$AA$1005,"x")),"") | BE14: =IFERROR(SUMIFS($O$6:$O$1005,$J$6:$J$1005,Settings!$D$6,$Y$6:$Y$1005,ROW(BB14)-ROW($BB$6),$AA$6:$AA$1005,"x"),"") -> 0 | BF14: =IFERROR(SUMIFS($O$6:$O$1005,$Y$6:$Y$1005,ROW(BB14)-ROW($BB$6),$AA$6:$AA$1005,"x"),"") -> 0 | BG14: =IFERROR(SUM($BE$7:BE14),"") -> 3782 | BH14: =IFERROR(SUMIFS($T$6:$T$1005,$Y$6:$Y$1005,ROW(BB14)-ROW($BB$6),$AA$6:$AA$1005,"x"),"") -> 0 | BO14: =IF(COUNTIF($BO$6:BO13,BO13)+1>Calc!$CU$9,MAX($BO$6:BO13)+1,BO13) -> 3 | BP14: =IF(29-SUMIF(Pipeline!D18:AF18,"",$BP$5:$CR$5)>0,ROW(BO14),"") | CV14: =IF(Settings!H14=$CU$7,COUNTIF(Settings!$H$6:H14,$CU$7),"") -> 3 | CW14: =IF(Settings!F14="","",Settings!F14)
B15: =IF(AND(OR(Pipeline!$F$5=H15,Pipeline!$F$5="",Pipeline!$F$5="All"), OR(Pipeline!$F$6=J15,Pipeline!$F$6="",Pipeline!$F$6="All"), OR(Pipeline!$J$5<=K15,Pipeline!$J$5=""), OR(Pipeline!$J$6>=K15,Pipeline!$J$6=""), OR(Pipeline!$N$5<=O15,Pipeline!$N$5=""), OR(Pipeline!$N$6>=O15,Pipeline!$N$6="")),1,0) -> 1 | C15: =IF(B15<>1,"",COUNTIFS($I$6:I14,I15,$B$6:B14,1)+1) -> 3 | D15: =IF(LEN(INDEX(Input!B$6:B$1005,ROW($C15)-ROW($C$5),1))=0,"-",INDEX(Input!B$6:B$1005,ROW($C15)-ROW($C$5),1)) -> - | E15: =IF(LEN(INDEX(Input!C$6:C$1005,ROW($C15)-ROW($C$5),1))=0,"-",INDEX(Input!C$6:C$1005,ROW($C15)-ROW($C$5),1)) -> - | F15: =IF(LEN(INDEX(Input!D$6:D$1005,ROW($C15)-ROW($C$5),1))=0,"-",INDEX(Input!D$6:D$1005,ROW($C15)-ROW($C$5),1)) -> - | G15: =IF(LEN(INDEX(Input!E$6:E$1005,ROW($C15)-ROW($C$5),1))=0,"-",INDEX(Input!E$6:E$1005,ROW($C15)-ROW($C$5),1)) -> - | H15: =IF(LEN(INDEX(Input!F$6:F$1005,ROW($C15)-ROW($C$5),1))=0,"-",INDEX(Input!F$6:F$1005,ROW($C15)-ROW($C$5),1)) -> - | I15: =IF(LEN(INDEX(Input!G$6:G$1005,ROW($C15)-ROW($C$5),1))=0,"",INDEX(Input!G$6:G$1005,ROW($C15)-ROW($C$5),1)) | J15: =IF(LEN(INDEX(Input!B$6:B$1005,ROW($C15)-ROW($C$5),1))=0,"-",IF(INDEX(Input!H$6:H$1005,ROW($C15)-ROW($C$5),1)="","Not set",INDEX(Input!H$6:H$1005,ROW($C15)-ROW($C$5),1)) ) -> - | K15: =IF(LEN(INDEX(Input!I$6:I$1005,ROW($C15)-ROW($C$5),1))=0,"",INDEX(Input!I$6:I$1005,ROW($C15)-ROW($C$5),1)) | L15: {=IFERROR(IF($AY$24=123,DAY(K15)&connector&IF($AZ$24="Extended",INDEX($AT$24:$AT$35,MONTH(K15),1),MONTH(K15))&connector&IF($AZ$24="Short", RIGHT(YEAR(K15),2),YEAR(K15)),IF($AY$24=213, MONTH(K15)&connector&DAY(K15)&connector&IF($AZ$24="Short", RIGHT(YEAR(K15),2),YEAR(K15)),IF($AZ$24="Short", RIGHT(YEAR(K15),2),YEAR(K15))&connector&MONTH(K15)&connector&DAY(K15))),"-")} -> - | M15: =IF(LEN(INDEX(Input!J$6:J$1005,ROW($C15)-ROW($C$5),1))=0,"",INDEX(Input!J$6:J$1005,ROW($C15)-ROW($C$5),1)) | N15: {=IFERROR(IF($AY$24=123,DAY(M15)&connector&IF($AZ$24="Extended",INDEX($AT$24:$AT$35,MONTH(M15),1),MONTH(M15))&connector&IF($AZ$24="Short", RIGHT(YEAR(M15),2),YEAR(M15)),IF($AY$24=213, MONTH(M15)&connector&DAY(M15)&connector&IF($AZ$24="Short", RIGHT(YEAR(M15),2),YEAR(M15)),IF($AZ$24="Short", RIGHT(YEAR(M15),2),YEAR(M15))&connector&MONTH(M15)&connector&DAY(M15))),"-")} -> - | O15: =IF(LEN(INDEX(Input!K$6:K$1005,ROW($C15)-ROW($C$5),1))=0,"",INDEX(Input!K$6:K$1005,ROW($C15)-ROW($C$5),1)) | P15: =IF(O15="","-","Value: " &O15&"$") -> - | Q15: =IF(LEN(INDEX(Input!L$6:L$1005,ROW($C15)-ROW($C$5),1))=0,"",INDEX(Input!L$6:L$1005,ROW($C15)-ROW($C$5),1)) | R15: =IFERROR("Win Probability: "&Q15*100&"%","-") -> - | S15: =IF(LEN(INDEX(Input!M$6:M$1005,ROW($C15)-ROW($C$5),1))=0,"-",INDEX(Input!M$6:M$1005,ROW($C15)-ROW($C$5),1)) -> - | T15: =IFERROR(O15*Q15,"") | U15: =IF(T15="","-","Forecast: "&T15& " " &currency) -> - | V15: =IF(LEN(INDEX(Input!O$6:O$1005,ROW($C15)-ROW($C$5),1))=0,"",INDEX(Input!O$6:O$1005,ROW($C15)-ROW($C$5),1)) | W15: =IF(V15="","-","Earned: " &V15) -> - | X15: =IFERROR(IF(K15<>"",MONTH(K15),""),"") | Y15: =IFERROR(MONTH(IF(M15<>"",M15,K15)),"") | Z15: =IF(AND(OR(Dashboard!$D$7=J15,Dashboard!$D$7=""), OR(Dashboard!$G$6<=K15,Dashboard!$G$6=""), OR(Dashboard!$G$7>=K15,Dashboard!$G$7=""), OR(Dashboard!$J$6<=O15,Dashboard!$J$6=""), OR(Dashboard!$J$7>=O15,Dashboard!$J$7=""),D15<>""),"x","") -> x | AA15: =IF(AND(OR(Dashboard!$D$6=H15,Dashboard!$D$6="",Dashboard!$D$6="All"), Z15="x"),"x","") -> x | AB15: =IF(AND(OR(Dashboard!$D$6=H15,Dashboard!$D$6="",Dashboard!$D$6="All"), OR(Dashboard!$D$7=J15,Dashboard!$D$7=""), OR(Dashboard!$G$6<=K15,Dashboard!$G$6=""), OR(Dashboard!$G$7>=K15,Dashboard!$G$7=""), OR(Dashboard!$J$6<=O15,Dashboard!$J$6=""), OR(Dashboard!$J$7>=O15,Dashboard!$J$7=""),I15<>""),"x","") | AC15: =IF($AB15<>"x","",IF(AND($I15<>AC$4, IFERROR(MATCH("c",$AB15:AB15,0),0)=0),"x", IF(IFERROR(MATCH("c",$AB15:AB15,0),0)=0,"c",""))) | AD15: =IF($AB15<>"x","",IF(AND($I15<>AD$4, IFERROR(MATCH("c",$AB15:AC15,0),0)=0),"x", IF(IFERROR(MATCH("c",$AB15:AC15,0),0)=0,"c",""))) | AE15: =IF($AB15<>"x","",IF(AND($I15<>AE$4, IFERROR(MATCH("c",$AB15:AD15,0),0)=0),"x", IF(IFERROR(MATCH("c",$AB15:AD15,0),0)=0,"c",""))) | AF15: =IF($AB15<>"x","",IF(AND($I15<>AF$4, IFERROR(MATCH("c",$AB15:AE15,0),0)=0),"x", IF(IFERROR(MATCH("c",$AB15:AE15,0),0)=0,"c",""))) | AG15: =IF($AB15<>"x","",IF(AND($I15<>AG$4, IFERROR(MATCH("c",$AB15:AF15,0),0)=0),"x", IF(IFERROR(MATCH("c",$AB15:AF15,0),0)=0,"c",""))) | AH15: =IF($AB15<>"x","",IF(AND($I15<>AH$4, IFERROR(MATCH("c",$AB15:AG15,0),0)=0),"x", IF(IFERROR(MATCH("c",$AB15:AG15,0),0)=0,"c",""))) | AI15: =IF($AB15<>"x","",IF(AND($I15<>AI$4, IFERROR(MATCH("c",$AB15:AH15,0),0)=0),"x", IF(IFERROR(MATCH("c",$AB15:AH15,0),0)=0,"c",""))) | AJ15: =IF($AB15<>"x","",IF(AND($I15<>AJ$4, IFERROR(MATCH("c",$AB15:AI15,0),0)=0),"x", IF(IFERROR(MATCH("c",$AB15:AI15,0),0)=0,"c",""))) | ... AQ15: =IF($AB15<>"x","",IF(AND($I15<>AQ$4, IFERROR(MATCH("c",$AB15:AP15,0),0)=0),"x", IF(IFERROR(MATCH("c",$AB15:AP15,0),0)=0,"c",""))) | AS15: 9 | AT15: =IFERROR(INDEX(Settings!$I$6:$I$19,MATCH(Calc!AS15,Calc!$CV$6:$CV$19,0),1),"") | AW15: =IF(Settings!B14<>"",Settings!B14,"") -> Purchase Order | AX15: =IF(AW15<>"",COUNTIF(INDEX($AC$6:$AQ$1005,,MATCH(AW15,$AC$4:$AQ$4,0)),"x")+COUNTIF(INDEX($AC$6:$AQ$1005,,MATCH(AW15,$AC$4:$AQ$4,0)),"c"),"") -> 0 | AY15: =IFERROR(INDEX(Calc!$AC$2:$AQ$2,1,MATCH(AW15,Calc!$AC$4:$AQ$4,0)),"") -> 0 | AZ15: =IFERROR((MAX($AX$7:$AX$21)-AX15)/2,"") -> 3.5 | BB15: September | BC15: =IFERROR(IF(COUNTIFS($J$6:$J$1005,Settings!$D$6,$Y$6:$Y$1005,ROW(BB15)-ROW($BB$6),$AA$6:$AA$1005,"x")=0,NA(),COUNTIFS($J$6:$J$1005,Settings!$D$6,$Y$6:$Y$1005,ROW(BB15)-ROW($BB$6),$AA$6:$AA$1005,"x")),"") | BD15: =IFERROR(IF(COUNTIFS($J$6:$J$1005,Settings!$D$7,$Y$6:$Y$1005,ROW(BB15)-ROW($BB$6),$AA$6:$AA$1005,"x")=0,NA(),COUNTIFS($J$6:$J$1005,Settings!$D$7,$Y$6:$Y$1005,ROW(BB15)-ROW($BB$6),$AA$6:$AA$1005,"x")),"") | BE15: =IFERROR(SUMIFS($O$6:$O$1005,$J$6:$J$1005,Settings!$D$6,$Y$6:$Y$1005,ROW(BB15)-ROW($BB$6),$AA$6:$AA$1005,"x"),"") -> 0 | BF15: =IFERROR(SUMIFS($O$6:$O$1005,$Y$6:$Y$1005,ROW(BB15)-ROW($BB$6),$AA$6:$AA$1005,"x"),"") -> 0 | BG15: =IFERROR(SUM($BE$7:BE15),"") -> 3782 | BH15: =IFERROR(SUMIFS($T$6:$T$1005,$Y$6:$Y$1005,ROW(BB15)-ROW($BB$6),$AA$6:$AA$1005,"x"),"") -> 0 | BO15: =IF(COUNTIF($BO$6:BO14,BO14)+1>Calc!$CU$9,MAX($BO$6:BO14)+1,BO14) -> 3 | BP15: =IF(29-SUMIF(Pipeline!D19:AF19,"",$BP$5:$CR$5)>0,ROW(BO15),"") | CV15: =IF(Settings!H15=$CU$7,COUNTIF(Settings!$H$6:H15,$CU$7),"") | CW15: =IF(Settings!F15="","",Settings!F15)
B16: =IF(AND(OR(Pipeline!$F$5=H16,Pipeline!$F$5="",Pipeline!$F$5="All"), OR(Pipeline!$F$6=J16,Pipeline!$F$6="",Pipeline!$F$6="All"), OR(Pipeline!$J$5<=K16,Pipeline!$J$5=""), OR(Pipeline!$J$6>=K16,Pipeline!$J$6=""), OR(Pipeline!$N$5<=O16,Pipeline!$N$5=""), OR(Pipeline!$N$6>=O16,Pipeline!$N$6="")),1,0) -> 1 | C16: =IF(B16<>1,"",COUNTIFS($I$6:I15,I16,$B$6:B15,1)+1) -> 4 | D16: =IF(LEN(INDEX(Input!B$6:B$1005,ROW($C16)-ROW($C$5),1))=0,"-",INDEX(Input!B$6:B$1005,ROW($C16)-ROW($C$5),1)) -> - | E16: =IF(LEN(INDEX(Input!C$6:C$1005,ROW($C16)-ROW($C$5),1))=0,"-",INDEX(Input!C$6:C$1005,ROW($C16)-ROW($C$5),1)) -> - | F16: =IF(LEN(INDEX(Input!D$6:D$1005,ROW($C16)-ROW($C$5),1))=0,"-",INDEX(Input!D$6:D$1005,ROW($C16)-ROW($C$5),1)) -> - | G16: =IF(LEN(INDEX(Input!E$6:E$1005,ROW($C16)-ROW($C$5),1))=0,"-",INDEX(Input!E$6:E$1005,ROW($C16)-ROW($C$5),1)) -> - | H16: =IF(LEN(INDEX(Input!F$6:F$1005,ROW($C16)-ROW($C$5),1))=0,"-",INDEX(Input!F$6:F$1005,ROW($C16)-ROW($C$5),1)) -> - | I16: =IF(LEN(INDEX(Input!G$6:G$1005,ROW($C16)-ROW($C$5),1))=0,"",INDEX(Input!G$6:G$1005,ROW($C16)-ROW($C$5),1)) | J16: =IF(LEN(INDEX(Input!B$6:B$1005,ROW($C16)-ROW($C$5),1))=0,"-",IF(INDEX(Input!H$6:H$1005,ROW($C16)-ROW($C$5),1)="","Not set",INDEX(Input!H$6:H$1005,ROW($C16)-ROW($C$5),1)) ) -> - | K16: =IF(LEN(INDEX(Input!I$6:I$1005,ROW($C16)-ROW($C$5),1))=0,"",INDEX(Input!I$6:I$1005,ROW($C16)-ROW($C$5),1)) | L16: {=IFERROR(IF($AY$24=123,DAY(K16)&connector&IF($AZ$24="Extended",INDEX($AT$24:$AT$35,MONTH(K16),1),MONTH(K16))&connector&IF($AZ$24="Short", RIGHT(YEAR(K16),2),YEAR(K16)),IF($AY$24=213, MONTH(K16)&connector&DAY(K16)&connector&IF($AZ$24="Short", RIGHT(YEAR(K16),2),YEAR(K16)),IF($AZ$24="Short", RIGHT(YEAR(K16),2),YEAR(K16))&connector&MONTH(K16)&connector&DAY(K16))),"-")} -> - | M16: =IF(LEN(INDEX(Input!J$6:J$1005,ROW($C16)-ROW($C$5),1))=0,"",INDEX(Input!J$6:J$1005,ROW($C16)-ROW($C$5),1)) | N16: {=IFERROR(IF($AY$24=123,DAY(M16)&connector&IF($AZ$24="Extended",INDEX($AT$24:$AT$35,MONTH(M16),1),MONTH(M16))&connector&IF($AZ$24="Short", RIGHT(YEAR(M16),2),YEAR(M16)),IF($AY$24=213, MONTH(M16)&connector&DAY(M16)&connector&IF($AZ$24="Short", RIGHT(YEAR(M16),2),YEAR(M16)),IF($AZ$24="Short", RIGHT(YEAR(M16),2),YEAR(M16))&connector&MONTH(M16)&connector&DAY(M16))),"-")} -> - | O16: =IF(LEN(INDEX(Input!K$6:K$1005,ROW($C16)-ROW($C$5),1))=0,"",INDEX(Input!K$6:K$1005,ROW($C16)-ROW($C$5),1)) | P16: =IF(O16="","-","Value: " &O16&"$") -> - | Q16: =IF(LEN(INDEX(Input!L$6:L$1005,ROW($C16)-ROW($C$5),1))=0,"",INDEX(Input!L$6:L$1005,ROW($C16)-ROW($C$5),1)) | R16: =IFERROR("Win Probability: "&Q16*100&"%","-") -> - | S16: =IF(LEN(INDEX(Input!M$6:M$1005,ROW($C16)-ROW($C$5),1))=0,"-",INDEX(Input!M$6:M$1005,ROW($C16)-ROW($C$5),1)) -> - | T16: =IFERROR(O16*Q16,"") | U16: =IF(T16="","-","Forecast: "&T16& " " &currency) -> - | V16: =IF(LEN(INDEX(Input!O$6:O$1005,ROW($C16)-ROW($C$5),1))=0,"",INDEX(Input!O$6:O$1005,ROW($C16)-ROW($C$5),1)) | W16: =IF(V16="","-","Earned: " &V16) -> - | X16: =IFERROR(IF(K16<>"",MONTH(K16),""),"") | Y16: =IFERROR(MONTH(IF(M16<>"",M16,K16)),"") | Z16: =IF(AND(OR(Dashboard!$D$7=J16,Dashboard!$D$7=""), OR(Dashboard!$G$6<=K16,Dashboard!$G$6=""), OR(Dashboard!$G$7>=K16,Dashboard!$G$7=""), OR(Dashboard!$J$6<=O16,Dashboard!$J$6=""), OR(Dashboard!$J$7>=O16,Dashboard!$J$7=""),D16<>""),"x","") -> x | AA16: =IF(AND(OR(Dashboard!$D$6=H16,Dashboard!$D$6="",Dashboard!$D$6="All"), Z16="x"),"x","") -> x | AB16: =IF(AND(OR(Dashboard!$D$6=H16,Dashboard!$D$6="",Dashboard!$D$6="All"), OR(Dashboard!$D$7=J16,Dashboard!$D$7=""), OR(Dashboard!$G$6<=K16,Dashboard!$G$6=""), OR(Dashboard!$G$7>=K16,Dashboard!$G$7=""), OR(Dashboard!$J$6<=O16,Dashboard!$J$6=""), OR(Dashboard!$J$7>=O16,Dashboard!$J$7=""),I16<>""),"x","") | AC16: =IF($AB16<>"x","",IF(AND($I16<>AC$4, IFERROR(MATCH("c",$AB16:AB16,0),0)=0),"x", IF(IFERROR(MATCH("c",$AB16:AB16,0),0)=0,"c",""))) | AD16: =IF($AB16<>"x","",IF(AND($I16<>AD$4, IFERROR(MATCH("c",$AB16:AC16,0),0)=0),"x", IF(IFERROR(MATCH("c",$AB16:AC16,0),0)=0,"c",""))) | AE16: =IF($AB16<>"x","",IF(AND($I16<>AE$4, IFERROR(MATCH("c",$AB16:AD16,0),0)=0),"x", IF(IFERROR(MATCH("c",$AB16:AD16,0),0)=0,"c",""))) | AF16: =IF($AB16<>"x","",IF(AND($I16<>AF$4, IFERROR(MATCH("c",$AB16:AE16,0),0)=0),"x", IF(IFERROR(MATCH("c",$AB16:AE16,0),0)=0,"c",""))) | AG16: =IF($AB16<>"x","",IF(AND($I16<>AG$4, IFERROR(MATCH("c",$AB16:AF16,0),0)=0),"x", IF(IFERROR(MATCH("c",$AB16:AF16,0),0)=0,"c",""))) | AH16: =IF($AB16<>"x","",IF(AND($I16<>AH$4, IFERROR(MATCH("c",$AB16:AG16,0),0)=0),"x", IF(IFERROR(MATCH("c",$AB16:AG16,0),0)=0,"c",""))) | AI16: =IF($AB16<>"x","",IF(AND($I16<>AI$4, IFERROR(MATCH("c",$AB16:AH16,0),0)=0),"x", IF(IFERROR(MATCH("c",$AB16:AH16,0),0)=0,"c",""))) | AJ16: =IF($AB16<>"x","",IF(AND($I16<>AJ$4, IFERROR(MATCH("c",$AB16:AI16,0),0)=0),"x", IF(IFERROR(MATCH("c",$AB16:AI16,0),0)=0,"c",""))) | ... AQ16: =IF($AB16<>"x","",IF(AND($I16<>AQ$4, IFERROR(MATCH("c",$AB16:AP16,0),0)=0),"x", IF(IFERROR(MATCH("c",$AB16:AP16,0),0)=0,"c",""))) | AS16: 10 | AT16: =IFERROR(INDEX(Settings!$I$6:$I$19,MATCH(Calc!AS16,Calc!$CV$6:$CV$19,0),1),"") | AW16: =IF(Settings!B15<>"",Settings!B15,"") -> Invoice | AX16: =IF(AW16<>"",COUNTIF(INDEX($AC$6:$AQ$1005,,MATCH(AW16,$AC$4:$AQ$4,0)),"x")+COUNTIF(INDEX($AC$6:$AQ$1005,,MATCH(AW16,$AC$4:$AQ$4,0)),"c"),"") -> 0 | AY16: =IFERROR(INDEX(Calc!$AC$2:$AQ$2,1,MATCH(AW16,Calc!$AC$4:$AQ$4,0)),"") -> 0 | AZ16: =IFERROR((MAX($AX$7:$AX$21)-AX16)/2,"") -> 3.5 | BB16: October | BC16: =IFERROR(IF(COUNTIFS($J$6:$J$1005,Settings!$D$6,$Y$6:$Y$1005,ROW(BB16)-ROW($BB$6),$AA$6:$AA$1005,"x")=0,NA(),COUNTIFS($J$6:$J$1005,Settings!$D$6,$Y$6:$Y$1005,ROW(BB16)-ROW($BB$6),$AA$6:$AA$1005,"x")),"") | BD16: =IFERROR(IF(COUNTIFS($J$6:$J$1005,Settings!$D$7,$Y$6:$Y$1005,ROW(BB16)-ROW($BB$6),$AA$6:$AA$1005,"x")=0,NA(),COUNTIFS($J$6:$J$1005,Settings!$D$7,$Y$6:$Y$1005,ROW(BB16)-ROW($BB$6),$AA$6:$AA$1005,"x")),"") | BE16: =IFERROR(SUMIFS($O$6:$O$1005,$J$6:$J$1005,Settings!$D$6,$Y$6:$Y$1005,ROW(BB16)-ROW($BB$6),$AA$6:$AA$1005,"x"),"") -> 0 | BF16: =IFERROR(SUMIFS($O$6:$O$1005,$Y$6:$Y$1005,ROW(BB16)-ROW($BB$6),$AA$6:$AA$1005,"x"),"") -> 0 | BG16: =IFERROR(SUM($BE$7:BE16),"") -> 3782 | BH16: =IFERROR(SUMIFS($T$6:$T$1005,$Y$6:$Y$1005,ROW(BB16)-ROW($BB$6),$AA$6:$AA$1005,"x"),"") -> 0 | BO16: =IF(COUNTIF($BO$6:BO15,BO15)+1>Calc!$CU$9,MAX($BO$6:BO15)+1,BO15) -> 3 | BP16: =IF(29-SUMIF(Pipeline!D20:AF20,"",$BP$5:$CR$5)>0,ROW(BO16),"") | CV16: =IF(Settings!H16=$CU$7,COUNTIF(Settings!$H$6:H16,$CU$7),"") | CW16: =IF(Settings!F16="","",Settings!F16)
B17: =IF(AND(OR(Pipeline!$F$5=H17,Pipeline!$F$5="",Pipeline!$F$5="All"), OR(Pipeline!$F$6=J17,Pipeline!$F$6="",Pipeline!$F$6="All"), OR(Pipeline!$J$5<=K17,Pipeline!$J$5=""), OR(Pipeline!$J$6>=K17,Pipeline!$J$6=""), OR(Pipeline!$N$5<=O17,Pipeline!$N$5=""), OR(Pipeline!$N$6>=O17,Pipeline!$N$6="")),1,0) -> 1 | C17: =IF(B17<>1,"",COUNTIFS($I$6:I16,I17,$B$6:B16,1)+1) -> 5 | D17: =IF(LEN(INDEX(Input!B$6:B$1005,ROW($C17)-ROW($C$5),1))=0,"-",INDEX(Input!B$6:B$1005,ROW($C17)-ROW($C$5),1)) -> - | E17: =IF(LEN(INDEX(Input!C$6:C$1005,ROW($C17)-ROW($C$5),1))=0,"-",INDEX(Input!C$6:C$1005,ROW($C17)-ROW($C$5),1)) -> - | F17: =IF(LEN(INDEX(Input!D$6:D$1005,ROW($C17)-ROW($C$5),1))=0,"-",INDEX(Input!D$6:D$1005,ROW($C17)-ROW($C$5),1)) -> - | G17: =IF(LEN(INDEX(Input!E$6:E$1005,ROW($C17)-ROW($C$5),1))=0,"-",INDEX(Input!E$6:E$1005,ROW($C17)-ROW($C$5),1)) -> - | H17: =IF(LEN(INDEX(Input!F$6:F$1005,ROW($C17)-ROW($C$5),1))=0,"-",INDEX(Input!F$6:F$1005,ROW($C17)-ROW($C$5),1)) -> - | I17: =IF(LEN(INDEX(Input!G$6:G$1005,ROW($C17)-ROW($C$5),1))=0,"",INDEX(Input!G$6:G$1005,ROW($C17)-ROW($C$5),1)) | J17: =IF(LEN(INDEX(Input!B$6:B$1005,ROW($C17)-ROW($C$5),1))=0,"-",IF(INDEX(Input!H$6:H$1005,ROW($C17)-ROW($C$5),1)="","Not set",INDEX(Input!H$6:H$1005,ROW($C17)-ROW($C$5),1)) ) -> - | K17: =IF(LEN(INDEX(Input!I$6:I$1005,ROW($C17)-ROW($C$5),1))=0,"",INDEX(Input!I$6:I$1005,ROW($C17)-ROW($C$5),1)) | L17: {=IFERROR(IF($AY$24=123,DAY(K17)&connector&IF($AZ$24="Extended",INDEX($AT$24:$AT$35,MONTH(K17),1),MONTH(K17))&connector&IF($AZ$24="Short", RIGHT(YEAR(K17),2),YEAR(K17)),IF($AY$24=213, MONTH(K17)&connector&DAY(K17)&connector&IF($AZ$24="Short", RIGHT(YEAR(K17),2),YEAR(K17)),IF($AZ$24="Short", RIGHT(YEAR(K17),2),YEAR(K17))&connector&MONTH(K17)&connector&DAY(K17))),"-")} -> - | M17: =IF(LEN(INDEX(Input!J$6:J$1005,ROW($C17)-ROW($C$5),1))=0,"",INDEX(Input!J$6:J$1005,ROW($C17)-ROW($C$5),1)) | N17: {=IFERROR(IF($AY$24=123,DAY(M17)&connector&IF($AZ$24="Extended",INDEX($AT$24:$AT$35,MONTH(M17),1),MONTH(M17))&connector&IF($AZ$24="Short", RIGHT(YEAR(M17),2),YEAR(M17)),IF($AY$24=213, MONTH(M17)&connector&DAY(M17)&connector&IF($AZ$24="Short", RIGHT(YEAR(M17),2),YEAR(M17)),IF($AZ$24="Short", RIGHT(YEAR(M17),2),YEAR(M17))&connector&MONTH(M17)&connector&DAY(M17))),"-")} -> - | O17: =IF(LEN(INDEX(Input!K$6:K$1005,ROW($C17)-ROW($C$5),1))=0,"",INDEX(Input!K$6:K$1005,ROW($C17)-ROW($C$5),1)) | P17: =IF(O17="","-","Value: " &O17&"$") -> - | Q17: =IF(LEN(INDEX(Input!L$6:L$1005,ROW($C17)-ROW($C$5),1))=0,"",INDEX(Input!L$6:L$1005,ROW($C17)-ROW($C$5),1)) | R17: =IFERROR("Win Probability: "&Q17*100&"%","-") -> - | S17: =IF(LEN(INDEX(Input!M$6:M$1005,ROW($C17)-ROW($C$5),1))=0,"-",INDEX(Input!M$6:M$1005,ROW($C17)-ROW($C$5),1)) -> - | T17: =IFERROR(O17*Q17,"") | U17: =IF(T17="","-","Forecast: "&T17& " " &currency) -> - | V17: =IF(LEN(INDEX(Input!O$6:O$1005,ROW($C17)-ROW($C$5),1))=0,"",INDEX(Input!O$6:O$1005,ROW($C17)-ROW($C$5),1)) | W17: =IF(V17="","-","Earned: " &V17) -> - | X17: =IFERROR(IF(K17<>"",MONTH(K17),""),"") | Y17: =IFERROR(MONTH(IF(M17<>"",M17,K17)),"") | Z17: =IF(AND(OR(Dashboard!$D$7=J17,Dashboard!$D$7=""), OR(Dashboard!$G$6<=K17,Dashboard!$G$6=""), OR(Dashboard!$G$7>=K17,Dashboard!$G$7=""), OR(Dashboard!$J$6<=O17,Dashboard!$J$6=""), OR(Dashboard!$J$7>=O17,Dashboard!$J$7=""),D17<>""),"x","") -> x | AA17: =IF(AND(OR(Dashboard!$D$6=H17,Dashboard!$D$6="",Dashboard!$D$6="All"), Z17="x"),"x","") -> x | AB17: =IF(AND(OR(Dashboard!$D$6=H17,Dashboard!$D$6="",Dashboard!$D$6="All"), OR(Dashboard!$D$7=J17,Dashboard!$D$7=""), OR(Dashboard!$G$6<=K17,Dashboard!$G$6=""), OR(Dashboard!$G$7>=K17,Dashboard!$G$7=""), OR(Dashboard!$J$6<=O17,Dashboard!$J$6=""), OR(Dashboard!$J$7>=O17,Dashboard!$J$7=""),I17<>""),"x","") | AC17: =IF($AB17<>"x","",IF(AND($I17<>AC$4, IFERROR(MATCH("c",$AB17:AB17,0),0)=0),"x", IF(IFERROR(MATCH("c",$AB17:AB17,0),0)=0,"c",""))) | AD17: =IF($AB17<>"x","",IF(AND($I17<>AD$4, IFERROR(MATCH("c",$AB17:AC17,0),0)=0),"x", IF(IFERROR(MATCH("c",$AB17:AC17,0),0)=0,"c",""))) | AE17: =IF($AB17<>"x","",IF(AND($I17<>AE$4, IFERROR(MATCH("c",$AB17:AD17,0),0)=0),"x", IF(IFERROR(MATCH("c",$AB17:AD17,0),0)=0,"c",""))) | AF17: =IF($AB17<>"x","",IF(AND($I17<>AF$4, IFERROR(MATCH("c",$AB17:AE17,0),0)=0),"x", IF(IFERROR(MATCH("c",$AB17:AE17,0),0)=0,"c",""))) | AG17: =IF($AB17<>"x","",IF(AND($I17<>AG$4, IFERROR(MATCH("c",$AB17:AF17,0),0)=0),"x", IF(IFERROR(MATCH("c",$AB17:AF17,0),0)=0,"c",""))) | AH17: =IF($AB17<>"x","",IF(AND($I17<>AH$4, IFERROR(MATCH("c",$AB17:AG17,0),0)=0),"x", IF(IFERROR(MATCH("c",$AB17:AG17,0),0)=0,"c",""))) | AI17: =IF($AB17<>"x","",IF(AND($I17<>AI$4, IFERROR(MATCH("c",$AB17:AH17,0),0)=0),"x", IF(IFERROR(MATCH("c",$AB17:AH17,0),0)=0,"c",""))) | AJ17: =IF($AB17<>"x","",IF(AND($I17<>AJ$4, IFERROR(MATCH("c",$AB17:AI17,0),0)=0),"x", IF(IFERROR(MATCH("c",$AB17:AI17,0),0)=0,"c",""))) | ... AQ17: =IF($AB17<>"x","",IF(AND($I17<>AQ$4, IFERROR(MATCH("c",$AB17:AP17,0),0)=0),"x", IF(IFERROR(MATCH("c",$AB17:AP17,0),0)=0,"c",""))) | AS17: 11 | AT17: =IFERROR(INDEX(Settings!$I$6:$I$19,MATCH(Calc!AS17,Calc!$CV$6:$CV$19,0),1),"") | AW17: =IF(Settings!B16<>"",Settings!B16,"") -> Payment | AX17: =IF(AW17<>"",COUNTIF(INDEX($AC$6:$AQ$1005,,MATCH(AW17,$AC$4:$AQ$4,0)),"x")+COUNTIF(INDEX($AC$6:$AQ$1005,,MATCH(AW17,$AC$4:$AQ$4,0)),"c"),"") -> 0 | AY17: =IFERROR(INDEX(Calc!$AC$2:$AQ$2,1,MATCH(AW17,Calc!$AC$4:$AQ$4,0)),"") -> 0 | AZ17: =IFERROR((MAX($AX$7:$AX$21)-AX17)/2,"") -> 3.5 | BB17: November | BC17: =IFERROR(IF(COUNTIFS($J$6:$J$1005,Settings!$D$6,$Y$6:$Y$1005,ROW(BB17)-ROW($BB$6),$AA$6:$AA$1005,"x")=0,NA(),COUNTIFS($J$6:$J$1005,Settings!$D$6,$Y$6:$Y$1005,ROW(BB17)-ROW($BB$6),$AA$6:$AA$1005,"x")),"") | BD17: =IFERROR(IF(COUNTIFS($J$6:$J$1005,Settings!$D$7,$Y$6:$Y$1005,ROW(BB17)-ROW($BB$6),$AA$6:$AA$1005,"x")=0,NA(),COUNTIFS($J$6:$J$1005,Settings!$D$7,$Y$6:$Y$1005,ROW(BB17)-ROW($BB$6),$AA$6:$AA$1005,"x")),"") | BE17: =IFERROR(SUMIFS($O$6:$O$1005,$J$6:$J$1005,Settings!$D$6,$Y$6:$Y$1005,ROW(BB17)-ROW($BB$6),$AA$6:$AA$1005,"x"),"") -> 0 | BF17: =IFERROR(SUMIFS($O$6:$O$1005,$Y$6:$Y$1005,ROW(BB17)-ROW($BB$6),$AA$6:$AA$1005,"x"),"") -> 0 | BG17: =IFERROR(SUM($BE$7:BE17),"") -> 3782 | BH17: =IFERROR(SUMIFS($T$6:$T$1005,$Y$6:$Y$1005,ROW(BB17)-ROW($BB$6),$AA$6:$AA$1005,"x"),"") -> 0 | BO17: =IF(COUNTIF($BO$6:BO16,BO16)+1>Calc!$CU$9,MAX($BO$6:BO16)+1,BO16) -> 3 | BP17: =IF(29-SUMIF(Pipeline!D21:AF21,"",$BP$5:$CR$5)>0,ROW(BO17),"") | CV17: =IF(Settings!H17=$CU$7,COUNTIF(Settings!$H$6:H17,$CU$7),"") | CW17: =IF(Settings!F17="","",Settings!F17)
B18: =IF(AND(OR(Pipeline!$F$5=H18,Pipeline!$F$5="",Pipeline!$F$5="All"), OR(Pipeline!$F$6=J18,Pipeline!$F$6="",Pipeline!$F$6="All"), OR(Pipeline!$J$5<=K18,Pipeline!$J$5=""), OR(Pipeline!$J$6>=K18,Pipeline!$J$6=""), OR(Pipeline!$N$5<=O18,Pipeline!$N$5=""), OR(Pipeline!$N$6>=O18,Pipeline!$N$6="")),1,0) -> 1 | C18: =IF(B18<>1,"",COUNTIFS($I$6:I17,I18,$B$6:B17,1)+1) -> 6 | D18: =IF(LEN(INDEX(Input!B$6:B$1005,ROW($C18)-ROW($C$5),1))=0,"-",INDEX(Input!B$6:B$1005,ROW($C18)-ROW($C$5),1)) -> - | E18: =IF(LEN(INDEX(Input!C$6:C$1005,ROW($C18)-ROW($C$5),1))=0,"-",INDEX(Input!C$6:C$1005,ROW($C18)-ROW($C$5),1)) -> - | F18: =IF(LEN(INDEX(Input!D$6:D$1005,ROW($C18)-ROW($C$5),1))=0,"-",INDEX(Input!D$6:D$1005,ROW($C18)-ROW($C$5),1)) -> - | G18: =IF(LEN(INDEX(Input!E$6:E$1005,ROW($C18)-ROW($C$5),1))=0,"-",INDEX(Input!E$6:E$1005,ROW($C18)-ROW($C$5),1)) -> - | H18: =IF(LEN(INDEX(Input!F$6:F$1005,ROW($C18)-ROW($C$5),1))=0,"-",INDEX(Input!F$6:F$1005,ROW($C18)-ROW($C$5),1)) -> - | I18: =IF(LEN(INDEX(Input!G$6:G$1005,ROW($C18)-ROW($C$5),1))=0,"",INDEX(Input!G$6:G$1005,ROW($C18)-ROW($C$5),1)) | J18: =IF(LEN(INDEX(Input!B$6:B$1005,ROW($C18)-ROW($C$5),1))=0,"-",IF(INDEX(Input!H$6:H$1005,ROW($C18)-ROW($C$5),1)="","Not set",INDEX(Input!H$6:H$1005,ROW($C18)-ROW($C$5),1)) ) -> - | K18: =IF(LEN(INDEX(Input!I$6:I$1005,ROW($C18)-ROW($C$5),1))=0,"",INDEX(Input!I$6:I$1005,ROW($C18)-ROW($C$5),1)) | L18: {=IFERROR(IF($AY$24=123,DAY(K18)&connector&IF($AZ$24="Extended",INDEX($AT$24:$AT$35,MONTH(K18),1),MONTH(K18))&connector&IF($AZ$24="Short", RIGHT(YEAR(K18),2),YEAR(K18)),IF($AY$24=213, MONTH(K18)&connector&DAY(K18)&connector&IF($AZ$24="Short", RIGHT(YEAR(K18),2),YEAR(K18)),IF($AZ$24="Short", RIGHT(YEAR(K18),2),YEAR(K18))&connector&MONTH(K18)&connector&DAY(K18))),"-")} -> - | M18: =IF(LEN(INDEX(Input!J$6:J$1005,ROW($C18)-ROW($C$5),1))=0,"",INDEX(Input!J$6:J$1005,ROW($C18)-ROW($C$5),1)) | N18: {=IFERROR(IF($AY$24=123,DAY(M18)&connector&IF($AZ$24="Extended",INDEX($AT$24:$AT$35,MONTH(M18),1),MONTH(M18))&connector&IF($AZ$24="Short", RIGHT(YEAR(M18),2),YEAR(M18)),IF($AY$24=213, MONTH(M18)&connector&DAY(M18)&connector&IF($AZ$24="Short", RIGHT(YEAR(M18),2),YEAR(M18)),IF($AZ$24="Short", RIGHT(YEAR(M18),2),YEAR(M18))&connector&MONTH(M18)&connector&DAY(M18))),"-")} -> - | O18: =IF(LEN(INDEX(Input!K$6:K$1005,ROW($C18)-ROW($C$5),1))=0,"",INDEX(Input!K$6:K$1005,ROW($C18)-ROW($C$5),1)) | P18: =IF(O18="","-","Value: " &O18&"$") -> - | Q18: =IF(LEN(INDEX(Input!L$6:L$1005,ROW($C18)-ROW($C$5),1))=0,"",INDEX(Input!L$6:L$1005,ROW($C18)-ROW($C$5),1)) | R18: =IFERROR("Win Probability: "&Q18*100&"%","-") -> - | S18: =IF(LEN(INDEX(Input!M$6:M$1005,ROW($C18)-ROW($C$5),1))=0,"-",INDEX(Input!M$6:M$1005,ROW($C18)-ROW($C$5),1)) -> - | T18: =IFERROR(O18*Q18,"") | U18: =IF(T18="","-","Forecast: "&T18& " " &currency) -> - | V18: =IF(LEN(INDEX(Input!O$6:O$1005,ROW($C18)-ROW($C$5),1))=0,"",INDEX(Input!O$6:O$1005,ROW($C18)-ROW($C$5),1)) | W18: =IF(V18="","-","Earned: " &V18) -> - | X18: =IFERROR(IF(K18<>"",MONTH(K18),""),"") | Y18: =IFERROR(MONTH(IF(M18<>"",M18,K18)),"") | Z18: =IF(AND(OR(Dashboard!$D$7=J18,Dashboard!$D$7=""), OR(Dashboard!$G$6<=K18,Dashboard!$G$6=""), OR(Dashboard!$G$7>=K18,Dashboard!$G$7=""), OR(Dashboard!$J$6<=O18,Dashboard!$J$6=""), OR(Dashboard!$J$7>=O18,Dashboard!$J$7=""),D18<>""),"x","") -> x | AA18: =IF(AND(OR(Dashboard!$D$6=H18,Dashboard!$D$6="",Dashboard!$D$6="All"), Z18="x"),"x","") -> x | AB18: =IF(AND(OR(Dashboard!$D$6=H18,Dashboard!$D$6="",Dashboard!$D$6="All"), OR(Dashboard!$D$7=J18,Dashboard!$D$7=""), OR(Dashboard!$G$6<=K18,Dashboard!$G$6=""), OR(Dashboard!$G$7>=K18,Dashboard!$G$7=""), OR(Dashboard!$J$6<=O18,Dashboard!$J$6=""), OR(Dashboard!$J$7>=O18,Dashboard!$J$7=""),I18<>""),"x","") | AC18: =IF($AB18<>"x","",IF(AND($I18<>AC$4, IFERROR(MATCH("c",$AB18:AB18,0),0)=0),"x", IF(IFERROR(MATCH("c",$AB18:AB18,0),0)=0,"c",""))) | AD18: =IF($AB18<>"x","",IF(AND($I18<>AD$4, IFERROR(MATCH("c",$AB18:AC18,0),0)=0),"x", IF(IFERROR(MATCH("c",$AB18:AC18,0),0)=0,"c",""))) | AE18: =IF($AB18<>"x","",IF(AND($I18<>AE$4, IFERROR(MATCH("c",$AB18:AD18,0),0)=0),"x", IF(IFERROR(MATCH("c",$AB18:AD18,0),0)=0,"c",""))) | AF18: =IF($AB18<>"x","",IF(AND($I18<>AF$4, IFERROR(MATCH("c",$AB18:AE18,0),0)=0),"x", IF(IFERROR(MATCH("c",$AB18:AE18,0),0)=0,"c",""))) | AG18: =IF($AB18<>"x","",IF(AND($I18<>AG$4, IFERROR(MATCH("c",$AB18:AF18,0),0)=0),"x", IF(IFERROR(MATCH("c",$AB18:AF18,0),0)=0,"c",""))) | AH18: =IF($AB18<>"x","",IF(AND($I18<>AH$4, IFERROR(MATCH("c",$AB18:AG18,0),0)=0),"x", IF(IFERROR(MATCH("c",$AB18:AG18,0),0)=0,"c",""))) | AI18: =IF($AB18<>"x","",IF(AND($I18<>AI$4, IFERROR(MATCH("c",$AB18:AH18,0),0)=0),"x", IF(IFERROR(MATCH("c",$AB18:AH18,0),0)=0,"c",""))) | AJ18: =IF($AB18<>"x","",IF(AND($I18<>AJ$4, IFERROR(MATCH("c",$AB18:AI18,0),0)=0),"x", IF(IFERROR(MATCH("c",$AB18:AI18,0),0)=0,"c",""))) | ... AQ18: =IF($AB18<>"x","",IF(AND($I18<>AQ$4, IFERROR(MATCH("c",$AB18:AP18,0),0)=0),"x", IF(IFERROR(MATCH("c",$AB18:AP18,0),0)=0,"c",""))) | AS18: 12 | AT18: =IFERROR(INDEX(Settings!$I$6:$I$19,MATCH(Calc!AS18,Calc!$CV$6:$CV$19,0),1),"") | AW18: =IF(Settings!B17<>"",Settings!B17,"") -> Refund | AX18: =IF(AW18<>"",COUNTIF(INDEX($AC$6:$AQ$1005,,MATCH(AW18,$AC$4:$AQ$4,0)),"x")+COUNTIF(INDEX($AC$6:$AQ$1005,,MATCH(AW18,$AC$4:$AQ$4,0)),"c"),"") -> 0 | AY18: =IFERROR(INDEX(Calc!$AC$2:$AQ$2,1,MATCH(AW18,Calc!$AC$4:$AQ$4,0)),"") -> 0 | AZ18: =IFERROR((MAX($AX$7:$AX$21)-AX18)/2,"") -> 3.5 | BB18: December | BC18: =IFERROR(IF(COUNTIFS($J$6:$J$1005,Settings!$D$6,$Y$6:$Y$1005,ROW(BB18)-ROW($BB$6),$AA$6:$AA$1005,"x")=0,NA(),COUNTIFS($J$6:$J$1005,Settings!$D$6,$Y$6:$Y$1005,ROW(BB18)-ROW($BB$6),$AA$6:$AA$1005,"x")),"") | BD18: =IFERROR(IF(COUNTIFS($J$6:$J$1005,Settings!$D$7,$Y$6:$Y$1005,ROW(BB18)-ROW($BB$6),$AA$6:$AA$1005,"x")=0,NA(),COUNTIFS($J$6:$J$1005,Settings!$D$7,$Y$6:$Y$1005,ROW(BB18)-ROW($BB$6),$AA$6:$AA$1005,"x")),"") | BE18: =IFERROR(SUMIFS($O$6:$O$1005,$J$6:$J$1005,Settings!$D$6,$Y$6:$Y$1005,ROW(BB18)-ROW($BB$6),$AA$6:$AA$1005,"x"),"") -> 0 | BF18: =IFERROR(SUMIFS($O$6:$O$1005,$Y$6:$Y$1005,ROW(BB18)-ROW($BB$6),$AA$6:$AA$1005,"x"),"") -> 0 | BG18: =IFERROR(SUM($BE$7:BE18),"") -> 3782 | BH18: =IFERROR(SUMIFS($T$6:$T$1005,$Y$6:$Y$1005,ROW(BB18)-ROW($BB$6),$AA$6:$AA$1005,"x"),"") -> 0 | BO18: =IF(COUNTIF($BO$6:BO17,BO17)+1>Calc!$CU$9,MAX($BO$6:BO17)+1,BO17) -> 4 | BP18: =IF(29-SUMIF(Pipeline!D22:AF22,"",$BP$5:$CR$5)>0,ROW(BO18),"") | CV18: =IF(Settings!H18=$CU$7,COUNTIF(Settings!$H$6:H18,$CU$7),"") -> 4 | CW18: =IF(Settings!F18="","",Settings!F18)
B19: =IF(AND(OR(Pipeline!$F$5=H19,Pipeline!$F$5="",Pipeline!$F$5="All"), OR(Pipeline!$F$6=J19,Pipeline!$F$6="",Pipeline!$F$6="All"), OR(Pipeline!$J$5<=K19,Pipeline!$J$5=""), OR(Pipeline!$J$6>=K19,Pipeline!$J$6=""), OR(Pipeline!$N$5<=O19,Pipeline!$N$5=""), OR(Pipeline!$N$6>=O19,Pipeline!$N$6="")),1,0) -> 1 | C19: =IF(B19<>1,"",COUNTIFS($I$6:I18,I19,$B$6:B18,1)+1) -> 7 | D19: =IF(LEN(INDEX(Input!B$6:B$1005,ROW($C19)-ROW($C$5),1))=0,"-",INDEX(Input!B$6:B$1005,ROW($C19)-ROW($C$5),1)) -> - | E19: =IF(LEN(INDEX(Input!C$6:C$1005,ROW($C19)-ROW($C$5),1))=0,"-",INDEX(Input!C$6:C$1005,ROW($C19)-ROW($C$5),1)) -> - | F19: =IF(LEN(INDEX(Input!D$6:D$1005,ROW($C19)-ROW($C$5),1))=0,"-",INDEX(Input!D$6:D$1005,ROW($C19)-ROW($C$5),1)) -> - | G19: =IF(LEN(INDEX(Input!E$6:E$1005,ROW($C19)-ROW($C$5),1))=0,"-",INDEX(Input!E$6:E$1005,ROW($C19)-ROW($C$5),1)) -> - | H19: =IF(LEN(INDEX(Input!F$6:F$1005,ROW($C19)-ROW($C$5),1))=0,"-",INDEX(Input!F$6:F$1005,ROW($C19)-ROW($C$5),1)) -> - | I19: =IF(LEN(INDEX(Input!G$6:G$1005,ROW($C19)-ROW($C$5),1))=0,"",INDEX(Input!G$6:G$1005,ROW($C19)-ROW($C$5),1)) | J19: =IF(LEN(INDEX(Input!B$6:B$1005,ROW($C19)-ROW($C$5),1))=0,"-",IF(INDEX(Input!H$6:H$1005,ROW($C19)-ROW($C$5),1)="","Not set",INDEX(Input!H$6:H$1005,ROW($C19)-ROW($C$5),1)) ) -> - | K19: =IF(LEN(INDEX(Input!I$6:I$1005,ROW($C19)-ROW($C$5),1))=0,"",INDEX(Input!I$6:I$1005,ROW($C19)-ROW($C$5),1)) | L19: {=IFERROR(IF($AY$24=123,DAY(K19)&connector&IF($AZ$24="Extended",INDEX($AT$24:$AT$35,MONTH(K19),1),MONTH(K19))&connector&IF($AZ$24="Short", RIGHT(YEAR(K19),2),YEAR(K19)),IF($AY$24=213, MONTH(K19)&connector&DAY(K19)&connector&IF($AZ$24="Short", RIGHT(YEAR(K19),2),YEAR(K19)),IF($AZ$24="Short", RIGHT(YEAR(K19),2),YEAR(K19))&connector&MONTH(K19)&connector&DAY(K19))),"-")} -> - | M19: =IF(LEN(INDEX(Input!J$6:J$1005,ROW($C19)-ROW($C$5),1))=0,"",INDEX(Input!J$6:J$1005,ROW($C19)-ROW($C$5),1)) | N19: {=IFERROR(IF($AY$24=123,DAY(M19)&connector&IF($AZ$24="Extended",INDEX($AT$24:$AT$35,MONTH(M19),1),MONTH(M19))&connector&IF($AZ$24="Short", RIGHT(YEAR(M19),2),YEAR(M19)),IF($AY$24=213, MONTH(M19)&connector&DAY(M19)&connector&IF($AZ$24="Short", RIGHT(YEAR(M19),2),YEAR(M19)),IF($AZ$24="Short", RIGHT(YEAR(M19),2),YEAR(M19))&connector&MONTH(M19)&connector&DAY(M19))),"-")} -> - | O19: =IF(LEN(INDEX(Input!K$6:K$1005,ROW($C19)-ROW($C$5),1))=0,"",INDEX(Input!K$6:K$1005,ROW($C19)-ROW($C$5),1)) | P19: =IF(O19="","-","Value: " &O19&"$") -> - | Q19: =IF(LEN(INDEX(Input!L$6:L$1005,ROW($C19)-ROW($C$5),1))=0,"",INDEX(Input!L$6:L$1005,ROW($C19)-ROW($C$5),1)) | R19: =IFERROR("Win Probability: "&Q19*100&"%","-") -> - | S19: =IF(LEN(INDEX(Input!M$6:M$1005,ROW($C19)-ROW($C$5),1))=0,"-",INDEX(Input!M$6:M$1005,ROW($C19)-ROW($C$5),1)) -> - | T19: =IFERROR(O19*Q19,"") | U19: =IF(T19="","-","Forecast: "&T19& " " &currency) -> - | V19: =IF(LEN(INDEX(Input!O$6:O$1005,ROW($C19)-ROW($C$5),1))=0,"",INDEX(Input!O$6:O$1005,ROW($C19)-ROW($C$5),1)) | W19: =IF(V19="","-","Earned: " &V19) -> - | X19: =IFERROR(IF(K19<>"",MONTH(K19),""),"") | Y19: =IFERROR(MONTH(IF(M19<>"",M19,K19)),"") | Z19: =IF(AND(OR(Dashboard!$D$7=J19,Dashboard!$D$7=""), OR(Dashboard!$G$6<=K19,Dashboard!$G$6=""), OR(Dashboard!$G$7>=K19,Dashboard!$G$7=""), OR(Dashboard!$J$6<=O19,Dashboard!$J$6=""), OR(Dashboard!$J$7>=O19,Dashboard!$J$7=""),D19<>""),"x","") -> x | AA19: =IF(AND(OR(Dashboard!$D$6=H19,Dashboard!$D$6="",Dashboard!$D$6="All"), Z19="x"),"x","") -> x | AB19: =IF(AND(OR(Dashboard!$D$6=H19,Dashboard!$D$6="",Dashboard!$D$6="All"), OR(Dashboard!$D$7=J19,Dashboard!$D$7=""), OR(Dashboard!$G$6<=K19,Dashboard!$G$6=""), OR(Dashboard!$G$7>=K19,Dashboard!$G$7=""), OR(Dashboard!$J$6<=O19,Dashboard!$J$6=""), OR(Dashboard!$J$7>=O19,Dashboard!$J$7=""),I19<>""),"x","") | AC19: =IF($AB19<>"x","",IF(AND($I19<>AC$4, IFERROR(MATCH("c",$AB19:AB19,0),0)=0),"x", IF(IFERROR(MATCH("c",$AB19:AB19,0),0)=0,"c",""))) | AD19: =IF($AB19<>"x","",IF(AND($I19<>AD$4, IFERROR(MATCH("c",$AB19:AC19,0),0)=0),"x", IF(IFERROR(MATCH("c",$AB19:AC19,0),0)=0,"c",""))) | AE19: =IF($AB19<>"x","",IF(AND($I19<>AE$4, IFERROR(MATCH("c",$AB19:AD19,0),0)=0),"x", IF(IFERROR(MATCH("c",$AB19:AD19,0),0)=0,"c",""))) | AF19: =IF($AB19<>"x","",IF(AND($I19<>AF$4, IFERROR(MATCH("c",$AB19:AE19,0),0)=0),"x", IF(IFERROR(MATCH("c",$AB19:AE19,0),0)=0,"c",""))) | AG19: =IF($AB19<>"x","",IF(AND($I19<>AG$4, IFERROR(MATCH("c",$AB19:AF19,0),0)=0),"x", IF(IFERROR(MATCH("c",$AB19:AF19,0),0)=0,"c",""))) | AH19: =IF($AB19<>"x","",IF(AND($I19<>AH$4, IFERROR(MATCH("c",$AB19:AG19,0),0)=0),"x", IF(IFERROR(MATCH("c",$AB19:AG19,0),0)=0,"c",""))) | AI19: =IF($AB19<>"x","",IF(AND($I19<>AI$4, IFERROR(MATCH("c",$AB19:AH19,0),0)=0),"x", IF(IFERROR(MATCH("c",$AB19:AH19,0),0)=0,"c",""))) | AJ19: =IF($AB19<>"x","",IF(AND($I19<>AJ$4, IFERROR(MATCH("c",$AB19:AI19,0),0)=0),"x", IF(IFERROR(MATCH("c",$AB19:AI19,0),0)=0,"c",""))) | ... AQ19: =IF($AB19<>"x","",IF(AND($I19<>AQ$4, IFERROR(MATCH("c",$AB19:AP19,0),0)=0),"x", IF(IFERROR(MATCH("c",$AB19:AP19,0),0)=0,"c",""))) | AS19: 13 | AT19: =IFERROR(INDEX(Settings!$I$6:$I$19,MATCH(Calc!AS19,Calc!$CV$6:$CV$19,0),1),"") | AW19: =IF(Settings!B18<>"",Settings!B18,"") | AX19: =IF(AW19<>"",COUNTIF(INDEX($AC$6:$AQ$1005,,MATCH(AW19,$AC$4:$AQ$4,0)),"x")+COUNTIF(INDEX($AC$6:$AQ$1005,,MATCH(AW19,$AC$4:$AQ$4,0)),"c"),"") | AY19: =IFERROR(INDEX(Calc!$AC$2:$AQ$2,1,MATCH(AW19,Calc!$AC$4:$AQ$4,0)),"") -> 0 | AZ19: =IFERROR((MAX($AX$7:$AX$21)-AX19)/2,"") | BB19: Total | BC19: =SUM(BC7:BC18) -> 4 | BD19: =SUM(BD7:BD18) -> 1 | BE19: =SUM(BE7:BE18) -> 3782 | BF19: =SUM(BF7:BF18) -> 6121 | BG19: =SUM(BG7:BG18) -> 42874 | BH19: =SUM(BH7:BH18) -> 4630.4 | BO19: =IF(COUNTIF($BO$6:BO18,BO18)+1>Calc!$CU$9,MAX($BO$6:BO18)+1,BO18) -> 4 | BP19: =IF(29-SUMIF(Pipeline!D23:AF23,"",$BP$5:$CR$5)>0,ROW(BO19),"") | CV19: =IF(Settings!H19=$CU$7,COUNTIF(Settings!$H$6:H19,$CU$7),"") | CW19: =IF(Settings!F19="","",Settings!F19)
B20: =IF(AND(OR(Pipeline!$F$5=H20,Pipeline!$F$5="",Pipeline!$F$5="All"), OR(Pipeline!$F$6=J20,Pipeline!$F$6="",Pipeline!$F$6="All"), OR(Pipeline!$J$5<=K20,Pipeline!$J$5=""), OR(Pipeline!$J$6>=K20,Pipeline!$J$6=""), OR(Pipeline!$N$5<=O20,Pipeline!$N$5=""), OR(Pipeline!$N$6>=O20,Pipeline!$N$6="")),1,0) -> 1 | C20: =IF(B20<>1,"",COUNTIFS($I$6:I19,I20,$B$6:B19,1)+1) -> 8 | D20: =IF(LEN(INDEX(Input!B$6:B$1005,ROW($C20)-ROW($C$5),1))=0,"-",INDEX(Input!B$6:B$1005,ROW($C20)-ROW($C$5),1)) -> - | E20: =IF(LEN(INDEX(Input!C$6:C$1005,ROW($C20)-ROW($C$5),1))=0,"-",INDEX(Input!C$6:C$1005,ROW($C20)-ROW($C$5),1)) -> - | F20: =IF(LEN(INDEX(Input!D$6:D$1005,ROW($C20)-ROW($C$5),1))=0,"-",INDEX(Input!D$6:D$1005,ROW($C20)-ROW($C$5),1)) -> - | G20: =IF(LEN(INDEX(Input!E$6:E$1005,ROW($C20)-ROW($C$5),1))=0,"-",INDEX(Input!E$6:E$1005,ROW($C20)-ROW($C$5),1)) -> - | H20: =IF(LEN(INDEX(Input!F$6:F$1005,ROW($C20)-ROW($C$5),1))=0,"-",INDEX(Input!F$6:F$1005,ROW($C20)-ROW($C$5),1)) -> - | I20: =IF(LEN(INDEX(Input!G$6:G$1005,ROW($C20)-ROW($C$5),1))=0,"",INDEX(Input!G$6:G$1005,ROW($C20)-ROW($C$5),1)) | J20: =IF(LEN(INDEX(Input!B$6:B$1005,ROW($C20)-ROW($C$5),1))=0,"-",IF(INDEX(Input!H$6:H$1005,ROW($C20)-ROW($C$5),1)="","Not set",INDEX(Input!H$6:H$1005,ROW($C20)-ROW($C$5),1)) ) -> - | K20: =IF(LEN(INDEX(Input!I$6:I$1005,ROW($C20)-ROW($C$5),1))=0,"",INDEX(Input!I$6:I$1005,ROW($C20)-ROW($C$5),1)) | L20: {=IFERROR(IF($AY$24=123,DAY(K20)&connector&IF($AZ$24="Extended",INDEX($AT$24:$AT$35,MONTH(K20),1),MONTH(K20))&connector&IF($AZ$24="Short", RIGHT(YEAR(K20),2),YEAR(K20)),IF($AY$24=213, MONTH(K20)&connector&DAY(K20)&connector&IF($AZ$24="Short", RIGHT(YEAR(K20),2),YEAR(K20)),IF($AZ$24="Short", RIGHT(YEAR(K20),2),YEAR(K20))&connector&MONTH(K20)&connector&DAY(K20))),"-")} -> - | M20: =IF(LEN(INDEX(Input!J$6:J$1005,ROW($C20)-ROW($C$5),1))=0,"",INDEX(Input!J$6:J$1005,ROW($C20)-ROW($C$5),1)) | N20: {=IFERROR(IF($AY$24=123,DAY(M20)&connector&IF($AZ$24="Extended",INDEX($AT$24:$AT$35,MONTH(M20),1),MONTH(M20))&connector&IF($AZ$24="Short", RIGHT(YEAR(M20),2),YEAR(M20)),IF($AY$24=213, MONTH(M20)&connector&DAY(M20)&connector&IF($AZ$24="Short", RIGHT(YEAR(M20),2),YEAR(M20)),IF($AZ$24="Short", RIGHT(YEAR(M20),2),YEAR(M20))&connector&MONTH(M20)&connector&DAY(M20))),"-")} -> - | O20: =IF(LEN(INDEX(Input!K$6:K$1005,ROW($C20)-ROW($C$5),1))=0,"",INDEX(Input!K$6:K$1005,ROW($C20)-ROW($C$5),1)) | P20: =IF(O20="","-","Value: " &O20&"$") -> - | Q20: =IF(LEN(INDEX(Input!L$6:L$1005,ROW($C20)-ROW($C$5),1))=0,"",INDEX(Input!L$6:L$1005,ROW($C20)-ROW($C$5),1)) | R20: =IFERROR("Win Probability: "&Q20*100&"%","-") -> - | S20: =IF(LEN(INDEX(Input!M$6:M$1005,ROW($C20)-ROW($C$5),1))=0,"-",INDEX(Input!M$6:M$1005,ROW($C20)-ROW($C$5),1)) -> - | T20: =IFERROR(O20*Q20,"") | U20: =IF(T20="","-","Forecast: "&T20& " " &currency) -> - | V20: =IF(LEN(INDEX(Input!O$6:O$1005,ROW($C20)-ROW($C$5),1))=0,"",INDEX(Input!O$6:O$1005,ROW($C20)-ROW($C$5),1)) | W20: =IF(V20="","-","Earned: " &V20) -> - | X20: =IFERROR(IF(K20<>"",MONTH(K20),""),"") | Y20: =IFERROR(MONTH(IF(M20<>"",M20,K20)),"") | Z20: =IF(AND(OR(Dashboard!$D$7=J20,Dashboard!$D$7=""), OR(Dashboard!$G$6<=K20,Dashboard!$G$6=""), OR(Dashboard!$G$7>=K20,Dashboard!$G$7=""), OR(Dashboard!$J$6<=O20,Dashboard!$J$6=""), OR(Dashboard!$J$7>=O20,Dashboard!$J$7=""),D20<>""),"x","") -> x | AA20: =IF(AND(OR(Dashboard!$D$6=H20,Dashboard!$D$6="",Dashboard!$D$6="All"), Z20="x"),"x","") -> x | AB20: =IF(AND(OR(Dashboard!$D$6=H20,Dashboard!$D$6="",Dashboard!$D$6="All"), OR(Dashboard!$D$7=J20,Dashboard!$D$7=""), OR(Dashboard!$G$6<=K20,Dashboard!$G$6=""), OR(Dashboard!$G$7>=K20,Dashboard!$G$7=""), OR(Dashboard!$J$6<=O20,Dashboard!$J$6=""), OR(Dashboard!$J$7>=O20,Dashboard!$J$7=""),I20<>""),"x","") | AC20: =IF($AB20<>"x","",IF(AND($I20<>AC$4, IFERROR(MATCH("c",$AB20:AB20,0),0)=0),"x", IF(IFERROR(MATCH("c",$AB20:AB20,0),0)=0,"c",""))) | AD20: =IF($AB20<>"x","",IF(AND($I20<>AD$4, IFERROR(MATCH("c",$AB20:AC20,0),0)=0),"x", IF(IFERROR(MATCH("c",$AB20:AC20,0),0)=0,"c",""))) | AE20: =IF($AB20<>"x","",IF(AND($I20<>AE$4, IFERROR(MATCH("c",$AB20:AD20,0),0)=0),"x", IF(IFERROR(MATCH("c",$AB20:AD20,0),0)=0,"c",""))) | AF20: =IF($AB20<>"x","",IF(AND($I20<>AF$4, IFERROR(MATCH("c",$AB20:AE20,0),0)=0),"x", IF(IFERROR(MATCH("c",$AB20:AE20,0),0)=0,"c",""))) | AG20: =IF($AB20<>"x","",IF(AND($I20<>AG$4, IFERROR(MATCH("c",$AB20:AF20,0),0)=0),"x", IF(IFERROR(MATCH("c",$AB20:AF20,0),0)=0,"c",""))) | AH20: =IF($AB20<>"x","",IF(AND($I20<>AH$4, IFERROR(MATCH("c",$AB20:AG20,0),0)=0),"x", IF(IFERROR(MATCH("c",$AB20:AG20,0),0)=0,"c",""))) | AI20: =IF($AB20<>"x","",IF(AND($I20<>AI$4, IFERROR(MATCH("c",$AB20:AH20,0),0)=0),"x", IF(IFERROR(MATCH("c",$AB20:AH20,0),0)=0,"c",""))) | AJ20: =IF($AB20<>"x","",IF(AND($I20<>AJ$4, IFERROR(MATCH("c",$AB20:AI20,0),0)=0),"x", IF(IFERROR(MATCH("c",$AB20:AI20,0),0)=0,"c",""))) | ... AQ20: =IF($AB20<>"x","",IF(AND($I20<>AQ$4, IFERROR(MATCH("c",$AB20:AP20,0),0)=0),"x", IF(IFERROR(MATCH("c",$AB20:AP20,0),0)=0,"c",""))) | AS20: 14 | AT20: =IFERROR(INDEX(Settings!$I$6:$I$19,MATCH(Calc!AS20,Calc!$CV$6:$CV$19,0),1),"") | AW20: =IF(Settings!B19<>"",Settings!B19,"") | AX20: =IF(AW20<>"",COUNTIF(INDEX($AC$6:$AQ$1005,,MATCH(AW20,$AC$4:$AQ$4,0)),"x")+COUNTIF(INDEX($AC$6:$AQ$1005,,MATCH(AW20,$AC$4:$AQ$4,0)),"c"),"") | AY20: =IFERROR(INDEX(Calc!$AC$2:$AQ$2,1,MATCH(AW20,Calc!$AC$4:$AQ$4,0)),"") -> 0 | AZ20: =IFERROR((MAX($AX$7:$AX$21)-AX20)/2,"") | BO20: =IF(COUNTIF($BO$6:BO19,BO19)+1>Calc!$CU$9,MAX($BO$6:BO19)+1,BO19) -> 4 | BP20: =IF(29-SUMIF(Pipeline!D24:AF24,"",$BP$5:$CR$5)>0,ROW(BO20),"") | CW20: =IF(Settings!F20="","",Settings!F20)
B21: =IF(AND(OR(Pipeline!$F$5=H21,Pipeline!$F$5="",Pipeline!$F$5="All"), OR(Pipeline!$F$6=J21,Pipeline!$F$6="",Pipeline!$F$6="All"), OR(Pipeline!$J$5<=K21,Pipeline!$J$5=""), OR(Pipeline!$J$6>=K21,Pipeline!$J$6=""), OR(Pipeline!$N$5<=O21,Pipeline!$N$5=""), OR(Pipeline!$N$6>=O21,Pipeline!$N$6="")),1,0) -> 1 | C21: =IF(B21<>1,"",COUNTIFS($I$6:I20,I21,$B$6:B20,1)+1) -> 9 | D21: =IF(LEN(INDEX(Input!B$6:B$1005,ROW($C21)-ROW($C$5),1))=0,"-",INDEX(Input!B$6:B$1005,ROW($C21)-ROW($C$5),1)) -> - | E21: =IF(LEN(INDEX(Input!C$6:C$1005,ROW($C21)-ROW($C$5),1))=0,"-",INDEX(Input!C$6:C$1005,ROW($C21)-ROW($C$5),1)) -> - | F21: =IF(LEN(INDEX(Input!D$6:D$1005,ROW($C21)-ROW($C$5),1))=0,"-",INDEX(Input!D$6:D$1005,ROW($C21)-ROW($C$5),1)) -> - | G21: =IF(LEN(INDEX(Input!E$6:E$1005,ROW($C21)-ROW($C$5),1))=0,"-",INDEX(Input!E$6:E$1005,ROW($C21)-ROW($C$5),1)) -> - | H21: =IF(LEN(INDEX(Input!F$6:F$1005,ROW($C21)-ROW($C$5),1))=0,"-",INDEX(Input!F$6:F$1005,ROW($C21)-ROW($C$5),1)) -> - | I21: =IF(LEN(INDEX(Input!G$6:G$1005,ROW($C21)-ROW($C$5),1))=0,"",INDEX(Input!G$6:G$1005,ROW($C21)-ROW($C$5),1)) | J21: =IF(LEN(INDEX(Input!B$6:B$1005,ROW($C21)-ROW($C$5),1))=0,"-",IF(INDEX(Input!H$6:H$1005,ROW($C21)-ROW($C$5),1)="","Not set",INDEX(Input!H$6:H$1005,ROW($C21)-ROW($C$5),1)) ) -> - | K21: =IF(LEN(INDEX(Input!I$6:I$1005,ROW($C21)-ROW($C$5),1))=0,"",INDEX(Input!I$6:I$1005,ROW($C21)-ROW($C$5),1)) | L21: {=IFERROR(IF($AY$24=123,DAY(K21)&connector&IF($AZ$24="Extended",INDEX($AT$24:$AT$35,MONTH(K21),1),MONTH(K21))&connector&IF($AZ$24="Short", RIGHT(YEAR(K21),2),YEAR(K21)),IF($AY$24=213, MONTH(K21)&connector&DAY(K21)&connector&IF($AZ$24="Short", RIGHT(YEAR(K21),2),YEAR(K21)),IF($AZ$24="Short", RIGHT(YEAR(K21),2),YEAR(K21))&connector&MONTH(K21)&connector&DAY(K21))),"-")} -> - | M21: =IF(LEN(INDEX(Input!J$6:J$1005,ROW($C21)-ROW($C$5),1))=0,"",INDEX(Input!J$6:J$1005,ROW($C21)-ROW($C$5),1)) | N21: {=IFERROR(IF($AY$24=123,DAY(M21)&connector&IF($AZ$24="Extended",INDEX($AT$24:$AT$35,MONTH(M21),1),MONTH(M21))&connector&IF($AZ$24="Short", RIGHT(YEAR(M21),2),YEAR(M21)),IF($AY$24=213, MONTH(M21)&connector&DAY(M21)&connector&IF($AZ$24="Short", RIGHT(YEAR(M21),2),YEAR(M21)),IF($AZ$24="Short", RIGHT(YEAR(M21),2),YEAR(M21))&connector&MONTH(M21)&connector&DAY(M21))),"-")} -> - | O21: =IF(LEN(INDEX(Input!K$6:K$1005,ROW($C21)-ROW($C$5),1))=0,"",INDEX(Input!K$6:K$1005,ROW($C21)-ROW($C$5),1)) | P21: =IF(O21="","-","Value: " &O21&"$") -> - | Q21: =IF(LEN(INDEX(Input!L$6:L$1005,ROW($C21)-ROW($C$5),1))=0,"",INDEX(Input!L$6:L$1005,ROW($C21)-ROW($C$5),1)) | R21: =IFERROR("Win Probability: "&Q21*100&"%","-") -> - | S21: =IF(LEN(INDEX(Input!M$6:M$1005,ROW($C21)-ROW($C$5),1))=0,"-",INDEX(Input!M$6:M$1005,ROW($C21)-ROW($C$5),1)) -> - | T21: =IFERROR(O21*Q21,"") | U21: =IF(T21="","-","Forecast: "&T21& " " &currency) -> - | V21: =IF(LEN(INDEX(Input!O$6:O$1005,ROW($C21)-ROW($C$5),1))=0,"",INDEX(Input!O$6:O$1005,ROW($C21)-ROW($C$5),1)) | W21: =IF(V21="","-","Earned: " &V21) -> - | X21: =IFERROR(IF(K21<>"",MONTH(K21),""),"") | Y21: =IFERROR(MONTH(IF(M21<>"",M21,K21)),"") | Z21: =IF(AND(OR(Dashboard!$D$7=J21,Dashboard!$D$7=""), OR(Dashboard!$G$6<=K21,Dashboard!$G$6=""), OR(Dashboard!$G$7>=K21,Dashboard!$G$7=""), OR(Dashboard!$J$6<=O21,Dashboard!$J$6=""), OR(Dashboard!$J$7>=O21,Dashboard!$J$7=""),D21<>""),"x","") -> x | AA21: =IF(AND(OR(Dashboard!$D$6=H21,Dashboard!$D$6="",Dashboard!$D$6="All"), Z21="x"),"x","") -> x | AB21: =IF(AND(OR(Dashboard!$D$6=H21,Dashboard!$D$6="",Dashboard!$D$6="All"), OR(Dashboard!$D$7=J21,Dashboard!$D$7=""), OR(Dashboard!$G$6<=K21,Dashboard!$G$6=""), OR(Dashboard!$G$7>=K21,Dashboard!$G$7=""), OR(Dashboard!$J$6<=O21,Dashboard!$J$6=""), OR(Dashboard!$J$7>=O21,Dashboard!$J$7=""),I21<>""),"x","") | AC21: =IF($AB21<>"x","",IF(AND($I21<>AC$4, IFERROR(MATCH("c",$AB21:AB21,0),0)=0),"x", IF(IFERROR(MATCH("c",$AB21:AB21,0),0)=0,"c",""))) | AD21: =IF($AB21<>"x","",IF(AND($I21<>AD$4, IFERROR(MATCH("c",$AB21:AC21,0),0)=0),"x", IF(IFERROR(MATCH("c",$AB21:AC21,0),0)=0,"c",""))) | AE21: =IF($AB21<>"x","",IF(AND($I21<>AE$4, IFERROR(MATCH("c",$AB21:AD21,0),0)=0),"x", IF(IFERROR(MATCH("c",$AB21:AD21,0),0)=0,"c",""))) | AF21: =IF($AB21<>"x","",IF(AND($I21<>AF$4, IFERROR(MATCH("c",$AB21:AE21,0),0)=0),"x", IF(IFERROR(MATCH("c",$AB21:AE21,0),0)=0,"c",""))) | AG21: =IF($AB21<>"x","",IF(AND($I21<>AG$4, IFERROR(MATCH("c",$AB21:AF21,0),0)=0),"x", IF(IFERROR(MATCH("c",$AB21:AF21,0),0)=0,"c",""))) | AH21: =IF($AB21<>"x","",IF(AND($I21<>AH$4, IFERROR(MATCH("c",$AB21:AG21,0),0)=0),"x", IF(IFERROR(MATCH("c",$AB21:AG21,0),0)=0,"c",""))) | AI21: =IF($AB21<>"x","",IF(AND($I21<>AI$4, IFERROR(MATCH("c",$AB21:AH21,0),0)=0),"x", IF(IFERROR(MATCH("c",$AB21:AH21,0),0)=0,"c",""))) | AJ21: =IF($AB21<>"x","",IF(AND($I21<>AJ$4, IFERROR(MATCH("c",$AB21:AI21,0),0)=0),"x", IF(IFERROR(MATCH("c",$AB21:AI21,0),0)=0,"c",""))) | ... AQ21: =IF($AB21<>"x","",IF(AND($I21<>AQ$4, IFERROR(MATCH("c",$AB21:AP21,0),0)=0),"x", IF(IFERROR(MATCH("c",$AB21:AP21,0),0)=0,"c",""))) | AW21: =IF(Settings!B20<>"",Settings!B20,"") | AX21: =IF(AW21<>"",COUNTIF(INDEX($AC$6:$AQ$1005,,MATCH(AW21,$AC$4:$AQ$4,0)),"x")+COUNTIF(INDEX($AC$6:$AQ$1005,,MATCH(AW21,$AC$4:$AQ$4,0)),"c"),"") | AY21: =IFERROR(INDEX(Calc!$AC$2:$AQ$2,1,MATCH(AW21,Calc!$AC$4:$AQ$4,0)),"") -> 0 | AZ21: =IFERROR((MAX($AX$7:$AX$21)-AX21)/2,"") | BO21: =IF(COUNTIF($BO$6:BO20,BO20)+1>Calc!$CU$9,MAX($BO$6:BO20)+1,BO20) -> 4 | BP21: =IF(29-SUMIF(Pipeline!D25:AF25,"",$BP$5:$CR$5)>0,ROW(BO21),"") | CW21: =IF(Settings!F21="","",Settings!F21)
B22: =IF(AND(OR(Pipeline!$F$5=H22,Pipeline!$F$5="",Pipeline!$F$5="All"), OR(Pipeline!$F$6=J22,Pipeline!$F$6="",Pipeline!$F$6="All"), OR(Pipeline!$J$5<=K22,Pipeline!$J$5=""), OR(Pipeline!$J$6>=K22,Pipeline!$J$6=""), OR(Pipeline!$N$5<=O22,Pipeline!$N$5=""), OR(Pipeline!$N$6>=O22,Pipeline!$N$6="")),1,0) -> 1 | C22: =IF(B22<>1,"",COUNTIFS($I$6:I21,I22,$B$6:B21,1)+1) -> 10 | D22: =IF(LEN(INDEX(Input!B$6:B$1005,ROW($C22)-ROW($C$5),1))=0,"-",INDEX(Input!B$6:B$1005,ROW($C22)-ROW($C$5),1)) -> - | E22: =IF(LEN(INDEX(Input!C$6:C$1005,ROW($C22)-ROW($C$5),1))=0,"-",INDEX(Input!C$6:C$1005,ROW($C22)-ROW($C$5),1)) -> - | F22: =IF(LEN(INDEX(Input!D$6:D$1005,ROW($C22)-ROW($C$5),1))=0,"-",INDEX(Input!D$6:D$1005,ROW($C22)-ROW($C$5),1)) -> - | G22: =IF(LEN(INDEX(Input!E$6:E$1005,ROW($C22)-ROW($C$5),1))=0,"-",INDEX(Input!E$6:E$1005,ROW($C22)-ROW($C$5),1)) -> - | H22: =IF(LEN(INDEX(Input!F$6:F$1005,ROW($C22)-ROW($C$5),1))=0,"-",INDEX(Input!F$6:F$1005,ROW($C22)-ROW($C$5),1)) -> - | I22: =IF(LEN(INDEX(Input!G$6:G$1005,ROW($C22)-ROW($C$5),1))=0,"",INDEX(Input!G$6:G$1005,ROW($C22)-ROW($C$5),1)) | J22: =IF(LEN(INDEX(Input!B$6:B$1005,ROW($C22)-ROW($C$5),1))=0,"-",IF(INDEX(Input!H$6:H$1005,ROW($C22)-ROW($C$5),1)="","Not set",INDEX(Input!H$6:H$1005,ROW($C22)-ROW($C$5),1)) ) -> - | K22: =IF(LEN(INDEX(Input!I$6:I$1005,ROW($C22)-ROW($C$5),1))=0,"",INDEX(Input!I$6:I$1005,ROW($C22)-ROW($C$5),1)) | L22: {=IFERROR(IF($AY$24=123,DAY(K22)&connector&IF($AZ$24="Extended",INDEX($AT$24:$AT$35,MONTH(K22),1),MONTH(K22))&connector&IF($AZ$24="Short", RIGHT(YEAR(K22),2),YEAR(K22)),IF($AY$24=213, MONTH(K22)&connector&DAY(K22)&connector&IF($AZ$24="Short", RIGHT(YEAR(K22),2),YEAR(K22)),IF($AZ$24="Short", RIGHT(YEAR(K22),2),YEAR(K22))&connector&MONTH(K22)&connector&DAY(K22))),"-")} -> - | M22: =IF(LEN(INDEX(Input!J$6:J$1005,ROW($C22)-ROW($C$5),1))=0,"",INDEX(Input!J$6:J$1005,ROW($C22)-ROW($C$5),1)) | N22: {=IFERROR(IF($AY$24=123,DAY(M22)&connector&IF($AZ$24="Extended",INDEX($AT$24:$AT$35,MONTH(M22),1),MONTH(M22))&connector&IF($AZ$24="Short", RIGHT(YEAR(M22),2),YEAR(M22)),IF($AY$24=213, MONTH(M22)&connector&DAY(M22)&connector&IF($AZ$24="Short", RIGHT(YEAR(M22),2),YEAR(M22)),IF($AZ$24="Short", RIGHT(YEAR(M22),2),YEAR(M22))&connector&MONTH(M22)&connector&DAY(M22))),"-")} -> - | O22: =IF(LEN(INDEX(Input!K$6:K$1005,ROW($C22)-ROW($C$5),1))=0,"",INDEX(Input!K$6:K$1005,ROW($C22)-ROW($C$5),1)) | P22: =IF(O22="","-","Value: " &O22&"$") -> - | Q22: =IF(LEN(INDEX(Input!L$6:L$1005,ROW($C22)-ROW($C$5),1))=0,"",INDEX(Input!L$6:L$1005,ROW($C22)-ROW($C$5),1)) | R22: =IFERROR("Win Probability: "&Q22*100&"%","-") -> - | S22: =IF(LEN(INDEX(Input!M$6:M$1005,ROW($C22)-ROW($C$5),1))=0,"-",INDEX(Input!M$6:M$1005,ROW($C22)-ROW($C$5),1)) -> - | T22: =IFERROR(O22*Q22,"") | U22: =IF(T22="","-","Forecast: "&T22& " " &currency) -> - | V22: =IF(LEN(INDEX(Input!O$6:O$1005,ROW($C22)-ROW($C$5),1))=0,"",INDEX(Input!O$6:O$1005,ROW($C22)-ROW($C$5),1)) | W22: =IF(V22="","-","Earned: " &V22) -> - | X22: =IFERROR(IF(K22<>"",MONTH(K22),""),"") | Y22: =IFERROR(MONTH(IF(M22<>"",M22,K22)),"") | Z22: =IF(AND(OR(Dashboard!$D$7=J22,Dashboard!$D$7=""), OR(Dashboard!$G$6<=K22,Dashboard!$G$6=""), OR(Dashboard!$G$7>=K22,Dashboard!$G$7=""), OR(Dashboard!$J$6<=O22,Dashboard!$J$6=""), OR(Dashboard!$J$7>=O22,Dashboard!$J$7=""),D22<>""),"x","") -> x | AA22: =IF(AND(OR(Dashboard!$D$6=H22,Dashboard!$D$6="",Dashboard!$D$6="All"), Z22="x"),"x","") -> x | AB22: =IF(AND(OR(Dashboard!$D$6=H22,Dashboard!$D$6="",Dashboard!$D$6="All"), OR(Dashboard!$D$7=J22,Dashboard!$D$7=""), OR(Dashboard!$G$6<=K22,Dashboard!$G$6=""), OR(Dashboard!$G$7>=K22,Dashboard!$G$7=""), OR(Dashboard!$J$6<=O22,Dashboard!$J$6=""), OR(Dashboard!$J$7>=O22,Dashboard!$J$7=""),I22<>""),"x","") | AC22: =IF($AB22<>"x","",IF(AND($I22<>AC$4, IFERROR(MATCH("c",$AB22:AB22,0),0)=0),"x", IF(IFERROR(MATCH("c",$AB22:AB22,0),0)=0,"c",""))) | AD22: =IF($AB22<>"x","",IF(AND($I22<>AD$4, IFERROR(MATCH("c",$AB22:AC22,0),0)=0),"x", IF(IFERROR(MATCH("c",$AB22:AC22,0),0)=0,"c",""))) | AE22: =IF($AB22<>"x","",IF(AND($I22<>AE$4, IFERROR(MATCH("c",$AB22:AD22,0),0)=0),"x", IF(IFERROR(MATCH("c",$AB22:AD22,0),0)=0,"c",""))) | AF22: =IF($AB22<>"x","",IF(AND($I22<>AF$4, IFERROR(MATCH("c",$AB22:AE22,0),0)=0),"x", IF(IFERROR(MATCH("c",$AB22:AE22,0),0)=0,"c",""))) | AG22: =IF($AB22<>"x","",IF(AND($I22<>AG$4, IFERROR(MATCH("c",$AB22:AF22,0),0)=0),"x", IF(IFERROR(MATCH("c",$AB22:AF22,0),0)=0,"c",""))) | AH22: =IF($AB22<>"x","",IF(AND($I22<>AH$4, IFERROR(MATCH("c",$AB22:AG22,0),0)=0),"x", IF(IFERROR(MATCH("c",$AB22:AG22,0),0)=0,"c",""))) | AI22: =IF($AB22<>"x","",IF(AND($I22<>AI$4, IFERROR(MATCH("c",$AB22:AH22,0),0)=0),"x", IF(IFERROR(MATCH("c",$AB22:AH22,0),0)=0,"c",""))) | AJ22: =IF($AB22<>"x","",IF(AND($I22<>AJ$4, IFERROR(MATCH("c",$AB22:AI22,0),0)=0),"x", IF(IFERROR(MATCH("c",$AB22:AI22,0),0)=0,"c",""))) | ... AQ22: =IF($AB22<>"x","",IF(AND($I22<>AQ$4, IFERROR(MATCH("c",$AB22:AP22,0),0)=0),"x", IF(IFERROR(MATCH("c",$AB22:AP22,0),0)=0,"c",""))) | BB22: =COUNTA($BB$24:$BB$73)-COUNTBLANK($BB$24:$BB$73) -> 8 | BO22: =IF(COUNTIF($BO$6:BO21,BO21)+1>Calc!$CU$9,MAX($BO$6:BO21)+1,BO21) -> 5 | BP22: =IF(29-SUMIF(Pipeline!D26:AF26,"",$BP$5:$CR$5)>0,ROW(BO22),"") | CW22: =IF(Settings!F22="","",Settings!F22)
B23: =IF(AND(OR(Pipeline!$F$5=H23,Pipeline!$F$5="",Pipeline!$F$5="All"), OR(Pipeline!$F$6=J23,Pipeline!$F$6="",Pipeline!$F$6="All"), OR(Pipeline!$J$5<=K23,Pipeline!$J$5=""), OR(Pipeline!$J$6>=K23,Pipeline!$J$6=""), OR(Pipeline!$N$5<=O23,Pipeline!$N$5=""), OR(Pipeline!$N$6>=O23,Pipeline!$N$6="")),1,0) -> 1 | C23: =IF(B23<>1,"",COUNTIFS($I$6:I22,I23,$B$6:B22,1)+1) -> 11 | D23: =IF(LEN(INDEX(Input!B$6:B$1005,ROW($C23)-ROW($C$5),1))=0,"-",INDEX(Input!B$6:B$1005,ROW($C23)-ROW($C$5),1)) -> - | E23: =IF(LEN(INDEX(Input!C$6:C$1005,ROW($C23)-ROW($C$5),1))=0,"-",INDEX(Input!C$6:C$1005,ROW($C23)-ROW($C$5),1)) -> - | F23: =IF(LEN(INDEX(Input!D$6:D$1005,ROW($C23)-ROW($C$5),1))=0,"-",INDEX(Input!D$6:D$1005,ROW($C23)-ROW($C$5),1)) -> - | G23: =IF(LEN(INDEX(Input!E$6:E$1005,ROW($C23)-ROW($C$5),1))=0,"-",INDEX(Input!E$6:E$1005,ROW($C23)-ROW($C$5),1)) -> - | H23: =IF(LEN(INDEX(Input!F$6:F$1005,ROW($C23)-ROW($C$5),1))=0,"-",INDEX(Input!F$6:F$1005,ROW($C23)-ROW($C$5),1)) -> - | I23: =IF(LEN(INDEX(Input!G$6:G$1005,ROW($C23)-ROW($C$5),1))=0,"",INDEX(Input!G$6:G$1005,ROW($C23)-ROW($C$5),1)) | J23: =IF(LEN(INDEX(Input!B$6:B$1005,ROW($C23)-ROW($C$5),1))=0,"-",IF(INDEX(Input!H$6:H$1005,ROW($C23)-ROW($C$5),1)="","Not set",INDEX(Input!H$6:H$1005,ROW($C23)-ROW($C$5),1)) ) -> - | K23: =IF(LEN(INDEX(Input!I$6:I$1005,ROW($C23)-ROW($C$5),1))=0,"",INDEX(Input!I$6:I$1005,ROW($C23)-ROW($C$5),1)) | L23: {=IFERROR(IF($AY$24=123,DAY(K23)&connector&IF($AZ$24="Extended",INDEX($AT$24:$AT$35,MONTH(K23),1),MONTH(K23))&connector&IF($AZ$24="Short", RIGHT(YEAR(K23),2),YEAR(K23)),IF($AY$24=213, MONTH(K23)&connector&DAY(K23)&connector&IF($AZ$24="Short", RIGHT(YEAR(K23),2),YEAR(K23)),IF($AZ$24="Short", RIGHT(YEAR(K23),2),YEAR(K23))&connector&MONTH(K23)&connector&DAY(K23))),"-")} -> - | M23: =IF(LEN(INDEX(Input!J$6:J$1005,ROW($C23)-ROW($C$5),1))=0,"",INDEX(Input!J$6:J$1005,ROW($C23)-ROW($C$5),1)) | N23: {=IFERROR(IF($AY$24=123,DAY(M23)&connector&IF($AZ$24="Extended",INDEX($AT$24:$AT$35,MONTH(M23),1),MONTH(M23))&connector&IF($AZ$24="Short", RIGHT(YEAR(M23),2),YEAR(M23)),IF($AY$24=213, MONTH(M23)&connector&DAY(M23)&connector&IF($AZ$24="Short", RIGHT(YEAR(M23),2),YEAR(M23)),IF($AZ$24="Short", RIGHT(YEAR(M23),2),YEAR(M23))&connector&MONTH(M23)&connector&DAY(M23))),"-")} -> - | O23: =IF(LEN(INDEX(Input!K$6:K$1005,ROW($C23)-ROW($C$5),1))=0,"",INDEX(Input!K$6:K$1005,ROW($C23)-ROW($C$5),1)) | P23: =IF(O23="","-","Value: " &O23&"$") -> - | Q23: =IF(LEN(INDEX(Input!L$6:L$1005,ROW($C23)-ROW($C$5),1))=0,"",INDEX(Input!L$6:L$1005,ROW($C23)-ROW($C$5),1)) | R23: =IFERROR("Win Probability: "&Q23*100&"%","-") -> - | S23: =IF(LEN(INDEX(Input!M$6:M$1005,ROW($C23)-ROW($C$5),1))=0,"-",INDEX(Input!M$6:M$1005,ROW($C23)-ROW($C$5),1)) -> - | T23: =IFERROR(O23*Q23,"") | U23: =IF(T23="","-","Forecast: "&T23& " " &currency) -> - | V23: =IF(LEN(INDEX(Input!O$6:O$1005,ROW($C23)-ROW($C$5),1))=0,"",INDEX(Input!O$6:O$1005,ROW($C23)-ROW($C$5),1)) | W23: =IF(V23="","-","Earned: " &V23) -> - | X23: =IFERROR(IF(K23<>"",MONTH(K23),""),"") | Y23: =IFERROR(MONTH(IF(M23<>"",M23,K23)),"") | Z23: =IF(AND(OR(Dashboard!$D$7=J23,Dashboard!$D$7=""), OR(Dashboard!$G$6<=K23,Dashboard!$G$6=""), OR(Dashboard!$G$7>=K23,Dashboard!$G$7=""), OR(Dashboard!$J$6<=O23,Dashboard!$J$6=""), OR(Dashboard!$J$7>=O23,Dashboard!$J$7=""),D23<>""),"x","") -> x | AA23: =IF(AND(OR(Dashboard!$D$6=H23,Dashboard!$D$6="",Dashboard!$D$6="All"), Z23="x"),"x","") -> x | AB23: =IF(AND(OR(Dashboard!$D$6=H23,Dashboard!$D$6="",Dashboard!$D$6="All"), OR(Dashboard!$D$7=J23,Dashboard!$D$7=""), OR(Dashboard!$G$6<=K23,Dashboard!$G$6=""), OR(Dashboard!$G$7>=K23,Dashboard!$G$7=""), OR(Dashboard!$J$6<=O23,Dashboard!$J$6=""), OR(Dashboard!$J$7>=O23,Dashboard!$J$7=""),I23<>""),"x","") | AC23: =IF($AB23<>"x","",IF(AND($I23<>AC$4, IFERROR(MATCH("c",$AB23:AB23,0),0)=0),"x", IF(IFERROR(MATCH("c",$AB23:AB23,0),0)=0,"c",""))) | AD23: =IF($AB23<>"x","",IF(AND($I23<>AD$4, IFERROR(MATCH("c",$AB23:AC23,0),0)=0),"x", IF(IFERROR(MATCH("c",$AB23:AC23,0),0)=0,"c",""))) | AE23: =IF($AB23<>"x","",IF(AND($I23<>AE$4, IFERROR(MATCH("c",$AB23:AD23,0),0)=0),"x", IF(IFERROR(MATCH("c",$AB23:AD23,0),0)=0,"c",""))) | AF23: =IF($AB23<>"x","",IF(AND($I23<>AF$4, IFERROR(MATCH("c",$AB23:AE23,0),0)=0),"x", IF(IFERROR(MATCH("c",$AB23:AE23,0),0)=0,"c",""))) | AG23: =IF($AB23<>"x","",IF(AND($I23<>AG$4, IFERROR(MATCH("c",$AB23:AF23,0),0)=0),"x", IF(IFERROR(MATCH("c",$AB23:AF23,0),0)=0,"c",""))) | AH23: =IF($AB23<>"x","",IF(AND($I23<>AH$4, IFERROR(MATCH("c",$AB23:AG23,0),0)=0),"x", IF(IFERROR(MATCH("c",$AB23:AG23,0),0)=0,"c",""))) | AI23: =IF($AB23<>"x","",IF(AND($I23<>AI$4, IFERROR(MATCH("c",$AB23:AH23,0),0)=0),"x", IF(IFERROR(MATCH("c",$AB23:AH23,0),0)=0,"c",""))) | AJ23: =IF($AB23<>"x","",IF(AND($I23<>AJ$4, IFERROR(MATCH("c",$AB23:AI23,0),0)=0),"x", IF(IFERROR(MATCH("c",$AB23:AI23,0),0)=0,"c",""))) | ... AQ23: =IF($AB23<>"x","",IF(AND($I23<>AQ$4, IFERROR(MATCH("c",$AB23:AP23,0),0)=0),"x", IF(IFERROR(MATCH("c",$AB23:AP23,0),0)=0,"c",""))) | AT23: Months | AX23: connector | AY23: order | AZ23: desryption | BB23: Editor | BC23: =Settings!D6 -> Won | BD23: =Settings!D7 -> Lost | BE23: =Settings!D8 -> Open | BF23: =Settings!D9 -> On Hold | BG23: Not set | BO23: =IF(COUNTIF($BO$6:BO22,BO22)+1>Calc!$CU$9,MAX($BO$6:BO22)+1,BO22) -> 5 | BP23: =IF(29-SUMIF(Pipeline!D27:AF27,"",$BP$5:$CR$5)>0,ROW(BO23),"") | CW23: =IF(Settings!F23="","",Settings!F23)
B24: =IF(AND(OR(Pipeline!$F$5=H24,Pipeline!$F$5="",Pipeline!$F$5="All"), OR(Pipeline!$F$6=J24,Pipeline!$F$6="",Pipeline!$F$6="All"), OR(Pipeline!$J$5<=K24,Pipeline!$J$5=""), OR(Pipeline!$J$6>=K24,Pipeline!$J$6=""), OR(Pipeline!$N$5<=O24,Pipeline!$N$5=""), OR(Pipeline!$N$6>=O24,Pipeline!$N$6="")),1,0) -> 1 | C24: =IF(B24<>1,"",COUNTIFS($I$6:I23,I24,$B$6:B23,1)+1) -> 12 | D24: =IF(LEN(INDEX(Input!B$6:B$1005,ROW($C24)-ROW($C$5),1))=0,"-",INDEX(Input!B$6:B$1005,ROW($C24)-ROW($C$5),1)) -> - | E24: =IF(LEN(INDEX(Input!C$6:C$1005,ROW($C24)-ROW($C$5),1))=0,"-",INDEX(Input!C$6:C$1005,ROW($C24)-ROW($C$5),1)) -> - | F24: =IF(LEN(INDEX(Input!D$6:D$1005,ROW($C24)-ROW($C$5),1))=0,"-",INDEX(Input!D$6:D$1005,ROW($C24)-ROW($C$5),1)) -> - | G24: =IF(LEN(INDEX(Input!E$6:E$1005,ROW($C24)-ROW($C$5),1))=0,"-",INDEX(Input!E$6:E$1005,ROW($C24)-ROW($C$5),1)) -> - | H24: =IF(LEN(INDEX(Input!F$6:F$1005,ROW($C24)-ROW($C$5),1))=0,"-",INDEX(Input!F$6:F$1005,ROW($C24)-ROW($C$5),1)) -> - | I24: =IF(LEN(INDEX(Input!G$6:G$1005,ROW($C24)-ROW($C$5),1))=0,"",INDEX(Input!G$6:G$1005,ROW($C24)-ROW($C$5),1)) | J24: =IF(LEN(INDEX(Input!B$6:B$1005,ROW($C24)-ROW($C$5),1))=0,"-",IF(INDEX(Input!H$6:H$1005,ROW($C24)-ROW($C$5),1)="","Not set",INDEX(Input!H$6:H$1005,ROW($C24)-ROW($C$5),1)) ) -> - | K24: =IF(LEN(INDEX(Input!I$6:I$1005,ROW($C24)-ROW($C$5),1))=0,"",INDEX(Input!I$6:I$1005,ROW($C24)-ROW($C$5),1)) | L24: {=IFERROR(IF($AY$24=123,DAY(K24)&connector&IF($AZ$24="Extended",INDEX($AT$24:$AT$35,MONTH(K24),1),MONTH(K24))&connector&IF($AZ$24="Short", RIGHT(YEAR(K24),2),YEAR(K24)),IF($AY$24=213, MONTH(K24)&connector&DAY(K24)&connector&IF($AZ$24="Short", RIGHT(YEAR(K24),2),YEAR(K24)),IF($AZ$24="Short", RIGHT(YEAR(K24),2),YEAR(K24))&connector&MONTH(K24)&connector&DAY(K24))),"-")} -> - | M24: =IF(LEN(INDEX(Input!J$6:J$1005,ROW($C24)-ROW($C$5),1))=0,"",INDEX(Input!J$6:J$1005,ROW($C24)-ROW($C$5),1)) | N24: {=IFERROR(IF($AY$24=123,DAY(M24)&connector&IF($AZ$24="Extended",INDEX($AT$24:$AT$35,MONTH(M24),1),MONTH(M24))&connector&IF($AZ$24="Short", RIGHT(YEAR(M24),2),YEAR(M24)),IF($AY$24=213, MONTH(M24)&connector&DAY(M24)&connector&IF($AZ$24="Short", RIGHT(YEAR(M24),2),YEAR(M24)),IF($AZ$24="Short", RIGHT(YEAR(M24),2),YEAR(M24))&connector&MONTH(M24)&connector&DAY(M24))),"-")} -> - | O24: =IF(LEN(INDEX(Input!K$6:K$1005,ROW($C24)-ROW($C$5),1))=0,"",INDEX(Input!K$6:K$1005,ROW($C24)-ROW($C$5),1)) | P24: =IF(O24="","-","Value: " &O24&"$") -> - | Q24: =IF(LEN(INDEX(Input!L$6:L$1005,ROW($C24)-ROW($C$5),1))=0,"",INDEX(Input!L$6:L$1005,ROW($C24)-ROW($C$5),1)) | R24: =IFERROR("Win Probability: "&Q24*100&"%","-") -> - | S24: =IF(LEN(INDEX(Input!M$6:M$1005,ROW($C24)-ROW($C$5),1))=0,"-",INDEX(Input!M$6:M$1005,ROW($C24)-ROW($C$5),1)) -> - | T24: =IFERROR(O24*Q24,"") | U24: =IF(T24="","-","Forecast: "&T24& " " &currency) -> - | V24: =IF(LEN(INDEX(Input!O$6:O$1005,ROW($C24)-ROW($C$5),1))=0,"",INDEX(Input!O$6:O$1005,ROW($C24)-ROW($C$5),1)) | W24: =IF(V24="","-","Earned: " &V24) -> - | X24: =IFERROR(IF(K24<>"",MONTH(K24),""),"") | Y24: =IFERROR(MONTH(IF(M24<>"",M24,K24)),"") | Z24: =IF(AND(OR(Dashboard!$D$7=J24,Dashboard!$D$7=""), OR(Dashboard!$G$6<=K24,Dashboard!$G$6=""), OR(Dashboard!$G$7>=K24,Dashboard!$G$7=""), OR(Dashboard!$J$6<=O24,Dashboard!$J$6=""), OR(Dashboard!$J$7>=O24,Dashboard!$J$7=""),D24<>""),"x","") -> x | AA24: =IF(AND(OR(Dashboard!$D$6=H24,Dashboard!$D$6="",Dashboard!$D$6="All"), Z24="x"),"x","") -> x | AB24: =IF(AND(OR(Dashboard!$D$6=H24,Dashboard!$D$6="",Dashboard!$D$6="All"), OR(Dashboard!$D$7=J24,Dashboard!$D$7=""), OR(Dashboard!$G$6<=K24,Dashboard!$G$6=""), OR(Dashboard!$G$7>=K24,Dashboard!$G$7=""), OR(Dashboard!$J$6<=O24,Dashboard!$J$6=""), OR(Dashboard!$J$7>=O24,Dashboard!$J$7=""),I24<>""),"x","") | AC24: =IF($AB24<>"x","",IF(AND($I24<>AC$4, IFERROR(MATCH("c",$AB24:AB24,0),0)=0),"x", IF(IFERROR(MATCH("c",$AB24:AB24,0),0)=0,"c",""))) | AD24: =IF($AB24<>"x","",IF(AND($I24<>AD$4, IFERROR(MATCH("c",$AB24:AC24,0),0)=0),"x", IF(IFERROR(MATCH("c",$AB24:AC24,0),0)=0,"c",""))) | AE24: =IF($AB24<>"x","",IF(AND($I24<>AE$4, IFERROR(MATCH("c",$AB24:AD24,0),0)=0),"x", IF(IFERROR(MATCH("c",$AB24:AD24,0),0)=0,"c",""))) | AF24: =IF($AB24<>"x","",IF(AND($I24<>AF$4, IFERROR(MATCH("c",$AB24:AE24,0),0)=0),"x", IF(IFERROR(MATCH("c",$AB24:AE24,0),0)=0,"c",""))) | AG24: =IF($AB24<>"x","",IF(AND($I24<>AG$4, IFERROR(MATCH("c",$AB24:AF24,0),0)=0),"x", IF(IFERROR(MATCH("c",$AB24:AF24,0),0)=0,"c",""))) | AH24: =IF($AB24<>"x","",IF(AND($I24<>AH$4, IFERROR(MATCH("c",$AB24:AG24,0),0)=0),"x", IF(IFERROR(MATCH("c",$AB24:AG24,0),0)=0,"c",""))) | AI24: =IF($AB24<>"x","",IF(AND($I24<>AI$4, IFERROR(MATCH("c",$AB24:AH24,0),0)=0),"x", IF(IFERROR(MATCH("c",$AB24:AH24,0),0)=0,"c",""))) | AJ24: =IF($AB24<>"x","",IF(AND($I24<>AJ$4, IFERROR(MATCH("c",$AB24:AI24,0),0)=0),"x", IF(IFERROR(MATCH("c",$AB24:AI24,0),0)=0,"c",""))) | ... AQ24: =IF($AB24<>"x","",IF(AND($I24<>AQ$4, IFERROR(MATCH("c",$AB24:AP24,0),0)=0),"x", IF(IFERROR(MATCH("c",$AB24:AP24,0),0)=0,"c",""))) | AT24: Jan | AW24: Date format | AX24: =INDEX(AX25:AX33,MATCH(Settings!$D$12,$AW$25:$AW$33,0),1) | AY24: =INDEX(AY25:AY33,MATCH(Settings!$D$12,$AW$25:$AW$33,0),1) -> 123 | AZ24: =INDEX(AZ25:AZ33,MATCH(Settings!$D$12,$AW$25:$AW$33,0),1) -> Extended | BB24: =IF(Settings!F6<>"",Settings!F6,"") -> Sales Kate | BC24: =IF($BB24<>"",COUNTIFS($H$6:$H$1005,$BB24,$J$6:$J$1005,BC$23,$Z$6:$Z$1005,"x"),"") -> 0 | BD24: =IF($BB24<>"",COUNTIFS($H$6:$H$1005,$BB24,$J$6:$J$1005,BD$23,$Z$6:$Z$1005,"x"),"") -> 0 | BE24: =IF($BB24<>"",COUNTIFS($H$6:$H$1005,$BB24,$J$6:$J$1005,BE$23,$Z$6:$Z$1005,"x"),"") -> 0 | BF24: =IF($BB24<>"",COUNTIFS($H$6:$H$1005,$BB24,$J$6:$J$1005,BF$23,$Z$6:$Z$1005,"x"),"") -> 0 | BG24: =IF($BB24<>"",COUNTIFS($H$6:$H$1005,$BB24,$J$6:$J$1005,BG$23,$Z$6:$Z$1005,"x"),"") -> 1 | BO24: =IF(COUNTIF($BO$6:BO23,BO23)+1>Calc!$CU$9,MAX($BO$6:BO23)+1,BO23) -> 5 | BP24: =IF(29-SUMIF(Pipeline!D28:AF28,"",$BP$5:$CR$5)>0,ROW(BO24),"") | CW24: =IF(Settings!F24="","",Settings!F24)
B25: =IF(AND(OR(Pipeline!$F$5=H25,Pipeline!$F$5="",Pipeline!$F$5="All"), OR(Pipeline!$F$6=J25,Pipeline!$F$6="",Pipeline!$F$6="All"), OR(Pipeline!$J$5<=K25,Pipeline!$J$5=""), OR(Pipeline!$J$6>=K25,Pipeline!$J$6=""), OR(Pipeline!$N$5<=O25,Pipeline!$N$5=""), OR(Pipeline!$N$6>=O25,Pipeline!$N$6="")),1,0) -> 1 | C25: =IF(B25<>1,"",COUNTIFS($I$6:I24,I25,$B$6:B24,1)+1) -> 13 | D25: =IF(LEN(INDEX(Input!B$6:B$1005,ROW($C25)-ROW($C$5),1))=0,"-",INDEX(Input!B$6:B$1005,ROW($C25)-ROW($C$5),1)) -> - | E25: =IF(LEN(INDEX(Input!C$6:C$1005,ROW($C25)-ROW($C$5),1))=0,"-",INDEX(Input!C$6:C$1005,ROW($C25)-ROW($C$5),1)) -> - | F25: =IF(LEN(INDEX(Input!D$6:D$1005,ROW($C25)-ROW($C$5),1))=0,"-",INDEX(Input!D$6:D$1005,ROW($C25)-ROW($C$5),1)) -> - | G25: =IF(LEN(INDEX(Input!E$6:E$1005,ROW($C25)-ROW($C$5),1))=0,"-",INDEX(Input!E$6:E$1005,ROW($C25)-ROW($C$5),1)) -> - | H25: =IF(LEN(INDEX(Input!F$6:F$1005,ROW($C25)-ROW($C$5),1))=0,"-",INDEX(Input!F$6:F$1005,ROW($C25)-ROW($C$5),1)) -> - | I25: =IF(LEN(INDEX(Input!G$6:G$1005,ROW($C25)-ROW($C$5),1))=0,"",INDEX(Input!G$6:G$1005,ROW($C25)-ROW($C$5),1)) | J25: =IF(LEN(INDEX(Input!B$6:B$1005,ROW($C25)-ROW($C$5),1))=0,"-",IF(INDEX(Input!H$6:H$1005,ROW($C25)-ROW($C$5),1)="","Not set",INDEX(Input!H$6:H$1005,ROW($C25)-ROW($C$5),1)) ) -> - | K25: =IF(LEN(INDEX(Input!I$6:I$1005,ROW($C25)-ROW($C$5),1))=0,"",INDEX(Input!I$6:I$1005,ROW($C25)-ROW($C$5),1)) | L25: {=IFERROR(IF($AY$24=123,DAY(K25)&connector&IF($AZ$24="Extended",INDEX($AT$24:$AT$35,MONTH(K25),1),MONTH(K25))&connector&IF($AZ$24="Short", RIGHT(YEAR(K25),2),YEAR(K25)),IF($AY$24=213, MONTH(K25)&connector&DAY(K25)&connector&IF($AZ$24="Short", RIGHT(YEAR(K25),2),YEAR(K25)),IF($AZ$24="Short", RIGHT(YEAR(K25),2),YEAR(K25))&connector&MONTH(K25)&connector&DAY(K25))),"-")} -> - | M25: =IF(LEN(INDEX(Input!J$6:J$1005,ROW($C25)-ROW($C$5),1))=0,"",INDEX(Input!J$6:J$1005,ROW($C25)-ROW($C$5),1)) | N25: {=IFERROR(IF($AY$24=123,DAY(M25)&connector&IF($AZ$24="Extended",INDEX($AT$24:$AT$35,MONTH(M25),1),MONTH(M25))&connector&IF($AZ$24="Short", RIGHT(YEAR(M25),2),YEAR(M25)),IF($AY$24=213, MONTH(M25)&connector&DAY(M25)&connector&IF($AZ$24="Short", RIGHT(YEAR(M25),2),YEAR(M25)),IF($AZ$24="Short", RIGHT(YEAR(M25),2),YEAR(M25))&connector&MONTH(M25)&connector&DAY(M25))),"-")} -> - | O25: =IF(LEN(INDEX(Input!K$6:K$1005,ROW($C25)-ROW($C$5),1))=0,"",INDEX(Input!K$6:K$1005,ROW($C25)-ROW($C$5),1)) | P25: =IF(O25="","-","Value: " &O25&"$") -> - | Q25: =IF(LEN(INDEX(Input!L$6:L$1005,ROW($C25)-ROW($C$5),1))=0,"",INDEX(Input!L$6:L$1005,ROW($C25)-ROW($C$5),1)) | R25: =IFERROR("Win Probability: "&Q25*100&"%","-") -> - | S25: =IF(LEN(INDEX(Input!M$6:M$1005,ROW($C25)-ROW($C$5),1))=0,"-",INDEX(Input!M$6:M$1005,ROW($C25)-ROW($C$5),1)) -> - | T25: =IFERROR(O25*Q25,"") | U25: =IF(T25="","-","Forecast: "&T25& " " &currency) -> - | V25: =IF(LEN(INDEX(Input!O$6:O$1005,ROW($C25)-ROW($C$5),1))=0,"",INDEX(Input!O$6:O$1005,ROW($C25)-ROW($C$5),1)) | W25: =IF(V25="","-","Earned: " &V25) -> - | X25: =IFERROR(IF(K25<>"",MONTH(K25),""),"") | Y25: =IFERROR(MONTH(IF(M25<>"",M25,K25)),"") | Z25: =IF(AND(OR(Dashboard!$D$7=J25,Dashboard!$D$7=""), OR(Dashboard!$G$6<=K25,Dashboard!$G$6=""), OR(Dashboard!$G$7>=K25,Dashboard!$G$7=""), OR(Dashboard!$J$6<=O25,Dashboard!$J$6=""), OR(Dashboard!$J$7>=O25,Dashboard!$J$7=""),D25<>""),"x","") -> x | AA25: =IF(AND(OR(Dashboard!$D$6=H25,Dashboard!$D$6="",Dashboard!$D$6="All"), Z25="x"),"x","") -> x | AB25: =IF(AND(OR(Dashboard!$D$6=H25,Dashboard!$D$6="",Dashboard!$D$6="All"), OR(Dashboard!$D$7=J25,Dashboard!$D$7=""), OR(Dashboard!$G$6<=K25,Dashboard!$G$6=""), OR(Dashboard!$G$7>=K25,Dashboard!$G$7=""), OR(Dashboard!$J$6<=O25,Dashboard!$J$6=""), OR(Dashboard!$J$7>=O25,Dashboard!$J$7=""),I25<>""),"x","") | AC25: =IF($AB25<>"x","",IF(AND($I25<>AC$4, IFERROR(MATCH("c",$AB25:AB25,0),0)=0),"x", IF(IFERROR(MATCH("c",$AB25:AB25,0),0)=0,"c",""))) | AD25: =IF($AB25<>"x","",IF(AND($I25<>AD$4, IFERROR(MATCH("c",$AB25:AC25,0),0)=0),"x", IF(IFERROR(MATCH("c",$AB25:AC25,0),0)=0,"c",""))) | AE25: =IF($AB25<>"x","",IF(AND($I25<>AE$4, IFERROR(MATCH("c",$AB25:AD25,0),0)=0),"x", IF(IFERROR(MATCH("c",$AB25:AD25,0),0)=0,"c",""))) | AF25: =IF($AB25<>"x","",IF(AND($I25<>AF$4, IFERROR(MATCH("c",$AB25:AE25,0),0)=0),"x", IF(IFERROR(MATCH("c",$AB25:AE25,0),0)=0,"c",""))) | AG25: =IF($AB25<>"x","",IF(AND($I25<>AG$4, IFERROR(MATCH("c",$AB25:AF25,0),0)=0),"x", IF(IFERROR(MATCH("c",$AB25:AF25,0),0)=0,"c",""))) | AH25: =IF($AB25<>"x","",IF(AND($I25<>AH$4, IFERROR(MATCH("c",$AB25:AG25,0),0)=0),"x", IF(IFERROR(MATCH("c",$AB25:AG25,0),0)=0,"c",""))) | AI25: =IF($AB25<>"x","",IF(AND($I25<>AI$4, IFERROR(MATCH("c",$AB25:AH25,0),0)=0),"x", IF(IFERROR(MATCH("c",$AB25:AH25,0),0)=0,"c",""))) | AJ25: =IF($AB25<>"x","",IF(AND($I25<>AJ$4, IFERROR(MATCH("c",$AB25:AI25,0),0)=0),"x", IF(IFERROR(MATCH("c",$AB25:AI25,0),0)=0,"c",""))) | ... AQ25: =IF($AB25<>"x","",IF(AND($I25<>AQ$4, IFERROR(MATCH("c",$AB25:AP25,0),0)=0),"x", IF(IFERROR(MATCH("c",$AB25:AP25,0),0)=0,"c",""))) | AT25: Feb | AW25: 31.1.2021 | AX25: . | AY25: 123 | AZ25: Basic | BB25: =IF(Settings!F7<>"",Settings!F7,"") -> Sales John | BC25: =IF($BB25<>"",COUNTIFS($H$6:$H$1005,$BB25,$J$6:$J$1005,BC$23,$Z$6:$Z$1005,"x"),"") -> 0 | BD25: =IF($BB25<>"",COUNTIFS($H$6:$H$1005,$BB25,$J$6:$J$1005,BD$23,$Z$6:$Z$1005,"x"),"") -> 0 | BE25: =IF($BB25<>"",COUNTIFS($H$6:$H$1005,$BB25,$J$6:$J$1005,BE$23,$Z$6:$Z$1005,"x"),"") -> 0 | BF25: =IF($BB25<>"",COUNTIFS($H$6:$H$1005,$BB25,$J$6:$J$1005,BF$23,$Z$6:$Z$1005,"x"),"") -> 0 | BG25: =IF($BB25<>"",COUNTIFS($H$6:$H$1005,$BB25,$J$6:$J$1005,BG$23,$Z$6:$Z$1005,"x"),"") -> 1 | BO25: =IF(COUNTIF($BO$6:BO24,BO24)+1>Calc!$CU$9,MAX($BO$6:BO24)+1,BO24) -> 5 | BP25: =IF(29-SUMIF(Pipeline!D29:AF29,"",$BP$5:$CR$5)>0,ROW(BO25),"") | CW25: =IF(Settings!F25="","",Settings!F25)
B26: =IF(AND(OR(Pipeline!$F$5=H26,Pipeline!$F$5="",Pipeline!$F$5="All"), OR(Pipeline!$F$6=J26,Pipeline!$F$6="",Pipeline!$F$6="All"), OR(Pipeline!$J$5<=K26,Pipeline!$J$5=""), OR(Pipeline!$J$6>=K26,Pipeline!$J$6=""), OR(Pipeline!$N$5<=O26,Pipeline!$N$5=""), OR(Pipeline!$N$6>=O26,Pipeline!$N$6="")),1,0) -> 1 | C26: =IF(B26<>1,"",COUNTIFS($I$6:I25,I26,$B$6:B25,1)+1) -> 14 | D26: =IF(LEN(INDEX(Input!B$6:B$1005,ROW($C26)-ROW($C$5),1))=0,"-",INDEX(Input!B$6:B$1005,ROW($C26)-ROW($C$5),1)) -> - | E26: =IF(LEN(INDEX(Input!C$6:C$1005,ROW($C26)-ROW($C$5),1))=0,"-",INDEX(Input!C$6:C$1005,ROW($C26)-ROW($C$5),1)) -> - | F26: =IF(LEN(INDEX(Input!D$6:D$1005,ROW($C26)-ROW($C$5),1))=0,"-",INDEX(Input!D$6:D$1005,ROW($C26)-ROW($C$5),1)) -> - | G26: =IF(LEN(INDEX(Input!E$6:E$1005,ROW($C26)-ROW($C$5),1))=0,"-",INDEX(Input!E$6:E$1005,ROW($C26)-ROW($C$5),1)) -> - | H26: =IF(LEN(INDEX(Input!F$6:F$1005,ROW($C26)-ROW($C$5),1))=0,"-",INDEX(Input!F$6:F$1005,ROW($C26)-ROW($C$5),1)) -> - | I26: =IF(LEN(INDEX(Input!G$6:G$1005,ROW($C26)-ROW($C$5),1))=0,"",INDEX(Input!G$6:G$1005,ROW($C26)-ROW($C$5),1)) | J26: =IF(LEN(INDEX(Input!B$6:B$1005,ROW($C26)-ROW($C$5),1))=0,"-",IF(INDEX(Input!H$6:H$1005,ROW($C26)-ROW($C$5),1)="","Not set",INDEX(Input!H$6:H$1005,ROW($C26)-ROW($C$5),1)) ) -> - | K26: =IF(LEN(INDEX(Input!I$6:I$1005,ROW($C26)-ROW($C$5),1))=0,"",INDEX(Input!I$6:I$1005,ROW($C26)-ROW($C$5),1)) | L26: {=IFERROR(IF($AY$24=123,DAY(K26)&connector&IF($AZ$24="Extended",INDEX($AT$24:$AT$35,MONTH(K26),1),MONTH(K26))&connector&IF($AZ$24="Short", RIGHT(YEAR(K26),2),YEAR(K26)),IF($AY$24=213, MONTH(K26)&connector&DAY(K26)&connector&IF($AZ$24="Short", RIGHT(YEAR(K26),2),YEAR(K26)),IF($AZ$24="Short", RIGHT(YEAR(K26),2),YEAR(K26))&connector&MONTH(K26)&connector&DAY(K26))),"-")} -> - | M26: =IF(LEN(INDEX(Input!J$6:J$1005,ROW($C26)-ROW($C$5),1))=0,"",INDEX(Input!J$6:J$1005,ROW($C26)-ROW($C$5),1)) | N26: {=IFERROR(IF($AY$24=123,DAY(M26)&connector&IF($AZ$24="Extended",INDEX($AT$24:$AT$35,MONTH(M26),1),MONTH(M26))&connector&IF($AZ$24="Short", RIGHT(YEAR(M26),2),YEAR(M26)),IF($AY$24=213, MONTH(M26)&connector&DAY(M26)&connector&IF($AZ$24="Short", RIGHT(YEAR(M26),2),YEAR(M26)),IF($AZ$24="Short", RIGHT(YEAR(M26),2),YEAR(M26))&connector&MONTH(M26)&connector&DAY(M26))),"-")} -> - | O26: =IF(LEN(INDEX(Input!K$6:K$1005,ROW($C26)-ROW($C$5),1))=0,"",INDEX(Input!K$6:K$1005,ROW($C26)-ROW($C$5),1)) | P26: =IF(O26="","-","Value: " &O26&"$") -> - | Q26: =IF(LEN(INDEX(Input!L$6:L$1005,ROW($C26)-ROW($C$5),1))=0,"",INDEX(Input!L$6:L$1005,ROW($C26)-ROW($C$5),1)) | R26: =IFERROR("Win Probability: "&Q26*100&"%","-") -> - | S26: =IF(LEN(INDEX(Input!M$6:M$1005,ROW($C26)-ROW($C$5),1))=0,"-",INDEX(Input!M$6:M$1005,ROW($C26)-ROW($C$5),1)) -> - | T26: =IFERROR(O26*Q26,"") | U26: =IF(T26="","-","Forecast: "&T26& " " &currency) -> - | V26: =IF(LEN(INDEX(Input!O$6:O$1005,ROW($C26)-ROW($C$5),1))=0,"",INDEX(Input!O$6:O$1005,ROW($C26)-ROW($C$5),1)) | W26: =IF(V26="","-","Earned: " &V26) -> - | X26: =IFERROR(IF(K26<>"",MONTH(K26),""),"") | Y26: =IFERROR(MONTH(IF(M26<>"",M26,K26)),"") | Z26: =IF(AND(OR(Dashboard!$D$7=J26,Dashboard!$D$7=""), OR(Dashboard!$G$6<=K26,Dashboard!$G$6=""), OR(Dashboard!$G$7>=K26,Dashboard!$G$7=""), OR(Dashboard!$J$6<=O26,Dashboard!$J$6=""), OR(Dashboard!$J$7>=O26,Dashboard!$J$7=""),D26<>""),"x","") -> x | AA26: =IF(AND(OR(Dashboard!$D$6=H26,Dashboard!$D$6="",Dashboard!$D$6="All"), Z26="x"),"x","") -> x | AB26: =IF(AND(OR(Dashboard!$D$6=H26,Dashboard!$D$6="",Dashboard!$D$6="All"), OR(Dashboard!$D$7=J26,Dashboard!$D$7=""), OR(Dashboard!$G$6<=K26,Dashboard!$G$6=""), OR(Dashboard!$G$7>=K26,Dashboard!$G$7=""), OR(Dashboard!$J$6<=O26,Dashboard!$J$6=""), OR(Dashboard!$J$7>=O26,Dashboard!$J$7=""),I26<>""),"x","") | AC26: =IF($AB26<>"x","",IF(AND($I26<>AC$4, IFERROR(MATCH("c",$AB26:AB26,0),0)=0),"x", IF(IFERROR(MATCH("c",$AB26:AB26,0),0)=0,"c",""))) | AD26: =IF($AB26<>"x","",IF(AND($I26<>AD$4, IFERROR(MATCH("c",$AB26:AC26,0),0)=0),"x", IF(IFERROR(MATCH("c",$AB26:AC26,0),0)=0,"c",""))) | AE26: =IF($AB26<>"x","",IF(AND($I26<>AE$4, IFERROR(MATCH("c",$AB26:AD26,0),0)=0),"x", IF(IFERROR(MATCH("c",$AB26:AD26,0),0)=0,"c",""))) | AF26: =IF($AB26<>"x","",IF(AND($I26<>AF$4, IFERROR(MATCH("c",$AB26:AE26,0),0)=0),"x", IF(IFERROR(MATCH("c",$AB26:AE26,0),0)=0,"c",""))) | AG26: =IF($AB26<>"x","",IF(AND($I26<>AG$4, IFERROR(MATCH("c",$AB26:AF26,0),0)=0),"x", IF(IFERROR(MATCH("c",$AB26:AF26,0),0)=0,"c",""))) | AH26: =IF($AB26<>"x","",IF(AND($I26<>AH$4, IFERROR(MATCH("c",$AB26:AG26,0),0)=0),"x", IF(IFERROR(MATCH("c",$AB26:AG26,0),0)=0,"c",""))) | AI26: =IF($AB26<>"x","",IF(AND($I26<>AI$4, IFERROR(MATCH("c",$AB26:AH26,0),0)=0),"x", IF(IFERROR(MATCH("c",$AB26:AH26,0),0)=0,"c",""))) | AJ26: =IF($AB26<>"x","",IF(AND($I26<>AJ$4, IFERROR(MATCH("c",$AB26:AI26,0),0)=0),"x", IF(IFERROR(MATCH("c",$AB26:AI26,0),0)=0,"c",""))) | ... AQ26: =IF($AB26<>"x","",IF(AND($I26<>AQ$4, IFERROR(MATCH("c",$AB26:AP26,0),0)=0),"x", IF(IFERROR(MATCH("c",$AB26:AP26,0),0)=0,"c",""))) | AT26: Mar | AW26: 1.31.2021 | AX26: . | AY26: 213 | AZ26: Basic | BB26: =IF(Settings!F8<>"",Settings!F8,"") -> Sales Mia | BC26: =IF($BB26<>"",COUNTIFS($H$6:$H$1005,$BB26,$J$6:$J$1005,BC$23,$Z$6:$Z$1005,"x"),"") -> 1 | BD26: =IF($BB26<>"",COUNTIFS($H$6:$H$1005,$BB26,$J$6:$J$1005,BD$23,$Z$6:$Z$1005,"x"),"") -> 0 | BE26: =IF($BB26<>"",COUNTIFS($H$6:$H$1005,$BB26,$J$6:$J$1005,BE$23,$Z$6:$Z$1005,"x"),"") -> 0 | BF26: =IF($BB26<>"",COUNTIFS($H$6:$H$1005,$BB26,$J$6:$J$1005,BF$23,$Z$6:$Z$1005,"x"),"") -> 0 | BG26: =IF($BB26<>"",COUNTIFS($H$6:$H$1005,$BB26,$J$6:$J$1005,BG$23,$Z$6:$Z$1005,"x"),"") -> 0 | BO26: =IF(COUNTIF($BO$6:BO25,BO25)+1>Calc!$CU$9,MAX($BO$6:BO25)+1,BO25) -> 6 | BP26: =IF(29-SUMIF(Pipeline!D30:AF30,"",$BP$5:$CR$5)>0,ROW(BO26),"") | CW26: =IF(Settings!F26="","",Settings!F26)
B27: =IF(AND(OR(Pipeline!$F$5=H27,Pipeline!$F$5="",Pipeline!$F$5="All"), OR(Pipeline!$F$6=J27,Pipeline!$F$6="",Pipeline!$F$6="All"), OR(Pipeline!$J$5<=K27,Pipeline!$J$5=""), OR(Pipeline!$J$6>=K27,Pipeline!$J$6=""), OR(Pipeline!$N$5<=O27,Pipeline!$N$5=""), OR(Pipeline!$N$6>=O27,Pipeline!$N$6="")),1,0) -> 1 | C27: =IF(B27<>1,"",COUNTIFS($I$6:I26,I27,$B$6:B26,1)+1) -> 15 | D27: =IF(LEN(INDEX(Input!B$6:B$1005,ROW($C27)-ROW($C$5),1))=0,"-",INDEX(Input!B$6:B$1005,ROW($C27)-ROW($C$5),1)) -> - | E27: =IF(LEN(INDEX(Input!C$6:C$1005,ROW($C27)-ROW($C$5),1))=0,"-",INDEX(Input!C$6:C$1005,ROW($C27)-ROW($C$5),1)) -> - | F27: =IF(LEN(INDEX(Input!D$6:D$1005,ROW($C27)-ROW($C$5),1))=0,"-",INDEX(Input!D$6:D$1005,ROW($C27)-ROW($C$5),1)) -> - | G27: =IF(LEN(INDEX(Input!E$6:E$1005,ROW($C27)-ROW($C$5),1))=0,"-",INDEX(Input!E$6:E$1005,ROW($C27)-ROW($C$5),1)) -> - | H27: =IF(LEN(INDEX(Input!F$6:F$1005,ROW($C27)-ROW($C$5),1))=0,"-",INDEX(Input!F$6:F$1005,ROW($C27)-ROW($C$5),1)) -> - | I27: =IF(LEN(INDEX(Input!G$6:G$1005,ROW($C27)-ROW($C$5),1))=0,"",INDEX(Input!G$6:G$1005,ROW($C27)-ROW($C$5),1)) | J27: =IF(LEN(INDEX(Input!B$6:B$1005,ROW($C27)-ROW($C$5),1))=0,"-",IF(INDEX(Input!H$6:H$1005,ROW($C27)-ROW($C$5),1)="","Not set",INDEX(Input!H$6:H$1005,ROW($C27)-ROW($C$5),1)) ) -> - | K27: =IF(LEN(INDEX(Input!I$6:I$1005,ROW($C27)-ROW($C$5),1))=0,"",INDEX(Input!I$6:I$1005,ROW($C27)-ROW($C$5),1)) | L27: {=IFERROR(IF($AY$24=123,DAY(K27)&connector&IF($AZ$24="Extended",INDEX($AT$24:$AT$35,MONTH(K27),1),MONTH(K27))&connector&IF($AZ$24="Short", RIGHT(YEAR(K27),2),YEAR(K27)),IF($AY$24=213, MONTH(K27)&connector&DAY(K27)&connector&IF($AZ$24="Short", RIGHT(YEAR(K27),2),YEAR(K27)),IF($AZ$24="Short", RIGHT(YEAR(K27),2),YEAR(K27))&connector&MONTH(K27)&connector&DAY(K27))),"-")} -> - | M27: =IF(LEN(INDEX(Input!J$6:J$1005,ROW($C27)-ROW($C$5),1))=0,"",INDEX(Input!J$6:J$1005,ROW($C27)-ROW($C$5),1)) | N27: {=IFERROR(IF($AY$24=123,DAY(M27)&connector&IF($AZ$24="Extended",INDEX($AT$24:$AT$35,MONTH(M27),1),MONTH(M27))&connector&IF($AZ$24="Short", RIGHT(YEAR(M27),2),YEAR(M27)),IF($AY$24=213, MONTH(M27)&connector&DAY(M27)&connector&IF($AZ$24="Short", RIGHT(YEAR(M27),2),YEAR(M27)),IF($AZ$24="Short", RIGHT(YEAR(M27),2),YEAR(M27))&connector&MONTH(M27)&connector&DAY(M27))),"-")} -> - | O27: =IF(LEN(INDEX(Input!K$6:K$1005,ROW($C27)-ROW($C$5),1))=0,"",INDEX(Input!K$6:K$1005,ROW($C27)-ROW($C$5),1)) | P27: =IF(O27="","-","Value: " &O27&"$") -> - | Q27: =IF(LEN(INDEX(Input!L$6:L$1005,ROW($C27)-ROW($C$5),1))=0,"",INDEX(Input!L$6:L$1005,ROW($C27)-ROW($C$5),1)) | R27: =IFERROR("Win Probability: "&Q27*100&"%","-") -> - | S27: =IF(LEN(INDEX(Input!M$6:M$1005,ROW($C27)-ROW($C$5),1))=0,"-",INDEX(Input!M$6:M$1005,ROW($C27)-ROW($C$5),1)) -> - | T27: =IFERROR(O27*Q27,"") | U27: =IF(T27="","-","Forecast: "&T27& " " &currency) -> - | V27: =IF(LEN(INDEX(Input!O$6:O$1005,ROW($C27)-ROW($C$5),1))=0,"",INDEX(Input!O$6:O$1005,ROW($C27)-ROW($C$5),1)) | W27: =IF(V27="","-","Earned: " &V27) -> - | X27: =IFERROR(IF(K27<>"",MONTH(K27),""),"") | Y27: =IFERROR(MONTH(IF(M27<>"",M27,K27)),"") | Z27: =IF(AND(OR(Dashboard!$D$7=J27,Dashboard!$D$7=""), OR(Dashboard!$G$6<=K27,Dashboard!$G$6=""), OR(Dashboard!$G$7>=K27,Dashboard!$G$7=""), OR(Dashboard!$J$6<=O27,Dashboard!$J$6=""), OR(Dashboard!$J$7>=O27,Dashboard!$J$7=""),D27<>""),"x","") -> x | AA27: =IF(AND(OR(Dashboard!$D$6=H27,Dashboard!$D$6="",Dashboard!$D$6="All"), Z27="x"),"x","") -> x | AB27: =IF(AND(OR(Dashboard!$D$6=H27,Dashboard!$D$6="",Dashboard!$D$6="All"), OR(Dashboard!$D$7=J27,Dashboard!$D$7=""), OR(Dashboard!$G$6<=K27,Dashboard!$G$6=""), OR(Dashboard!$G$7>=K27,Dashboard!$G$7=""), OR(Dashboard!$J$6<=O27,Dashboard!$J$6=""), OR(Dashboard!$J$7>=O27,Dashboard!$J$7=""),I27<>""),"x","") | AC27: =IF($AB27<>"x","",IF(AND($I27<>AC$4, IFERROR(MATCH("c",$AB27:AB27,0),0)=0),"x", IF(IFERROR(MATCH("c",$AB27:AB27,0),0)=0,"c",""))) | AD27: =IF($AB27<>"x","",IF(AND($I27<>AD$4, IFERROR(MATCH("c",$AB27:AC27,0),0)=0),"x", IF(IFERROR(MATCH("c",$AB27:AC27,0),0)=0,"c",""))) | AE27: =IF($AB27<>"x","",IF(AND($I27<>AE$4, IFERROR(MATCH("c",$AB27:AD27,0),0)=0),"x", IF(IFERROR(MATCH("c",$AB27:AD27,0),0)=0,"c",""))) | AF27: =IF($AB27<>"x","",IF(AND($I27<>AF$4, IFERROR(MATCH("c",$AB27:AE27,0),0)=0),"x", IF(IFERROR(MATCH("c",$AB27:AE27,0),0)=0,"c",""))) | AG27: =IF($AB27<>"x","",IF(AND($I27<>AG$4, IFERROR(MATCH("c",$AB27:AF27,0),0)=0),"x", IF(IFERROR(MATCH("c",$AB27:AF27,0),0)=0,"c",""))) | AH27: =IF($AB27<>"x","",IF(AND($I27<>AH$4, IFERROR(MATCH("c",$AB27:AG27,0),0)=0),"x", IF(IFERROR(MATCH("c",$AB27:AG27,0),0)=0,"c",""))) | AI27: =IF($AB27<>"x","",IF(AND($I27<>AI$4, IFERROR(MATCH("c",$AB27:AH27,0),0)=0),"x", IF(IFERROR(MATCH("c",$AB27:AH27,0),0)=0,"c",""))) | AJ27: =IF($AB27<>"x","",IF(AND($I27<>AJ$4, IFERROR(MATCH("c",$AB27:AI27,0),0)=0),"x", IF(IFERROR(MATCH("c",$AB27:AI27,0),0)=0,"c",""))) | ... AQ27: =IF($AB27<>"x","",IF(AND($I27<>AQ$4, IFERROR(MATCH("c",$AB27:AP27,0),0)=0),"x", IF(IFERROR(MATCH("c",$AB27:AP27,0),0)=0,"c",""))) | AT27: Apr | AW27: 1/31/2021 | AX27: / | AY27: 213 | AZ27: Basic | BB27: =IF(Settings!F9<>"",Settings!F9,"") -> Sales Carl | BC27: =IF($BB27<>"",COUNTIFS($H$6:$H$1005,$BB27,$J$6:$J$1005,BC$23,$Z$6:$Z$1005,"x"),"") -> 1 | BD27: =IF($BB27<>"",COUNTIFS($H$6:$H$1005,$BB27,$J$6:$J$1005,BD$23,$Z$6:$Z$1005,"x"),"") -> 0 | BE27: =IF($BB27<>"",COUNTIFS($H$6:$H$1005,$BB27,$J$6:$J$1005,BE$23,$Z$6:$Z$1005,"x"),"") -> 0 | BF27: =IF($BB27<>"",COUNTIFS($H$6:$H$1005,$BB27,$J$6:$J$1005,BF$23,$Z$6:$Z$1005,"x"),"") -> 0 | BG27: =IF($BB27<>"",COUNTIFS($H$6:$H$1005,$BB27,$J$6:$J$1005,BG$23,$Z$6:$Z$1005,"x"),"") -> 0 | BO27: =IF(COUNTIF($BO$6:BO26,BO26)+1>Calc!$CU$9,MAX($BO$6:BO26)+1,BO26) -> 6 | BP27: =IF(29-SUMIF(Pipeline!D31:AF31,"",$BP$5:$CR$5)>0,ROW(BO27),"") | CW27: =IF(Settings!F27="","",Settings!F27)
B28: =IF(AND(OR(Pipeline!$F$5=H28,Pipeline!$F$5="",Pipeline!$F$5="All"), OR(Pipeline!$F$6=J28,Pipeline!$F$6="",Pipeline!$F$6="All"), OR(Pipeline!$J$5<=K28,Pipeline!$J$5=""), OR(Pipeline!$J$6>=K28,Pipeline!$J$6=""), OR(Pipeline!$N$5<=O28,Pipeline!$N$5=""), OR(Pipeline!$N$6>=O28,Pipeline!$N$6="")),1,0) -> 1 | C28: =IF(B28<>1,"",COUNTIFS($I$6:I27,I28,$B$6:B27,1)+1) -> 16 | D28: =IF(LEN(INDEX(Input!B$6:B$1005,ROW($C28)-ROW($C$5),1))=0,"-",INDEX(Input!B$6:B$1005,ROW($C28)-ROW($C$5),1)) -> - | E28: =IF(LEN(INDEX(Input!C$6:C$1005,ROW($C28)-ROW($C$5),1))=0,"-",INDEX(Input!C$6:C$1005,ROW($C28)-ROW($C$5),1)) -> - | F28: =IF(LEN(INDEX(Input!D$6:D$1005,ROW($C28)-ROW($C$5),1))=0,"-",INDEX(Input!D$6:D$1005,ROW($C28)-ROW($C$5),1)) -> - | G28: =IF(LEN(INDEX(Input!E$6:E$1005,ROW($C28)-ROW($C$5),1))=0,"-",INDEX(Input!E$6:E$1005,ROW($C28)-ROW($C$5),1)) -> - | H28: =IF(LEN(INDEX(Input!F$6:F$1005,ROW($C28)-ROW($C$5),1))=0,"-",INDEX(Input!F$6:F$1005,ROW($C28)-ROW($C$5),1)) -> - | I28: =IF(LEN(INDEX(Input!G$6:G$1005,ROW($C28)-ROW($C$5),1))=0,"",INDEX(Input!G$6:G$1005,ROW($C28)-ROW($C$5),1)) | J28: =IF(LEN(INDEX(Input!B$6:B$1005,ROW($C28)-ROW($C$5),1))=0,"-",IF(INDEX(Input!H$6:H$1005,ROW($C28)-ROW($C$5),1)="","Not set",INDEX(Input!H$6:H$1005,ROW($C28)-ROW($C$5),1)) ) -> - | K28: =IF(LEN(INDEX(Input!I$6:I$1005,ROW($C28)-ROW($C$5),1))=0,"",INDEX(Input!I$6:I$1005,ROW($C28)-ROW($C$5),1)) | L28: {=IFERROR(IF($AY$24=123,DAY(K28)&connector&IF($AZ$24="Extended",INDEX($AT$24:$AT$35,MONTH(K28),1),MONTH(K28))&connector&IF($AZ$24="Short", RIGHT(YEAR(K28),2),YEAR(K28)),IF($AY$24=213, MONTH(K28)&connector&DAY(K28)&connector&IF($AZ$24="Short", RIGHT(YEAR(K28),2),YEAR(K28)),IF($AZ$24="Short", RIGHT(YEAR(K28),2),YEAR(K28))&connector&MONTH(K28)&connector&DAY(K28))),"-")} -> - | M28: =IF(LEN(INDEX(Input!J$6:J$1005,ROW($C28)-ROW($C$5),1))=0,"",INDEX(Input!J$6:J$1005,ROW($C28)-ROW($C$5),1)) | N28: {=IFERROR(IF($AY$24=123,DAY(M28)&connector&IF($AZ$24="Extended",INDEX($AT$24:$AT$35,MONTH(M28),1),MONTH(M28))&connector&IF($AZ$24="Short", RIGHT(YEAR(M28),2),YEAR(M28)),IF($AY$24=213, MONTH(M28)&connector&DAY(M28)&connector&IF($AZ$24="Short", RIGHT(YEAR(M28),2),YEAR(M28)),IF($AZ$24="Short", RIGHT(YEAR(M28),2),YEAR(M28))&connector&MONTH(M28)&connector&DAY(M28))),"-")} -> - | O28: =IF(LEN(INDEX(Input!K$6:K$1005,ROW($C28)-ROW($C$5),1))=0,"",INDEX(Input!K$6:K$1005,ROW($C28)-ROW($C$5),1)) | P28: =IF(O28="","-","Value: " &O28&"$") -> - | Q28: =IF(LEN(INDEX(Input!L$6:L$1005,ROW($C28)-ROW($C$5),1))=0,"",INDEX(Input!L$6:L$1005,ROW($C28)-ROW($C$5),1)) | R28: =IFERROR("Win Probability: "&Q28*100&"%","-") -> - | S28: =IF(LEN(INDEX(Input!M$6:M$1005,ROW($C28)-ROW($C$5),1))=0,"-",INDEX(Input!M$6:M$1005,ROW($C28)-ROW($C$5),1)) -> - | T28: =IFERROR(O28*Q28,"") | U28: =IF(T28="","-","Forecast: "&T28& " " &currency) -> - | V28: =IF(LEN(INDEX(Input!O$6:O$1005,ROW($C28)-ROW($C$5),1))=0,"",INDEX(Input!O$6:O$1005,ROW($C28)-ROW($C$5),1)) | W28: =IF(V28="","-","Earned: " &V28) -> - | X28: =IFERROR(IF(K28<>"",MONTH(K28),""),"") | Y28: =IFERROR(MONTH(IF(M28<>"",M28,K28)),"") | Z28: =IF(AND(OR(Dashboard!$D$7=J28,Dashboard!$D$7=""), OR(Dashboard!$G$6<=K28,Dashboard!$G$6=""), OR(Dashboard!$G$7>=K28,Dashboard!$G$7=""), OR(Dashboard!$J$6<=O28,Dashboard!$J$6=""), OR(Dashboard!$J$7>=O28,Dashboard!$J$7=""),D28<>""),"x","") -> x | AA28: =IF(AND(OR(Dashboard!$D$6=H28,Dashboard!$D$6="",Dashboard!$D$6="All"), Z28="x"),"x","") -> x | AB28: =IF(AND(OR(Dashboard!$D$6=H28,Dashboard!$D$6="",Dashboard!$D$6="All"), OR(Dashboard!$D$7=J28,Dashboard!$D$7=""), OR(Dashboard!$G$6<=K28,Dashboard!$G$6=""), OR(Dashboard!$G$7>=K28,Dashboard!$G$7=""), OR(Dashboard!$J$6<=O28,Dashboard!$J$6=""), OR(Dashboard!$J$7>=O28,Dashboard!$J$7=""),I28<>""),"x","") | AC28: =IF($AB28<>"x","",IF(AND($I28<>AC$4, IFERROR(MATCH("c",$AB28:AB28,0),0)=0),"x", IF(IFERROR(MATCH("c",$AB28:AB28,0),0)=0,"c",""))) | AD28: =IF($AB28<>"x","",IF(AND($I28<>AD$4, IFERROR(MATCH("c",$AB28:AC28,0),0)=0),"x", IF(IFERROR(MATCH("c",$AB28:AC28,0),0)=0,"c",""))) | AE28: =IF($AB28<>"x","",IF(AND($I28<>AE$4, IFERROR(MATCH("c",$AB28:AD28,0),0)=0),"x", IF(IFERROR(MATCH("c",$AB28:AD28,0),0)=0,"c",""))) | AF28: =IF($AB28<>"x","",IF(AND($I28<>AF$4, IFERROR(MATCH("c",$AB28:AE28,0),0)=0),"x", IF(IFERROR(MATCH("c",$AB28:AE28,0),0)=0,"c",""))) | AG28: =IF($AB28<>"x","",IF(AND($I28<>AG$4, IFERROR(MATCH("c",$AB28:AF28,0),0)=0),"x", IF(IFERROR(MATCH("c",$AB28:AF28,0),0)=0,"c",""))) | AH28: =IF($AB28<>"x","",IF(AND($I28<>AH$4, IFERROR(MATCH("c",$AB28:AG28,0),0)=0),"x", IF(IFERROR(MATCH("c",$AB28:AG28,0),0)=0,"c",""))) | AI28: =IF($AB28<>"x","",IF(AND($I28<>AI$4, IFERROR(MATCH("c",$AB28:AH28,0),0)=0),"x", IF(IFERROR(MATCH("c",$AB28:AH28,0),0)=0,"c",""))) | AJ28: =IF($AB28<>"x","",IF(AND($I28<>AJ$4, IFERROR(MATCH("c",$AB28:AI28,0),0)=0),"x", IF(IFERROR(MATCH("c",$AB28:AI28,0),0)=0,"c",""))) | ... AQ28: =IF($AB28<>"x","",IF(AND($I28<>AQ$4, IFERROR(MATCH("c",$AB28:AP28,0),0)=0),"x", IF(IFERROR(MATCH("c",$AB28:AP28,0),0)=0,"c",""))) | AT28: May | AW28: 2021-1-31 | AX28: - | AY28: 321 | AZ28: Basic | BB28: =IF(Settings!F10<>"",Settings!F10,"") -> Sales Paul | BC28: =IF($BB28<>"",COUNTIFS($H$6:$H$1005,$BB28,$J$6:$J$1005,BC$23,$Z$6:$Z$1005,"x"),"") -> 0 | BD28: =IF($BB28<>"",COUNTIFS($H$6:$H$1005,$BB28,$J$6:$J$1005,BD$23,$Z$6:$Z$1005,"x"),"") -> 1 | BE28: =IF($BB28<>"",COUNTIFS($H$6:$H$1005,$BB28,$J$6:$J$1005,BE$23,$Z$6:$Z$1005,"x"),"") -> 0 | BF28: =IF($BB28<>"",COUNTIFS($H$6:$H$1005,$BB28,$J$6:$J$1005,BF$23,$Z$6:$Z$1005,"x"),"") -> 0 | BG28: =IF($BB28<>"",COUNTIFS($H$6:$H$1005,$BB28,$J$6:$J$1005,BG$23,$Z$6:$Z$1005,"x"),"") -> 0 | BO28: =IF(COUNTIF($BO$6:BO27,BO27)+1>Calc!$CU$9,MAX($BO$6:BO27)+1,BO27) -> 6 | BP28: =IF(29-SUMIF(Pipeline!D32:AF32,"",$BP$5:$CR$5)>0,ROW(BO28),"") | CW28: =IF(Settings!F28="","",Settings!F28)
